Workbook

Sheet PREMISSAS
A1: Premissas do Orçamento
A2: Para a execução da base e da sub base brita graduada foi necessário considerar transporte da brita. Para isso, utilizamos três pedreiras e seus respectivos DMT's até o local da obra. Em seguida, foi utilizada a mediana para o cálculo do DMT. Mineração Guaribas - rodovia MG 040, km 57 - Guaribas, Brumadinho/MG - distância até a obra: 8,3 km Mineração Santiago - rua da Pedreira, 850 - Luar da Pampulha, Ribeirão das Neves/MG - distância até a obra: 57,5 km Brasmic Mineração - Fazenda do Quebra, S/N, Zona Rural, Betim/MG - distância até a obra: 27,5 km Mediana: 27,5 km
A3: Para execução da pintura de ligação e da imprimação o serviço não contempla o transporte do material betuminoso. A emulsão asfáltica para imprimação e a emulsão RR-2C devem ser adquiridas em uma distribuidora. A DISBRAL, em Sarzedo, é a mais próxima do local da obra. A distância até a obra é de 21,5 km
A4: O serviço de execução do pavimento em CBUQ não contempla o transporte do material betuminoso da usina até a obra. Para isso, utilizamos três usinas e seus respectivos DMT's até o local da obra. Em seguida, foi utilizada a mediana para o cálculo do DMT. EMIPAVI - rodovia MG 424, km 6 - Vespasiano/MG - distância até a obra: 78 km Tamasa Engenharia - rodovia MG 040, km 518, Fazenda da Colina - Ribeirão das Neves/MG - distância até a obra: 52,7 km EMPROL - rodovia MG 040, km 95 - Contagem/MG - distância até a obra: 48,5 km Mediana: 48,5 km
A5: O serviço de transporte (95875) em m³xkm contempla os seguintes transportes: - transporte dos materiais para a brita graduada; - transporte dos solos para sub base e reforço do subleito.
A6: O serviço de transporte (95878 e 93596) em txkm contempla os seguintes transportes: - transporte dos materiais para a brita graduada com DMT de 27,5 km; - transporte do CBUQ (massa pronta) da usina para a obra com DMT até 30 km; - transporte do CBUQ (massa pronta) da usina para a obra com DMT acima de 30 km. Para o transporte do CBUQ foi utilizada densidade de 2,4 para o material. E para os materiais granulares a densidade utilizada foi de 1,5.
A7: DMT do bota fora estipulado - 15 km DMT do material de empréstimo estipulado - 15 km

Sheet PLANILHA
A1: PLANILHA ORÇAMENTÁRIA | I1: DATA: 15/03/2024
A2: CLIENTE: | C2: PREFEITURA MUNICIPAL DE BRUMADINHO | G2: (X) ONERADO ( ) DESONERADO | I2: BASES ORÇAMENTÁRIAS:
A3: OBRA: | C3: TREVO DE ENTRADA DA CIDADE | G3: BDI: | H3: =BDI!I32 -> 0.2338 | I3: AGOSTO/2023 - SETOP (CENTRAL); DEZEMBRO/2023 - SINAPI; OUTUBRO/2023 - SICRO.
A4: ENDEREÇO: | C4: RODOVIA MG-040 COM ESTRADA PARA ALBERTO FLORES - CEP: 35460-000 | G4: PRAZO OBRA: | H4: 7 MESES
A5: ITEM | B5: BASE DE REFERÊNCIA | C5: CÓDIGO | D5: DESCRIÇÃO | E5: UND | F5: QUANT. | G5: PREÇO UNITÁRIO | H5: TOTAL S/ BDI | I5: UNITÁRIO C/ BDI | J5: TOTAL C/ BDI
A6: 1 | D6: ADMINISTRATIVO | J6: =J7 -> 257099.61 | K6: =J6/J129 -> 0.061682538
A7: 1.1 | B7: =IF(IFERROR(VLOOKUP(C7,SINAPI!$A:$D,1,FALSE),"")=C7,"SINAPI",IF(IFERROR(VLOOKUP(C7,SETOP!$A:$E,1,FALSE),"")=C7,"SETOP",IF(IFERROR(VLOOKUP(C7,SUDECAP!$A:$D,1,FALSE),"")=C7,"SUDECAP",IF(IFERROR(VLOOKUP(C7,SICRO!$A:$D,1,FALSE),"")=C7,"SICRO","COMPOSIÇÃO")))) -> COMPOSIÇÃO | C7: CPU-001 | D7: =IFERROR(IFERROR(VLOOKUP(C7,SINAPI!$A:$D,2,FALSE),IFERROR(VLOOKUP(C7,SETOP!$A:$E,3,FALSE),IFERROR(VLOOKUP(C7,SETOP!$B:$E,2,FALSE),IFERROR(VLOOKUP(C7,SUDECAP!$A:$D,2,FALSE),IFERROR(VLOOKUP(C7,SICRO!$A:$D,2,FALSE),VLOOKUP(C7,CPUS!$B:$H,3,FALSE)))))),"") -> ADMINISTRAÇÃO LOCAL | E7: =IFERROR(IFERROR(VLOOKUP(C7,SINAPI!$A:$D,3,FALSE),IFERROR(VLOOKUP(C7,SETOP!$A:$E,4,FALSE),IFERROR(VLOOKUP(C7,SETOP!$B:$E,3,FALSE),IFERROR(VLOOKUP(C7,SUDECAP!$A:$D,3,FALSE),IFERROR(VLOOKUP(C7,SICRO!$A:$D,3,FALSE),VLOOKUP(C7,CPUS!$B:$H,4,FALSE)))))),"") -> UND | F7: 1 | G7: =IFERROR(IFERROR(VLOOKUP(C7,SINAPI!$A:$D,4,FALSE),IFERROR(VLOOKUP(C7,SETOP!$A:$E,5,FALSE),IFERROR(VLOOKUP(C7,SETOP!$B:$E,4,FALSE),IFERROR(VLOOKUP(C7,SUDECAP!$A:$D,4,FALSE),IFERROR(VLOOKUP(C7,SICRO!$A:$D,4,FALSE),VLOOKUP(C7,CPUS!$B:$H,7,FALSE)))))),0) -> 208380.3 | H7: =TRUNC(F7*G7,2) -> 208380.3 | I7: =TRUNC(G7*(1+$H$3),2) -> 257099.61 | J7: =TRUNC(I7*F7,2) -> 257099.61
A8: 2 | D8: IMPLANTAÇÃO | J8: =SUM(J9:J17) -> 36272.2
A9: 2.1 | B9: =IF(IFERROR(VLOOKUP(C9,SINAPI!$A:$D,1,FALSE),"")=C9,"SINAPI",IF(IFERROR(VLOOKUP(C9,SETOP!$A:$E,1,FALSE),"")=C9,"SETOP",IF(IFERROR(VLOOKUP(C9,SUDECAP!$A:$D,1,FALSE),"")=C9,"SUDECAP",IF(IFERROR(VLOOKUP(C9,SICRO!$A:$D,1,FALSE),"")=C9,"SICRO","COMPOSIÇÃO")))) -> SETOP | C9: ED-50137 | D9: =IFERROR(IFERROR(VLOOKUP(C9,SINAPI!$A:$D,2,FALSE),IFERROR(VLOOKUP(C9,SETOP!$A:$E,3,FALSE),IFERROR(VLOOKUP(C9,SETOP!$B:$E,2,FALSE),IFERROR(VLOOKUP(C9,SUDECAP!$A:$D,2,FALSE),IFERROR(VLOOKUP(C9,SICRO!$A:$D,2,FALSE),VLOOKUP(C9,CPUS!$B:$H,3,FALSE)))))),"") -> MOBILIZAÇÃO E DESMOBILIZAÇÃO DE CONTAINER, INCLUSIVE CARGA, DESCARGA E TRANSPORTE EM CAMINHÃO CARROCERIA COM GUINDAUTO (MUNCK), EXCLUSIVE LOCAÇÃO DO CONTAINER | E9: =IFERROR(IFERROR(VLOOKUP(C9,SINAPI!$A:$D,3,FALSE),IFERROR(VLOOKUP(C9,SETOP!$A:$E,4,FALSE),IFERROR(VLOOKUP(C9,SETOP!$B:$E,3,FALSE),IFERROR(VLOOKUP(C9,SUDECAP!$A:$D,3,FALSE),IFERROR(VLOOKUP(C9,SICRO!$A:$D,3,FALSE),VLOOKUP(C9,CPUS!$B:$H,4,FALSE)))))),"") -> UN | F9: 3 | G9: =IFERROR(IFERROR(VLOOKUP(C9,SINAPI!$A:$D,4,FALSE),IFERROR(VLOOKUP(C9,SETOP!$A:$E,5,FALSE),IFERROR(VLOOKUP(C9,SETOP!$B:$E,4,FALSE),IFERROR(VLOOKUP(C9,SUDECAP!$A:$D,4,FALSE),IFERROR(VLOOKUP(C9,SICRO!$A:$D,4,FALSE),VLOOKUP(C9,CPUS!$B:$H,7,FALSE)))))),0) -> 1568.04 | H9: =TRUNC(F9*G9,2) -> 4704.12 | I9: =TRUNC(G9*(1+$H$3),2) -> 1934.64 | J9: =TRUNC(I9*F9,2) -> 5803.92
A10: 2.2 | B10: =IF(IFERROR(VLOOKUP(C10,SINAPI!$A:$D,1,FALSE),"")=C10,"SINAPI",IF(IFERROR(VLOOKUP(C10,SETOP!$A:$E,1,FALSE),"")=C10,"SETOP",IF(IFERROR(VLOOKUP(C10,SUDECAP!$A:$D,1,FALSE),"")=C10,"SUDECAP",IF(IFERROR(VLOOKUP(C10,SICRO!$A:$D,1,FALSE),"")=C10,"SICRO","COMPOSIÇÃO")))) -> SETOP | C10: ED-16349 | D10: =IFERROR(IFERROR(VLOOKUP(C10,SINAPI!$A:$D,2,FALSE),IFERROR(VLOOKUP(C10,SETOP!$A:$E,3,FALSE),IFERROR(VLOOKUP(C10,SETOP!$B:$E,2,FALSE),IFERROR(VLOOKUP(C10,SUDECAP!$A:$D,2,FALSE),IFERROR(VLOOKUP(C10,SICRO!$A:$D,2,FALSE),VLOOKUP(C10,CPUS!$B:$H,3,FALSE)))))),"") -> LOCAÇÃO DE CONTAINER COM ISOLAMENTO TÉRMICO, TIPO 2, PARA ESCRITÓRIO DE OBRA COM SANITÁRIO CONTENDO UM (1) VASO SANITÁRIO E UM (1) LAVATÓRIO, COM MEDIDAS REFERENCIAIS DE (6) METROS COMPRIMENTO, (2,3) METROS LARGURA E (2,5) METROS ALTURA ÚTIL INTERNA, INCLUSIVE AR CONDICIONADO E LIGAÇÕES ELÉTRICAS E HIDROSSANITÁRIAS INTERNAS, EXCLUSIVE MOBILIZAÇÃO/DESMOBILIZAÇÃO E LIGAÇÕES PROVISÓRIAS EXTERNAS | E10: =IFERROR(IFERROR(VLOOKUP(C10,SINAPI!$A:$D,3,FALSE),IFERROR(VLOOKUP(C10,SETOP!$A:$E,4,FALSE),IFERROR(VLOOKUP(C10,SETOP!$B:$E,3,FALSE),IFERROR(VLOOKUP(C10,SUDECAP!$A:$D,3,FALSE),IFERROR(VLOOKUP(C10,SICRO!$A:$D,3,FALSE),VLOOKUP(C10,CPUS!$B:$H,4,FALSE)))))),"") -> MÊS | F10: 7 | G10: =IFERROR(IFERROR(VLOOKUP(C10,SINAPI!$A:$D,4,FALSE),IFERROR(VLOOKUP(C10,SETOP!$A:$E,5,FALSE),IFERROR(VLOOKUP(C10,SETOP!$B:$E,4,FALSE),IFERROR(VLOOKUP(C10,SUDECAP!$A:$D,4,FALSE),IFERROR(VLOOKUP(C10,SICRO!$A:$D,4,FALSE),VLOOKUP(C10,CPUS!$B:$H,7,FALSE)))))),0) -> 1121.54 | H10: =TRUNC(F10*G10,2) -> 7850.78 | I10: =TRUNC(G10*(1+$H$3),2) -> 1383.75 | J10: =TRUNC(I10*F10,2) -> 9686.25
A11: 2.3 | B11: =IF(IFERROR(VLOOKUP(C11,SINAPI!$A:$D,1,FALSE),"")=C11,"SINAPI",IF(IFERROR(VLOOKUP(C11,SETOP!$A:$E,1,FALSE),"")=C11,"SETOP",IF(IFERROR(VLOOKUP(C11,SUDECAP!$A:$D,1,FALSE),"")=C11,"SUDECAP",IF(IFERROR(VLOOKUP(C11,SICRO!$A:$D,1,FALSE),"")=C11,"SICRO","COMPOSIÇÃO")))) -> SETOP | C11: ED-16351 | D11: =IFERROR(IFERROR(VLOOKUP(C11,SINAPI!$A:$D,2,FALSE),IFERROR(VLOOKUP(C11,SETOP!$A:$E,3,FALSE),IFERROR(VLOOKUP(C11,SETOP!$B:$E,2,FALSE),IFERROR(VLOOKUP(C11,SUDECAP!$A:$D,2,FALSE),IFERROR(VLOOKUP(C11,SICRO!$A:$D,2,FALSE),VLOOKUP(C11,CPUS!$B:$H,3,FALSE)))))),"") -> LOCAÇÃO DE CONTAINER COM ISOLAMENTO TÉRMICO, TIPO 4, PARA REFEITÓRIO DE OBRA, COM MEDIDAS REFERENCIAIS DE (6) METROS COMPRIMENTO, (2,3) METROS LARGURA E (2,5) METROS ALTURA ÚTIL INTERNA, INCLUSIVE LIGAÇÕES ELÉTRICAS INTERNAS, EXCLUSIVE MOBILIZAÇÃO/DESMOBILIZAÇÃO E LIGAÇÕES PROVISÓRIAS EXTERNAS | E11: =IFERROR(IFERROR(VLOOKUP(C11,SINAPI!$A:$D,3,FALSE),IFERROR(VLOOKUP(C11,SETOP!$A:$E,4,FALSE),IFERROR(VLOOKUP(C11,SETOP!$B:$E,3,FALSE),IFERROR(VLOOKUP(C11,SUDECAP!$A:$D,3,FALSE),IFERROR(VLOOKUP(C11,SICRO!$A:$D,3,FALSE),VLOOKUP(C11,CPUS!$B:$H,4,FALSE)))))),"") -> MÊS | F11: 7 | G11: =IFERROR(IFERROR(VLOOKUP(C11,SINAPI!$A:$D,4,FALSE),IFERROR(VLOOKUP(C11,SETOP!$A:$E,5,FALSE),IFERROR(VLOOKUP(C11,SETOP!$B:$E,4,FALSE),IFERROR(VLOOKUP(C11,SUDECAP!$A:$D,4,FALSE),IFERROR(VLOOKUP(C11,SICRO!$A:$D,4,FALSE),VLOOKUP(C11,CPUS!$B:$H,7,FALSE)))))),0) -> 721.41 | H11: =TRUNC(F11*G11,2) -> 5049.87 | I11: =TRUNC(G11*(1+$H$3),2) -> 890.07 | J11: =TRUNC(I11*F11,2) -> 6230.49
A12: 2.4 | B12: =IF(IFERROR(VLOOKUP(C12,SINAPI!$A:$D,1,FALSE),"")=C12,"SINAPI",IF(IFERROR(VLOOKUP(C12,SETOP!$A:$E,1,FALSE),"")=C12,"SETOP",IF(IFERROR(VLOOKUP(C12,SUDECAP!$A:$D,1,FALSE),"")=C12,"SUDECAP",IF(IFERROR(VLOOKUP(C12,SICRO!$A:$D,1,FALSE),"")=C12,"SICRO","COMPOSIÇÃO")))) -> SETOP | C12: ED-16354 | D12: =IFERROR(IFERROR(VLOOKUP(C12,SINAPI!$A:$D,2,FALSE),IFERROR(VLOOKUP(C12,SETOP!$A:$E,3,FALSE),IFERROR(VLOOKUP(C12,SETOP!$B:$E,2,FALSE),IFERROR(VLOOKUP(C12,SUDECAP!$A:$D,2,FALSE),IFERROR(VLOOKUP(C12,SICRO!$A:$D,2,FALSE),VLOOKUP(C12,CPUS!$B:$H,3,FALSE)))))),"") -> LOCAÇÃO DE CONTAINER COM ISOLAMENTO TÉRMICO, TIPO 7, PARA VESTIÁRIO DE OBRA COM QUATRO (4) CHUVEIROS, TRÊS (3) VASOS SANITÁRIOS, UM (1) MICTÓRIO E UM (1) LAVATÓRIO, COM MEDIDAS REFERENCIAIS DE (6) METROS COMPRIMENTO, (2,3) METROS LARGURA E (2,5) METROS ALTURA ÚTIL INTERNA, INCLUSIVE LIGAÇÕES ELÉTRICAS E HIDROSSANITÁRIAS INTERNAS, EXCLUSIVE MOBILIZAÇÃO/DESMOBILIZAÇÃO E LIGAÇÕES PROVISÓRIAS EXTERNAS | E12: =IFERROR(IFERROR(VLOOKUP(C12,SINAPI!$A:$D,3,FALSE),IFERROR(VLOOKUP(C12,SETOP!$A:$E,4,FALSE),IFERROR(VLOOKUP(C12,SETOP!$B:$E,3,FALSE),IFERROR(VLOOKUP(C12,SUDECAP!$A:$D,3,FALSE),IFERROR(VLOOKUP(C12,SICRO!$A:$D,3,FALSE),VLOOKUP(C12,CPUS!$B:$H,4,FALSE)))))),"") -> MÊS | F12: 7 | G12: =IFERROR(IFERROR(VLOOKUP(C12,SINAPI!$A:$D,4,FALSE),IFERROR(VLOOKUP(C12,SETOP!$A:$E,5,FALSE),IFERROR(VLOOKUP(C12,SETOP!$B:$E,4,FALSE),IFERROR(VLOOKUP(C12,SUDECAP!$A:$D,4,FALSE),IFERROR(VLOOKUP(C12,SICRO!$A:$D,4,FALSE),VLOOKUP(C12,CPUS!$B:$H,7,FALSE)))))),0) -> 951.21 | H12: =TRUNC(F12*G12,2) -> 6658.47 | I12: =TRUNC(G12*(1+$H$3),2) -> 1173.6 | J12: =TRUNC(I12*F12,2) -> 8215.2
A13: 2.5 | B13: =IF(IFERROR(VLOOKUP(C13,SINAPI!$A:$D,1,FALSE),"")=C13,"SINAPI",IF(IFERROR(VLOOKUP(C13,SETOP!$A:$E,1,FALSE),"")=C13,"SETOP",IF(IFERROR(VLOOKUP(C13,SUDECAP!$A:$D,1,FALSE),"")=C13,"SUDECAP",IF(IFERROR(VLOOKUP(C13,SICRO!$A:$D,1,FALSE),"")=C13,"SICRO","COMPOSIÇÃO")))) -> SETOP | C13: ED-16357 | D13: =IFERROR(IFERROR(VLOOKUP(C13,SINAPI!$A:$D,2,FALSE),IFERROR(VLOOKUP(C13,SETOP!$A:$E,3,FALSE),IFERROR(VLOOKUP(C13,SETOP!$B:$E,2,FALSE),IFERROR(VLOOKUP(C13,SUDECAP!$A:$D,2,FALSE),IFERROR(VLOOKUP(C13,SICRO!$A:$D,2,FALSE),VLOOKUP(C13,CPUS!$B:$H,3,FALSE)))))),"") -> LIGAÇÕES PROVISÓRIAS PARA CONTAINER TIPO 2 (CORRESPONDENTE AO CÓDIGO ED-16349) | E13: =IFERROR(IFERROR(VLOOKUP(C13,SINAPI!$A:$D,3,FALSE),IFERROR(VLOOKUP(C13,SETOP!$A:$E,4,FALSE),IFERROR(VLOOKUP(C13,SETOP!$B:$E,3,FALSE),IFERROR(VLOOKUP(C13,SUDECAP!$A:$D,3,FALSE),IFERROR(VLOOKUP(C13,SICRO!$A:$D,3,FALSE),VLOOKUP(C13,CPUS!$B:$H,4,FALSE)))))),"") -> UN | F13: 1 | G13: =IFERROR(IFERROR(VLOOKUP(C13,SINAPI!$A:$D,4,FALSE),IFERROR(VLOOKUP(C13,SETOP!$A:$E,5,FALSE),IFERROR(VLOOKUP(C13,SETOP!$B:$E,4,FALSE),IFERROR(VLOOKUP(C13,SUDECAP!$A:$D,4,FALSE),IFERROR(VLOOKUP(C13,SICRO!$A:$D,4,FALSE),VLOOKUP(C13,CPUS!$B:$H,7,FALSE)))))),0) -> 607.94 | H13: =TRUNC(F13*G13,2) -> 607.94 | I13: =TRUNC(G13*(1+$H$3),2) -> 750.07 | J13: =TRUNC(I13*F13,2) -> 750.07
A14: 2.6 | B14: =IF(IFERROR(VLOOKUP(C14,SINAPI!$A:$D,1,FALSE),"")=C14,"SINAPI",IF(IFERROR(VLOOKUP(C14,SETOP!$A:$E,1,FALSE),"")=C14,"SETOP",IF(IFERROR(VLOOKUP(C14,SUDECAP!$A:$D,1,FALSE),"")=C14,"SUDECAP",IF(IFERROR(VLOOKUP(C14,SICRO!$A:$D,1,FALSE),"")=C14,"SICRO","COMPOSIÇÃO")))) -> SETOP | C14: ED-16359 | D14: =IFERROR(IFERROR(VLOOKUP(C14,SINAPI!$A:$D,2,FALSE),IFERROR(VLOOKUP(C14,SETOP!$A:$E,3,FALSE),IFERROR(VLOOKUP(C14,SETOP!$B:$E,2,FALSE),IFERROR(VLOOKUP(C14,SUDECAP!$A:$D,2,FALSE),IFERROR(VLOOKUP(C14,SICRO!$A:$D,2,FALSE),VLOOKUP(C14,CPUS!$B:$H,3,FALSE)))))),"") -> LIGAÇÕES PROVISÓRIAS PARA CONTAINER TIPO 4 (CORRESPONDENTE AO CÓDIGO ED-16351) | E14: =IFERROR(IFERROR(VLOOKUP(C14,SINAPI!$A:$D,3,FALSE),IFERROR(VLOOKUP(C14,SETOP!$A:$E,4,FALSE),IFERROR(VLOOKUP(C14,SETOP!$B:$E,3,FALSE),IFERROR(VLOOKUP(C14,SUDECAP!$A:$D,3,FALSE),IFERROR(VLOOKUP(C14,SICRO!$A:$D,3,FALSE),VLOOKUP(C14,CPUS!$B:$H,4,FALSE)))))),"") -> UN | F14: 1 | G14: =IFERROR(IFERROR(VLOOKUP(C14,SINAPI!$A:$D,4,FALSE),IFERROR(VLOOKUP(C14,SETOP!$A:$E,5,FALSE),IFERROR(VLOOKUP(C14,SETOP!$B:$E,4,FALSE),IFERROR(VLOOKUP(C14,SUDECAP!$A:$D,4,FALSE),IFERROR(VLOOKUP(C14,SICRO!$A:$D,4,FALSE),VLOOKUP(C14,CPUS!$B:$H,7,FALSE)))))),0) -> 305.89 | H14: =TRUNC(F14*G14,2) -> 305.89 | I14: =TRUNC(G14*(1+$H$3),2) -> 377.4 | J14: =TRUNC(I14*F14,2) -> 377.4
A15: 2.7 | B15: =IF(IFERROR(VLOOKUP(C15,SINAPI!$A:$D,1,FALSE),"")=C15,"SINAPI",IF(IFERROR(VLOOKUP(C15,SETOP!$A:$E,1,FALSE),"")=C15,"SETOP",IF(IFERROR(VLOOKUP(C15,SUDECAP!$A:$D,1,FALSE),"")=C15,"SUDECAP",IF(IFERROR(VLOOKUP(C15,SICRO!$A:$D,1,FALSE),"")=C15,"SICRO","COMPOSIÇÃO")))) -> SETOP | C15: ED-16362 | D15: =IFERROR(IFERROR(VLOOKUP(C15,SINAPI!$A:$D,2,FALSE),IFERROR(VLOOKUP(C15,SETOP!$A:$E,3,FALSE),IFERROR(VLOOKUP(C15,SETOP!$B:$E,2,FALSE),IFERROR(VLOOKUP(C15,SUDECAP!$A:$D,2,FALSE),IFERROR(VLOOKUP(C15,SICRO!$A:$D,2,FALSE),VLOOKUP(C15,CPUS!$B:$H,3,FALSE)))))),"") -> LIGAÇÕES PROVISÓRIAS PARA CONTAINER TIPO 7 (CORRESPONDENTE AO CÓDIGO ED-16354) | E15: =IFERROR(IFERROR(VLOOKUP(C15,SINAPI!$A:$D,3,FALSE),IFERROR(VLOOKUP(C15,SETOP!$A:$E,4,FALSE),IFERROR(VLOOKUP(C15,SETOP!$B:$E,3,FALSE),IFERROR(VLOOKUP(C15,SUDECAP!$A:$D,3,FALSE),IFERROR(VLOOKUP(C15,SICRO!$A:$D,3,FALSE),VLOOKUP(C15,CPUS!$B:$H,4,FALSE)))))),"") -> UN | F15: 1 | G15: =IFERROR(IFERROR(VLOOKUP(C15,SINAPI!$A:$D,4,FALSE),IFERROR(VLOOKUP(C15,SETOP!$A:$E,5,FALSE),IFERROR(VLOOKUP(C15,SETOP!$B:$E,4,FALSE),IFERROR(VLOOKUP(C15,SUDECAP!$A:$D,4,FALSE),IFERROR(VLOOKUP(C15,SICRO!$A:$D,4,FALSE),VLOOKUP(C15,CPUS!$B:$H,7,FALSE)))))),0) -> 882.38 | H15: =TRUNC(F15*G15,2) -> 882.38 | I15: =TRUNC(G15*(1+$H$3),2) -> 1088.68 | J15: =TRUNC(I15*F15,2) -> 1088.68
A16: 2.8 | B16: =IF(IFERROR(VLOOKUP(C16,SINAPI!$A:$D,1,FALSE),"")=C16,"SINAPI",IF(IFERROR(VLOOKUP(C16,SETOP!$A:$E,1,FALSE),"")=C16,"SETOP",IF(IFERROR(VLOOKUP(C16,SUDECAP!$A:$D,1,FALSE),"")=C16,"SUDECAP",IF(IFERROR(VLOOKUP(C16,SICRO!$A:$D,1,FALSE),"")=C16,"SICRO","COMPOSIÇÃO")))) -> SETOP | C16: ED-28427 | D16: =IFERROR(IFERROR(VLOOKUP(C16,SINAPI!$A:$D,2,FALSE),IFERROR(VLOOKUP(C16,SETOP!$A:$E,3,FALSE),IFERROR(VLOOKUP(C16,SETOP!$B:$E,2,FALSE),IFERROR(VLOOKUP(C16,SUDECAP!$A:$D,2,FALSE),IFERROR(VLOOKUP(C16,SICRO!$A:$D,2,FALSE),VLOOKUP(C16,CPUS!$B:$H,3,FALSE)))))),"") -> FORNECIMENTO E COLOCAÇÃO DE PLACA DE OBRA EM CHAPA GALVANIZADA #26, ESP. 0,45MM, DIMENSÃO (3X1,5)M, PLOTADA COM ADESIVO VINÍLICO, AFIXADA COM REBITES 4,8X40MM, EM ESTRUTURA METÁLICA DE METALON 20X20MM, ESP. 1,25MM, INCLUSIVE SUPORTE EM EUCALIPTO AUTOCLAVADO PINTADO COM TINTA PVA DUAS (2) DEMÃOS | E16: =IFERROR(IFERROR(VLOOKUP(C16,SINAPI!$A:$D,3,FALSE),IFERROR(VLOOKUP(C16,SETOP!$A:$E,4,FALSE),IFERROR(VLOOKUP(C16,SETOP!$B:$E,3,FALSE),IFERROR(VLOOKUP(C16,SUDECAP!$A:$D,3,FALSE),IFERROR(VLOOKUP(C16,SICRO!$A:$D,3,FALSE),VLOOKUP(C16,CPUS!$B:$H,4,FALSE)))))),"") -> UN | F16: 1 | G16: =IFERROR(IFERROR(VLOOKUP(C16,SINAPI!$A:$D,4,FALSE),IFERROR(VLOOKUP(C16,SETOP!$A:$E,5,FALSE),IFERROR(VLOOKUP(C16,SETOP!$B:$E,4,FALSE),IFERROR(VLOOKUP(C16,SUDECAP!$A:$D,4,FALSE),IFERROR(VLOOKUP(C16,SICRO!$A:$D,4,FALSE),VLOOKUP(C16,CPUS!$B:$H,7,FALSE)))))),0) -> 1396.17 | H16: =TRUNC(F16*G16,2) -> 1396.17 | I16: =TRUNC(G16*(1+$H$3),2) -> 1722.59 | J16: =TRUNC(I16*F16,2) -> 1722.59
A17: 2.9 | B17: =IF(IFERROR(VLOOKUP(C17,SINAPI!$A:$D,1,FALSE),"")=C17,"SINAPI",IF(IFERROR(VLOOKUP(C17,SETOP!$A:$E,1,FALSE),"")=C17,"SETOP",IF(IFERROR(VLOOKUP(C17,SUDECAP!$A:$D,1,FALSE),"")=C17,"SUDECAP",IF(IFERROR(VLOOKUP(C17,SICRO!$A:$D,1,FALSE),"")=C17,"SICRO","COMPOSIÇÃO")))) -> SETOP | C17: ED-50275 | D17: =IFERROR(IFERROR(VLOOKUP(C17,SINAPI!$A:$D,2,FALSE),IFERROR(VLOOKUP(C17,SETOP!$A:$E,3,FALSE),IFERROR(VLOOKUP(C17,SETOP!$B:$E,2,FALSE),IFERROR(VLOOKUP(C17,SUDECAP!$A:$D,2,FALSE),IFERROR(VLOOKUP(C17,SICRO!$A:$D,2,FALSE),VLOOKUP(C17,CPUS!$B:$H,3,FALSE)))))),"") -> LOCAÇÃO TOPOGRÁFICA DE VINTE UM (21) ATÉ CINQUENTA (50) PONTOS REFERENCIAIS, INCLUSIVE ESTACA (PIQUETE) DE MARCAÇÃO | E17: =IFERROR(IFERROR(VLOOKUP(C17,SINAPI!$A:$D,3,FALSE),IFERROR(VLOOKUP(C17,SETOP!$A:$E,4,FALSE),IFERROR(VLOOKUP(C17,SETOP!$B:$E,3,FALSE),IFERROR(VLOOKUP(C17,SUDECAP!$A:$D,3,FALSE),IFERROR(VLOOKUP(C17,SICRO!$A:$D,3,FALSE),VLOOKUP(C17,CPUS!$B:$H,4,FALSE)))))),"") -> UN | F17: 30 | G17: =IFERROR(IFERROR(VLOOKUP(C17,SINAPI!$A:$D,4,FALSE),IFERROR(VLOOKUP(C17,SETOP!$A:$E,5,FALSE),IFERROR(VLOOKUP(C17,SETOP!$B:$E,4,FALSE),IFERROR(VLOOKUP(C17,SUDECAP!$A:$D,4,FALSE),IFERROR(VLOOKUP(C17,SICRO!$A:$D,4,FALSE),VLOOKUP(C17,CPUS!$B:$H,7,FALSE)))))),0) -> 64.78 | H17: =TRUNC(F17*G17,2) -> 1943.4 | I17: =TRUNC(G17*(1+$H$3),2) -> 79.92 | J17: =TRUNC(I17*F17,2) -> 2397.6
A18: 3 | D18: MOBILIZAÇÃO E DESMOBILIZAÇÃO | J18: =J19 -> 7810.34
A19: 3.1 | B19: =IF(IFERROR(VLOOKUP(C19,SINAPI!$A:$D,1,FALSE),"")=C19,"SINAPI",IF(IFERROR(VLOOKUP(C19,SETOP!$A:$E,1,FALSE),"")=C19,"SETOP",IF(IFERROR(VLOOKUP(C19,SUDECAP!$A:$D,1,FALSE),"")=C19,"SUDECAP",IF(IFERROR(VLOOKUP(C19,SICRO!$A:$D,1,FALSE),"")=C19,"SICRO","COMPOSIÇÃO")))) -> SETOP | C19: ED-50394 | D19: =IFERROR(IFERROR(VLOOKUP(C19,SINAPI!$A:$D,2,FALSE),IFERROR(VLOOKUP(C19,SETOP!$A:$E,3,FALSE),IFERROR(VLOOKUP(C19,SETOP!$B:$E,2,FALSE),IFERROR(VLOOKUP(C19,SUDECAP!$A:$D,2,FALSE),IFERROR(VLOOKUP(C19,SICRO!$A:$D,2,FALSE),VLOOKUP(C19,CPUS!$B:$H,3,FALSE)))))),"") -> MOBILIZAÇÃO E DESMOBILIZAÇÃO DE OBRA EM CENTRO URBANO OU REGIÃO LIMÍTROFE COM VALOR ACIMA DE 3.000.000,01 | E19: =IFERROR(IFERROR(VLOOKUP(C19,SINAPI!$A:$D,3,FALSE),IFERROR(VLOOKUP(C19,SETOP!$A:$E,4,FALSE),IFERROR(VLOOKUP(C19,SETOP!$B:$E,3,FALSE),IFERROR(VLOOKUP(C19,SUDECAP!$A:$D,3,FALSE),IFERROR(VLOOKUP(C19,SICRO!$A:$D,3,FALSE),VLOOKUP(C19,CPUS!$B:$H,4,FALSE)))))),"") -> % | F19: 0.002 | G19: =SUM(H9:H17)+SUM(H21:H79)+SUM(H81:H96)+SUM(H98:H112)+SUM(H114:H127) -> 3165157.8 | H19: =TRUNC(F19*G19,2) -> 6330.31 | I19: =TRUNC(G19*(1+$H$3),2) -> 3905171.7 | J19: =TRUNC(I19*F19,2) -> 7810.34
A20: 4 | D20: REMOÇÕES E DEMOLIÇÕES | J20: =SUM(J21:J29) -> 307209.72
A21: 4.1 | B21: =IF(IFERROR(VLOOKUP(C21,SINAPI!$A:$D,1,FALSE),"")=C21,"SINAPI",IF(IFERROR(VLOOKUP(C21,SETOP!$A:$E,1,FALSE),"")=C21,"SETOP",IF(IFERROR(VLOOKUP(C21,SUDECAP!$A:$D,1,FALSE),"")=C21,"SUDECAP",IF(IFERROR(VLOOKUP(C21,SICRO!$A:$D,1,FALSE),"")=C21,"SICRO","COMPOSIÇÃO")))) -> SICRO | C21: 4915669 | D21: =IFERROR(IFERROR(VLOOKUP(C21,SINAPI!$A:$D,2,FALSE),IFERROR(VLOOKUP(C21,SETOP!$A:$E,3,FALSE),IFERROR(VLOOKUP(C21,SETOP!$B:$E,2,FALSE),IFERROR(VLOOKUP(C21,SUDECAP!$A:$D,2,FALSE),IFERROR(VLOOKUP(C21,SICRO!$A:$D,2,FALSE),VLOOKUP(C21,CPUS!$B:$H,3,FALSE)))))),"") -> REMOÇÃO MECANIZADA DE CAMADA GRANULAR DO PAVIMENTO | E21: =IFERROR(IFERROR(VLOOKUP(C21,SINAPI!$A:$D,3,FALSE),IFERROR(VLOOKUP(C21,SETOP!$A:$E,4,FALSE),IFERROR(VLOOKUP(C21,SETOP!$B:$E,3,FALSE),IFERROR(VLOOKUP(C21,SUDECAP!$A:$D,3,FALSE),IFERROR(VLOOKUP(C21,SICRO!$A:$D,3,FALSE),VLOOKUP(C21,CPUS!$B:$H,4,FALSE)))))),"") -> M³ | F21: =(8899.17*0.2)+(8899.17*0.2) -> 3559.668 | G21: =IFERROR(IFERROR(VLOOKUP(C21,SINAPI!$A:$D,4,FALSE),IFERROR(VLOOKUP(C21,SETOP!$A:$E,5,FALSE),IFERROR(VLOOKUP(C21,SETOP!$B:$E,4,FALSE),IFERROR(VLOOKUP(C21,SUDECAP!$A:$D,4,FALSE),IFERROR(VLOOKUP(C21,SICRO!$A:$D,4,FALSE),VLOOKUP(C21,CPUS!$B:$H,7,FALSE)))))),0) -> 7.52 | H21: =TRUNC(F21*G21,2) -> 26768.7 | I21: =TRUNC(G21*(1+$H$3),2) -> 9.27 | J21: =TRUNC(I21*F21,2) -> 32998.12
A22: 4.2 | B22: =IF(IFERROR(VLOOKUP(C22,SINAPI!$A:$D,1,FALSE),"")=C22,"SINAPI",IF(IFERROR(VLOOKUP(C22,SETOP!$A:$E,1,FALSE),"")=C22,"SETOP",IF(IFERROR(VLOOKUP(C22,SUDECAP!$A:$D,1,FALSE),"")=C22,"SUDECAP",IF(IFERROR(VLOOKUP(C22,SICRO!$A:$D,1,FALSE),"")=C22,"SICRO","COMPOSIÇÃO")))) -> SICRO | C22: 4915667 | D22: =IFERROR(IFERROR(VLOOKUP(C22,SINAPI!$A:$D,2,FALSE),IFERROR(VLOOKUP(C22,SETOP!$A:$E,3,FALSE),IFERROR(VLOOKUP(C22,SETOP!$B:$E,2,FALSE),IFERROR(VLOOKUP(C22,SUDECAP!$A:$D,2,FALSE),IFERROR(VLOOKUP(C22,SICRO!$A:$D,2,FALSE),VLOOKUP(C22,CPUS!$B:$H,3,FALSE)))))),"") -> REMOÇÃO MECANIZADA DE REVESTIMENTO ASFÁLTICO | E22: =IFERROR(IFERROR(VLOOKUP(C22,SINAPI!$A:$D,3,FALSE),IFERROR(VLOOKUP(C22,SETOP!$A:$E,4,FALSE),IFERROR(VLOOKUP(C22,SETOP!$B:$E,3,FALSE),IFERROR(VLOOKUP(C22,SUDECAP!$A:$D,3,FALSE),IFERROR(VLOOKUP(C22,SICRO!$A:$D,3,FALSE),VLOOKUP(C22,CPUS!$B:$H,4,FALSE)))))),"") -> M³ | F22: =6955.43*0.1 -> 695.543 | G22: =IFERROR(IFERROR(VLOOKUP(C22,SINAPI!$A:$D,4,FALSE),IFERROR(VLOOKUP(C22,SETOP!$A:$E,5,FALSE),IFERROR(VLOOKUP(C22,SETOP!$B:$E,4,FALSE),IFERROR(VLOOKUP(C22,SUDECAP!$A:$D,4,FALSE),IFERROR(VLOOKUP(C22,SICRO!$A:$D,4,FALSE),VLOOKUP(C22,CPUS!$B:$H,7,FALSE)))))),0) -> 12.03 | H22: =TRUNC(F22*G22,2) -> 8367.38 | I22: =TRUNC(G22*(1+$H$3),2) -> 14.84 | J22: =TRUNC(I22*F22,2) -> 10321.85
A23: 4.3 | B23: =IF(IFERROR(VLOOKUP(C23,SINAPI!$A:$D,1,FALSE),"")=C23,"SINAPI",IF(IFERROR(VLOOKUP(C23,SETOP!$A:$E,1,FALSE),"")=C23,"SETOP",IF(IFERROR(VLOOKUP(C23,SUDECAP!$A:$D,1,FALSE),"")=C23,"SUDECAP",IF(IFERROR(VLOOKUP(C23,SICRO!$A:$D,1,FALSE),"")=C23,"SICRO","COMPOSIÇÃO")))) -> COMPOSIÇÃO | C23: CPU-1766 | D23: =IFERROR(IFERROR(VLOOKUP(C23,SINAPI!$A:$D,2,FALSE),IFERROR(VLOOKUP(C23,SETOP!$A:$E,3,FALSE),IFERROR(VLOOKUP(C23,SETOP!$B:$E,2,FALSE),IFERROR(VLOOKUP(C23,SUDECAP!$A:$D,2,FALSE),IFERROR(VLOOKUP(C23,SICRO!$A:$D,2,FALSE),VLOOKUP(C23,CPUS!$B:$H,3,FALSE)))))),"") -> REMOÇÃO DE MEIO-FIO DE CONCRETO SEM REAPROVEITAMENTO | E23: =IFERROR(IFERROR(VLOOKUP(C23,SINAPI!$A:$D,3,FALSE),IFERROR(VLOOKUP(C23,SETOP!$A:$E,4,FALSE),IFERROR(VLOOKUP(C23,SETOP!$B:$E,3,FALSE),IFERROR(VLOOKUP(C23,SUDECAP!$A:$D,3,FALSE),IFERROR(VLOOKUP(C23,SICRO!$A:$D,3,FALSE),VLOOKUP(C23,CPUS!$B:$H,4,FALSE)))))),"") -> M | F23: 163.67 | G23: =IFERROR(IFERROR(VLOOKUP(C23,SINAPI!$A:$D,4,FALSE),IFERROR(VLOOKUP(C23,SETOP!$A:$E,5,FALSE),IFERROR(VLOOKUP(C23,SETOP!$B:$E,4,FALSE),IFERROR(VLOOKUP(C23,SUDECAP!$A:$D,4,FALSE),IFERROR(VLOOKUP(C23,SICRO!$A:$D,4,FALSE),VLOOKUP(C23,CPUS!$B:$H,7,FALSE)))))),0) -> 37.47 | H23: =TRUNC(F23*G23,2) -> 6132.71 | I23: =TRUNC(G23*(1+$H$3),2) -> 46.23 | J23: =TRUNC(I23*F23,2) -> 7566.46
A24: 4.4 | B24: =IF(IFERROR(VLOOKUP(C24,SINAPI!$A:$D,1,FALSE),"")=C24,"SINAPI",IF(IFERROR(VLOOKUP(C24,SETOP!$A:$E,1,FALSE),"")=C24,"SETOP",IF(IFERROR(VLOOKUP(C24,SUDECAP!$A:$D,1,FALSE),"")=C24,"SUDECAP",IF(IFERROR(VLOOKUP(C24,SICRO!$A:$D,1,FALSE),"")=C24,"SICRO","COMPOSIÇÃO")))) -> COMPOSIÇÃO | C24: CPU-1767 | D24: =IFERROR(IFERROR(VLOOKUP(C24,SINAPI!$A:$D,2,FALSE),IFERROR(VLOOKUP(C24,SETOP!$A:$E,3,FALSE),IFERROR(VLOOKUP(C24,SETOP!$B:$E,2,FALSE),IFERROR(VLOOKUP(C24,SUDECAP!$A:$D,2,FALSE),IFERROR(VLOOKUP(C24,SICRO!$A:$D,2,FALSE),VLOOKUP(C24,CPUS!$B:$H,3,FALSE)))))),"") -> REMOÇÃO DE LETREIRO COM NOME DA CIDADE - COM REAPROVEITAMENTO | E24: =IFERROR(IFERROR(VLOOKUP(C24,SINAPI!$A:$D,3,FALSE),IFERROR(VLOOKUP(C24,SETOP!$A:$E,4,FALSE),IFERROR(VLOOKUP(C24,SETOP!$B:$E,3,FALSE),IFERROR(VLOOKUP(C24,SUDECAP!$A:$D,3,FALSE),IFERROR(VLOOKUP(C24,SICRO!$A:$D,3,FALSE),VLOOKUP(C24,CPUS!$B:$H,4,FALSE)))))),"") -> UND | F24: 1 | G24: =IFERROR(IFERROR(VLOOKUP(C24,SINAPI!$A:$D,4,FALSE),IFERROR(VLOOKUP(C24,SETOP!$A:$E,5,FALSE),IFERROR(VLOOKUP(C24,SETOP!$B:$E,4,FALSE),IFERROR(VLOOKUP(C24,SUDECAP!$A:$D,4,FALSE),IFERROR(VLOOKUP(C24,SICRO!$A:$D,4,FALSE),VLOOKUP(C24,CPUS!$B:$H,7,FALSE)))))),0) -> 235.2 | H24: =TRUNC(F24*G24,2) -> 235.2 | I24: =TRUNC(G24*(1+$H$3),2) -> 290.18 | J24: =TRUNC(I24*F24,2) -> 290.18
A25: 4.5 | B25: =IF(IFERROR(VLOOKUP(C25,SINAPI!$A:$D,1,FALSE),"")=C25,"SINAPI",IF(IFERROR(VLOOKUP(C25,SETOP!$A:$E,1,FALSE),"")=C25,"SETOP",IF(IFERROR(VLOOKUP(C25,SUDECAP!$A:$D,1,FALSE),"")=C25,"SUDECAP",IF(IFERROR(VLOOKUP(C25,SICRO!$A:$D,1,FALSE),"")=C25,"SICRO","COMPOSIÇÃO")))) -> SETOP | C25: ED-50699 | D25: =IFERROR(IFERROR(VLOOKUP(C25,SINAPI!$A:$D,2,FALSE),IFERROR(VLOOKUP(C25,SETOP!$A:$E,3,FALSE),IFERROR(VLOOKUP(C25,SETOP!$B:$E,2,FALSE),IFERROR(VLOOKUP(C25,SUDECAP!$A:$D,2,FALSE),IFERROR(VLOOKUP(C25,SICRO!$A:$D,2,FALSE),VLOOKUP(C25,CPUS!$B:$H,3,FALSE)))))),"") -> CORTE DE ÁRVORE COM MOTOSSERRA, DIÂMETRO DO TRONCO ACIMA DE TRINTA (30) CENTÍMETROS ATÉ CINQUENTA (50) CENTÍMETROS, EXCLUSIVE DESTOCAMENTO E AFASTAMENTO | E25: =IFERROR(IFERROR(VLOOKUP(C25,SINAPI!$A:$D,3,FALSE),IFERROR(VLOOKUP(C25,SETOP!$A:$E,4,FALSE),IFERROR(VLOOKUP(C25,SETOP!$B:$E,3,FALSE),IFERROR(VLOOKUP(C25,SUDECAP!$A:$D,3,FALSE),IFERROR(VLOOKUP(C25,SICRO!$A:$D,3,FALSE),VLOOKUP(C25,CPUS!$B:$H,4,FALSE)))))),"") -> UN | F25: 1 | G25: =IFERROR(IFERROR(VLOOKUP(C25,SINAPI!$A:$D,4,FALSE),IFERROR(VLOOKUP(C25,SETOP!$A:$E,5,FALSE),IFERROR(VLOOKUP(C25,SETOP!$B:$E,4,FALSE),IFERROR(VLOOKUP(C25,SUDECAP!$A:$D,4,FALSE),IFERROR(VLOOKUP(C25,SICRO!$A:$D,4,FALSE),VLOOKUP(C25,CPUS!$B:$H,7,FALSE)))))),0) -> 90.47 | H25: =TRUNC(F25*G25,2) -> 90.47 | I25: =TRUNC(G25*(1+$H$3),2) -> 111.62 | J25: =TRUNC(I25*F25,2) -> 111.62
A26: 4.6 | B26: =IF(IFERROR(VLOOKUP(C26,SINAPI!$A:$D,1,FALSE),"")=C26,"SINAPI",IF(IFERROR(VLOOKUP(C26,SETOP!$A:$E,1,FALSE),"")=C26,"SETOP",IF(IFERROR(VLOOKUP(C26,SUDECAP!$A:$D,1,FALSE),"")=C26,"SUDECAP",IF(IFERROR(VLOOKUP(C26,SICRO!$A:$D,1,FALSE),"")=C26,"SICRO","COMPOSIÇÃO")))) -> SETOP | C26: ED-28163 | D26: =IFERROR(IFERROR(VLOOKUP(C26,SINAPI!$A:$D,2,FALSE),IFERROR(VLOOKUP(C26,SETOP!$A:$E,3,FALSE),IFERROR(VLOOKUP(C26,SETOP!$B:$E,2,FALSE),IFERROR(VLOOKUP(C26,SUDECAP!$A:$D,2,FALSE),IFERROR(VLOOKUP(C26,SICRO!$A:$D,2,FALSE),VLOOKUP(C26,CPUS!$B:$H,3,FALSE)))))),"") -> DESTOCAMENTO E AFASTAMENTO DE REMANESCENTE ARBÓREO, INCLUSIVE TRANSPORTE E RETIRADA DO MATERIAL ESCAVADO (EM CAÇAMBA) | E26: =IFERROR(IFERROR(VLOOKUP(C26,SINAPI!$A:$D,3,FALSE),IFERROR(VLOOKUP(C26,SETOP!$A:$E,4,FALSE),IFERROR(VLOOKUP(C26,SETOP!$B:$E,3,FALSE),IFERROR(VLOOKUP(C26,SUDECAP!$A:$D,3,FALSE),IFERROR(VLOOKUP(C26,SICRO!$A:$D,3,FALSE),VLOOKUP(C26,CPUS!$B:$H,4,FALSE)))))),"") -> UN | F26: 1 | G26: =IFERROR(IFERROR(VLOOKUP(C26,SINAPI!$A:$D,4,FALSE),IFERROR(VLOOKUP(C26,SETOP!$A:$E,5,FALSE),IFERROR(VLOOKUP(C26,SETOP!$B:$E,4,FALSE),IFERROR(VLOOKUP(C26,SUDECAP!$A:$D,4,FALSE),IFERROR(VLOOKUP(C26,SICRO!$A:$D,4,FALSE),VLOOKUP(C26,CPUS!$B:$H,7,FALSE)))))),0) -> 459.35 | H26: =TRUNC(F26*G26,2) -> 459.35 | I26: =TRUNC(G26*(1+$H$3),2) -> 566.74 | J26: =TRUNC(I26*F26,2) -> 566.74
A27: 4.7 | B27: =IF(IFERROR(VLOOKUP(C27,SINAPI!$A:$D,1,FALSE),"")=C27,"SINAPI",IF(IFERROR(VLOOKUP(C27,SETOP!$A:$E,1,FALSE),"")=C27,"SETOP",IF(IFERROR(VLOOKUP(C27,SUDECAP!$A:$D,1,FALSE),"")=C27,"SUDECAP",IF(IFERROR(VLOOKUP(C27,SICRO!$A:$D,1,FALSE),"")=C27,"SICRO","COMPOSIÇÃO")))) -> SETOP | C27: ED-48445 | D27: =IFERROR(IFERROR(VLOOKUP(C27,SINAPI!$A:$D,2,FALSE),IFERROR(VLOOKUP(C27,SETOP!$A:$E,3,FALSE),IFERROR(VLOOKUP(C27,SETOP!$B:$E,2,FALSE),IFERROR(VLOOKUP(C27,SUDECAP!$A:$D,2,FALSE),IFERROR(VLOOKUP(C27,SICRO!$A:$D,2,FALSE),VLOOKUP(C27,CPUS!$B:$H,3,FALSE)))))),"") -> DEMOLIÇÃO MECANIZADA DE CONCRETO ARMADO, COM EQUIPAMENTO PNEUMÁTICO, INCLUSIVE AFASTAMENTO E EMPILHAMENTO, EXCLUSIVE TRANSPORTE E RETIRADA DO MATERIAL DEMOLIDO | E27: =IFERROR(IFERROR(VLOOKUP(C27,SINAPI!$A:$D,3,FALSE),IFERROR(VLOOKUP(C27,SETOP!$A:$E,4,FALSE),IFERROR(VLOOKUP(C27,SETOP!$B:$E,3,FALSE),IFERROR(VLOOKUP(C27,SUDECAP!$A:$D,3,FALSE),IFERROR(VLOOKUP(C27,SICRO!$A:$D,3,FALSE),VLOOKUP(C27,CPUS!$B:$H,4,FALSE)))))),"") -> M3 | F27: 2.11 | G27: =IFERROR(IFERROR(VLOOKUP(C27,SINAPI!$A:$D,4,FALSE),IFERROR(VLOOKUP(C27,SETOP!$A:$E,5,FALSE),IFERROR(VLOOKUP(C27,SETOP!$B:$E,4,FALSE),IFERROR(VLOOKUP(C27,SUDECAP!$A:$D,4,FALSE),IFERROR(VLOOKUP(C27,SICRO!$A:$D,4,FALSE),VLOOKUP(C27,CPUS!$B:$H,7,FALSE)))))),0) -> 309.79 | H27: =TRUNC(F27*G27,2) -> 653.65 | I27: =TRUNC(G27*(1+$H$3),2) -> 382.21 | J27: =TRUNC(I27*F27,2) -> 806.46
A28: 4.8 | B28: =IF(IFERROR(VLOOKUP(C28,SINAPI!$A:$D,1,FALSE),"")=C28,"SINAPI",IF(IFERROR(VLOOKUP(C28,SETOP!$A:$E,1,FALSE),"")=C28,"SETOP",IF(IFERROR(VLOOKUP(C28,SUDECAP!$A:$D,1,FALSE),"")=C28,"SUDECAP",IF(IFERROR(VLOOKUP(C28,SICRO!$A:$D,1,FALSE),"")=C28,"SICRO","COMPOSIÇÃO")))) -> SETOP | C28: RO-43014 | D28: =IFERROR(IFERROR(VLOOKUP(C28,SINAPI!$A:$D,2,FALSE),IFERROR(VLOOKUP(C28,SETOP!$A:$E,3,FALSE),IFERROR(VLOOKUP(C28,SETOP!$B:$E,2,FALSE),IFERROR(VLOOKUP(C28,SUDECAP!$A:$D,2,FALSE),IFERROR(VLOOKUP(C28,SICRO!$A:$D,2,FALSE),VLOOKUP(C28,CPUS!$B:$H,3,FALSE)))))),"") -> REMOÇÃO DE PLACAS | E28: =IFERROR(IFERROR(VLOOKUP(C28,SINAPI!$A:$D,3,FALSE),IFERROR(VLOOKUP(C28,SETOP!$A:$E,4,FALSE),IFERROR(VLOOKUP(C28,SETOP!$B:$E,3,FALSE),IFERROR(VLOOKUP(C28,SUDECAP!$A:$D,3,FALSE),IFERROR(VLOOKUP(C28,SICRO!$A:$D,3,FALSE),VLOOKUP(C28,CPUS!$B:$H,4,FALSE)))))),"") -> U | F28: 10 | G28: =IFERROR(IFERROR(VLOOKUP(C28,SINAPI!$A:$D,4,FALSE),IFERROR(VLOOKUP(C28,SETOP!$A:$E,5,FALSE),IFERROR(VLOOKUP(C28,SETOP!$B:$E,4,FALSE),IFERROR(VLOOKUP(C28,SUDECAP!$A:$D,4,FALSE),IFERROR(VLOOKUP(C28,SICRO!$A:$D,4,FALSE),VLOOKUP(C28,CPUS!$B:$H,7,FALSE)))))),0) -> 16.8 | H28: =TRUNC(F28*G28,2) -> 168 | I28: =TRUNC(G28*(1+$H$3),2) -> 20.72 | J28: =TRUNC(I28*F28,2) -> 207.2
A29: 4.9 | B29: =IF(IFERROR(VLOOKUP(C29,SINAPI!$A:$D,1,FALSE),"")=C29,"SINAPI",IF(IFERROR(VLOOKUP(C29,SETOP!$A:$E,1,FALSE),"")=C29,"SETOP",IF(IFERROR(VLOOKUP(C29,SUDECAP!$A:$D,1,FALSE),"")=C29,"SUDECAP",IF(IFERROR(VLOOKUP(C29,SICRO!$A:$D,1,FALSE),"")=C29,"SICRO","COMPOSIÇÃO")))) -> SINAPI | C29: 95875 | D29: =IFERROR(IFERROR(VLOOKUP(C29,SINAPI!$A:$D,2,FALSE),IFERROR(VLOOKUP(C29,SETOP!$A:$E,3,FALSE),IFERROR(VLOOKUP(C29,SETOP!$B:$E,2,FALSE),IFERROR(VLOOKUP(C29,SUDECAP!$A:$D,2,FALSE),IFERROR(VLOOKUP(C29,SICRO!$A:$D,2,FALSE),VLOOKUP(C29,CPUS!$B:$H,3,FALSE)))))),"") -> TRANSPORTE COM CAMINHÃO BASCULANTE DE 10 M³, EM VIA URBANA PAVIMENTADA, DMT ATÉ 30 KM (UNIDADE: M3XKM). AF_07/2020 | E29: =IFERROR(IFERROR(VLOOKUP(C29,SINAPI!$A:$D,3,FALSE),IFERROR(VLOOKUP(C29,SETOP!$A:$E,4,FALSE),IFERROR(VLOOKUP(C29,SETOP!$B:$E,3,FALSE),IFERROR(VLOOKUP(C29,SUDECAP!$A:$D,3,FALSE),IFERROR(VLOOKUP(C29,SICRO!$A:$D,3,FALSE),VLOOKUP(C29,CPUS!$B:$H,4,FALSE)))))),"") -> M3XKM | F29: =(((F22+F27)*1.4)+(F21*1.3)+(F23*0.3*0.15*1.4))*15 -> 84218.907 | G29: =IFERROR(IFERROR(VLOOKUP(C29,SINAPI!$A:$D,4,FALSE),IFERROR(VLOOKUP(C29,SETOP!$A:$E,5,FALSE),IFERROR(VLOOKUP(C29,SETOP!$B:$E,4,FALSE),IFERROR(VLOOKUP(C29,SUDECAP!$A:$D,4,FALSE),IFERROR(VLOOKUP(C29,SICRO!$A:$D,4,FALSE),VLOOKUP(C29,CPUS!$B:$H,7,FALSE)))))),0) -> 2.45 | H29: =TRUNC(F29*G29,2) -> 206336.32 | I29: =TRUNC(G29*(1+$H$3),2) -> 3.02 | J29: =TRUNC(I29*F29,2) -> 254341.09
A30: 5 | D30: TERRAPLENAGEM | J30: =J31+J35 -> 401684.78
A31: 5.1 | D31: CORTE | J31: =SUM(J32:J34) -> 400356.53
A32: 5.1.1 | B32: =IF(IFERROR(VLOOKUP(C32,SINAPI!$A:$D,1,FALSE),"")=C32,"SINAPI",IF(IFERROR(VLOOKUP(C32,SETOP!$A:$E,1,FALSE),"")=C32,"SETOP",IF(IFERROR(VLOOKUP(C32,SUDECAP!$A:$D,1,FALSE),"")=C32,"SUDECAP",IF(IFERROR(VLOOKUP(C32,SICRO!$A:$D,1,FALSE),"")=C32,"SICRO","COMPOSIÇÃO")))) -> SETOP | C32: RO-40148 | D32: =IFERROR(IFERROR(VLOOKUP(C32,SINAPI!$A:$D,2,FALSE),IFERROR(VLOOKUP(C32,SETOP!$A:$E,3,FALSE),IFERROR(VLOOKUP(C32,SETOP!$B:$E,2,FALSE),IFERROR(VLOOKUP(C32,SUDECAP!$A:$D,2,FALSE),IFERROR(VLOOKUP(C32,SICRO!$A:$D,2,FALSE),VLOOKUP(C32,CPUS!$B:$H,3,FALSE)))))),"") -> ESCAVAÇÃO, CARGA E TRANSPORTE DE MATERIAL DE 1ª CATEGORIA - EXECUTADO COM ESCAVADEIRA DE 1,40 M³ E CAMINHÃO BASCULANTE DE 12 M³ E COM CAMINHO DE SERVIÇO EM LEITO NATURAL - DMT DE 50 A 200 M | E32: =IFERROR(IFERROR(VLOOKUP(C32,SINAPI!$A:$D,3,FALSE),IFERROR(VLOOKUP(C32,SETOP!$A:$E,4,FALSE),IFERROR(VLOOKUP(C32,SETOP!$B:$E,3,FALSE),IFERROR(VLOOKUP(C32,SUDECAP!$A:$D,3,FALSE),IFERROR(VLOOKUP(C32,SICRO!$A:$D,3,FALSE),VLOOKUP(C32,CPUS!$B:$H,4,FALSE)))))),"") -> M3 | F32: 5696.03 | G32: =IFERROR(IFERROR(VLOOKUP(C32,SINAPI!$A:$D,4,FALSE),IFERROR(VLOOKUP(C32,SETOP!$A:$E,5,FALSE),IFERROR(VLOOKUP(C32,SETOP!$B:$E,4,FALSE),IFERROR(VLOOKUP(C32,SUDECAP!$A:$D,4,FALSE),IFERROR(VLOOKUP(C32,SICRO!$A:$D,4,FALSE),VLOOKUP(C32,CPUS!$B:$H,7,FALSE)))))),0) -> 6.41 | H32: =TRUNC(F32*G32,2) -> 36511.55 | I32: =TRUNC(G32*(1+$H$3),2) -> 7.9 | J32: =TRUNC(I32*F32,2) -> 44998.63
A33: 5.1.2 | B33: =IF(IFERROR(VLOOKUP(C33,SINAPI!$A:$D,1,FALSE),"")=C33,"SINAPI",IF(IFERROR(VLOOKUP(C33,SETOP!$A:$E,1,FALSE),"")=C33,"SETOP",IF(IFERROR(VLOOKUP(C33,SUDECAP!$A:$D,1,FALSE),"")=C33,"SUDECAP",IF(IFERROR(VLOOKUP(C33,SICRO!$A:$D,1,FALSE),"")=C33,"SICRO","COMPOSIÇÃO")))) -> SINAPI | C33: 95875 | D33: =IFERROR(IFERROR(VLOOKUP(C33,SINAPI!$A:$D,2,FALSE),IFERROR(VLOOKUP(C33,SETOP!$A:$E,3,FALSE),IFERROR(VLOOKUP(C33,SETOP!$B:$E,2,FALSE),IFERROR(VLOOKUP(C33,SUDECAP!$A:$D,2,FALSE),IFERROR(VLOOKUP(C33,SICRO!$A:$D,2,FALSE),VLOOKUP(C33,CPUS!$B:$H,3,FALSE)))))),"") -> TRANSPORTE COM CAMINHÃO BASCULANTE DE 10 M³, EM VIA URBANA PAVIMENTADA, DMT ATÉ 30 KM (UNIDADE: M3XKM). AF_07/2020 | E33: =IFERROR(IFERROR(VLOOKUP(C33,SINAPI!$A:$D,3,FALSE),IFERROR(VLOOKUP(C33,SETOP!$A:$E,4,FALSE),IFERROR(VLOOKUP(C33,SETOP!$B:$E,3,FALSE),IFERROR(VLOOKUP(C33,SUDECAP!$A:$D,3,FALSE),IFERROR(VLOOKUP(C33,SICRO!$A:$D,3,FALSE),VLOOKUP(C33,CPUS!$B:$H,4,FALSE)))))),"") -> M3XKM | F33: =5517.98*1.3*15 -> 107600.61 | G33: =IFERROR(IFERROR(VLOOKUP(C33,SINAPI!$A:$D,4,FALSE),IFERROR(VLOOKUP(C33,SETOP!$A:$E,5,FALSE),IFERROR(VLOOKUP(C33,SETOP!$B:$E,4,FALSE),IFERROR(VLOOKUP(C33,SUDECAP!$A:$D,4,FALSE),IFERROR(VLOOKUP(C33,SICRO!$A:$D,4,FALSE),VLOOKUP(C33,CPUS!$B:$H,7,FALSE)))))),0) -> 2.45 | H33: =TRUNC(F33*G33,2) -> 263621.49 | I33: =TRUNC(G33*(1+$H$3),2) -> 3.02 | J33: =TRUNC(I33*F33,2) -> 324953.84
A34: 5.1.3 | B34: =IF(IFERROR(VLOOKUP(C34,SINAPI!$A:$D,1,FALSE),"")=C34,"SINAPI",IF(IFERROR(VLOOKUP(C34,SETOP!$A:$E,1,FALSE),"")=C34,"SETOP",IF(IFERROR(VLOOKUP(C34,SUDECAP!$A:$D,1,FALSE),"")=C34,"SUDECAP",IF(IFERROR(VLOOKUP(C34,SICRO!$A:$D,1,FALSE),"")=C34,"SICRO","COMPOSIÇÃO")))) -> SETOP | C34: RO-40249 | D34: =IFERROR(IFERROR(VLOOKUP(C34,SINAPI!$A:$D,2,FALSE),IFERROR(VLOOKUP(C34,SETOP!$A:$E,3,FALSE),IFERROR(VLOOKUP(C34,SETOP!$B:$E,2,FALSE),IFERROR(VLOOKUP(C34,SUDECAP!$A:$D,2,FALSE),IFERROR(VLOOKUP(C34,SICRO!$A:$D,2,FALSE),VLOOKUP(C34,CPUS!$B:$H,3,FALSE)))))),"") -> COMPACTAÇÃO DE ATERROS A 95% DO PROCTOR NORMAL (INCLUI ESPALHAMENTO) | E34: =IFERROR(IFERROR(VLOOKUP(C34,SINAPI!$A:$D,3,FALSE),IFERROR(VLOOKUP(C34,SETOP!$A:$E,4,FALSE),IFERROR(VLOOKUP(C34,SETOP!$B:$E,3,FALSE),IFERROR(VLOOKUP(C34,SUDECAP!$A:$D,3,FALSE),IFERROR(VLOOKUP(C34,SICRO!$A:$D,3,FALSE),VLOOKUP(C34,CPUS!$B:$H,4,FALSE)))))),"") -> M3 | F34: 5517.98 | G34: =IFERROR(IFERROR(VLOOKUP(C34,SINAPI!$A:$D,4,FALSE),IFERROR(VLOOKUP(C34,SETOP!$A:$E,5,FALSE),IFERROR(VLOOKUP(C34,SETOP!$B:$E,4,FALSE),IFERROR(VLOOKUP(C34,SUDECAP!$A:$D,4,FALSE),IFERROR(VLOOKUP(C34,SICRO!$A:$D,4,FALSE),VLOOKUP(C34,CPUS!$B:$H,7,FALSE)))))),0) -> 4.47 | H34: =TRUNC(F34*G34,2) -> 24665.37 | I34: =TRUNC(G34*(1+$H$3),2) -> 5.51 | J34: =TRUNC(I34*F34,2) -> 30404.06
A35: 5.2 | D35: ATERRO | J35: =J36 -> 1328.25
A36: 5.2.1 | B36: =IF(IFERROR(VLOOKUP(C36,SINAPI!$A:$D,1,FALSE),"")=C36,"SINAPI",IF(IFERROR(VLOOKUP(C36,SETOP!$A:$E,1,FALSE),"")=C36,"SETOP",IF(IFERROR(VLOOKUP(C36,SUDECAP!$A:$D,1,FALSE),"")=C36,"SUDECAP",IF(IFERROR(VLOOKUP(C36,SICRO!$A:$D,1,FALSE),"")=C36,"SICRO","COMPOSIÇÃO")))) -> SETOP | C36: RO-40252 | D36: =IFERROR(IFERROR(VLOOKUP(C36,SINAPI!$A:$D,2,FALSE),IFERROR(VLOOKUP(C36,SETOP!$A:$E,3,FALSE),IFERROR(VLOOKUP(C36,SETOP!$B:$E,2,FALSE),IFERROR(VLOOKUP(C36,SUDECAP!$A:$D,2,FALSE),IFERROR(VLOOKUP(C36,SICRO!$A:$D,2,FALSE),VLOOKUP(C36,CPUS!$B:$H,3,FALSE)))))),"") -> COMPACTAÇÃO DE ATERROS A 100% DO PROCTOR INTERMEDIÁRIO (INCLUI ESPALHAMENTO) | E36: =IFERROR(IFERROR(VLOOKUP(C36,SINAPI!$A:$D,3,FALSE),IFERROR(VLOOKUP(C36,SETOP!$A:$E,4,FALSE),IFERROR(VLOOKUP(C36,SETOP!$B:$E,3,FALSE),IFERROR(VLOOKUP(C36,SUDECAP!$A:$D,3,FALSE),IFERROR(VLOOKUP(C36,SICRO!$A:$D,3,FALSE),VLOOKUP(C36,CPUS!$B:$H,4,FALSE)))))),"") -> M3 | F36: 178.05 | G36: =IFERROR(IFERROR(VLOOKUP(C36,SINAPI!$A:$D,4,FALSE),IFERROR(VLOOKUP(C36,SETOP!$A:$E,5,FALSE),IFERROR(VLOOKUP(C36,SETOP!$B:$E,4,FALSE),IFERROR(VLOOKUP(C36,SUDECAP!$A:$D,4,FALSE),IFERROR(VLOOKUP(C36,SICRO!$A:$D,4,FALSE),VLOOKUP(C36,CPUS!$B:$H,7,FALSE)))))),0) -> 6.05 | H36: =TRUNC(F36*G36,2) -> 1077.2 | I36: =TRUNC(G36*(1+$H$3),2) -> 7.46 | J36: =TRUNC(I36*F36,2) -> 1328.25
A37: 6 | D37: PAVIMENTAÇÃO | J37: =SUM(J38:J50) -> 2399605.6
A38: 6.1 | B38: =IF(IFERROR(VLOOKUP(C38,SINAPI!$A:$D,1,FALSE),"")=C38,"SINAPI",IF(IFERROR(VLOOKUP(C38,SETOP!$A:$E,1,FALSE),"")=C38,"SETOP",IF(IFERROR(VLOOKUP(C38,SUDECAP!$A:$D,1,FALSE),"")=C38,"SUDECAP",IF(IFERROR(VLOOKUP(C38,SICRO!$A:$D,1,FALSE),"")=C38,"SICRO","COMPOSIÇÃO")))) -> SETOP | C38: RO-41083 | D38: =IFERROR(IFERROR(VLOOKUP(C38,SINAPI!$A:$D,2,FALSE),IFERROR(VLOOKUP(C38,SETOP!$A:$E,3,FALSE),IFERROR(VLOOKUP(C38,SETOP!$B:$E,2,FALSE),IFERROR(VLOOKUP(C38,SUDECAP!$A:$D,2,FALSE),IFERROR(VLOOKUP(C38,SICRO!$A:$D,2,FALSE),VLOOKUP(C38,CPUS!$B:$H,3,FALSE)))))),"") -> REGULARIZAÇÃO DO SUB-LEITO (PROCTOR INTERNORMAL) | E38: =IFERROR(IFERROR(VLOOKUP(C38,SINAPI!$A:$D,3,FALSE),IFERROR(VLOOKUP(C38,SETOP!$A:$E,4,FALSE),IFERROR(VLOOKUP(C38,SETOP!$B:$E,3,FALSE),IFERROR(VLOOKUP(C38,SUDECAP!$A:$D,3,FALSE),IFERROR(VLOOKUP(C38,SICRO!$A:$D,3,FALSE),VLOOKUP(C38,CPUS!$B:$H,4,FALSE)))))),"") -> M2 | F38: 8899.17 | G38: =IFERROR(IFERROR(VLOOKUP(C38,SINAPI!$A:$D,4,FALSE),IFERROR(VLOOKUP(C38,SETOP!$A:$E,5,FALSE),IFERROR(VLOOKUP(C38,SETOP!$B:$E,4,FALSE),IFERROR(VLOOKUP(C38,SUDECAP!$A:$D,4,FALSE),IFERROR(VLOOKUP(C38,SICRO!$A:$D,4,FALSE),VLOOKUP(C38,CPUS!$B:$H,7,FALSE)))))),0) -> 1.28 | H38: =TRUNC(F38*G38,2) -> 11390.93 | I38: =TRUNC(G38*(1+$H$3),2) -> 1.57 | J38: =TRUNC(I38*F38,2) -> 13971.69
A39: 6.2 | B39: =IF(IFERROR(VLOOKUP(C39,SINAPI!$A:$D,1,FALSE),"")=C39,"SINAPI",IF(IFERROR(VLOOKUP(C39,SETOP!$A:$E,1,FALSE),"")=C39,"SETOP",IF(IFERROR(VLOOKUP(C39,SUDECAP!$A:$D,1,FALSE),"")=C39,"SUDECAP",IF(IFERROR(VLOOKUP(C39,SICRO!$A:$D,1,FALSE),"")=C39,"SICRO","COMPOSIÇÃO")))) -> SETOP | C39: RO-41093 | D39: =IFERROR(IFERROR(VLOOKUP(C39,SINAPI!$A:$D,2,FALSE),IFERROR(VLOOKUP(C39,SETOP!$A:$E,3,FALSE),IFERROR(VLOOKUP(C39,SETOP!$B:$E,2,FALSE),IFERROR(VLOOKUP(C39,SUDECAP!$A:$D,2,FALSE),IFERROR(VLOOKUP(C39,SICRO!$A:$D,2,FALSE),VLOOKUP(C39,CPUS!$B:$H,3,FALSE)))))),"") -> REFORÇO DO SUB-LEITO (EXECUÇÃO, INCLUINDO ESCAVAÇÃO, CARGA, DESCARGA, HOMOGENIZAÇÃO, UMIDECIMENTO, ESPALHAMENTO E COMPACTAÇÃO DO MATERIAL) | E39: =IFERROR(IFERROR(VLOOKUP(C39,SINAPI!$A:$D,3,FALSE),IFERROR(VLOOKUP(C39,SETOP!$A:$E,4,FALSE),IFERROR(VLOOKUP(C39,SETOP!$B:$E,3,FALSE),IFERROR(VLOOKUP(C39,SUDECAP!$A:$D,3,FALSE),IFERROR(VLOOKUP(C39,SICRO!$A:$D,3,FALSE),VLOOKUP(C39,CPUS!$B:$H,4,FALSE)))))),"") -> M3 | F39: 1779.84 | G39: =IFERROR(IFERROR(VLOOKUP(C39,SINAPI!$A:$D,4,FALSE),IFERROR(VLOOKUP(C39,SETOP!$A:$E,5,FALSE),IFERROR(VLOOKUP(C39,SETOP!$B:$E,4,FALSE),IFERROR(VLOOKUP(C39,SUDECAP!$A:$D,4,FALSE),IFERROR(VLOOKUP(C39,SICRO!$A:$D,4,FALSE),VLOOKUP(C39,CPUS!$B:$H,7,FALSE)))))),0) -> 17.05 | H39: =TRUNC(F39*G39,2) -> 30346.27 | I39: =TRUNC(G39*(1+$H$3),2) -> 21.03 | J39: =TRUNC(I39*F39,2) -> 37430.03
A40: 6.3 | B40: =IF(IFERROR(VLOOKUP(C40,SINAPI!$A:$D,1,FALSE),"")=C40,"SINAPI",IF(IFERROR(VLOOKUP(C40,SETOP!$A:$E,1,FALSE),"")=C40,"SETOP",IF(IFERROR(VLOOKUP(C40,SUDECAP!$A:$D,1,FALSE),"")=C40,"SUDECAP",IF(IFERROR(VLOOKUP(C40,SICRO!$A:$D,1,FALSE),"")=C40,"SICRO","COMPOSIÇÃO")))) -> SINAPI | C40: 101767 | D40: =IFERROR(IFERROR(VLOOKUP(C40,SINAPI!$A:$D,2,FALSE),IFERROR(VLOOKUP(C40,SETOP!$A:$E,3,FALSE),IFERROR(VLOOKUP(C40,SETOP!$B:$E,2,FALSE),IFERROR(VLOOKUP(C40,SUDECAP!$A:$D,2,FALSE),IFERROR(VLOOKUP(C40,SICRO!$A:$D,2,FALSE),VLOOKUP(C40,CPUS!$B:$H,3,FALSE)))))),"") -> EXECUÇÃO E COMPACTAÇÃO DE BASE E OU SUB BASE PARA PAVIMENTAÇÃO DE SOLOS ESTABILIZADOS GRANULOMETRICAMENTE COM MISTURA DE SOLOS EM PISTA - EXCLUSIVE SOLO, ESCAVAÇÃO, CARGA E TRANSPORTE. AF_11/2019 | E40: =IFERROR(IFERROR(VLOOKUP(C40,SINAPI!$A:$D,3,FALSE),IFERROR(VLOOKUP(C40,SETOP!$A:$E,4,FALSE),IFERROR(VLOOKUP(C40,SETOP!$B:$E,3,FALSE),IFERROR(VLOOKUP(C40,SUDECAP!$A:$D,3,FALSE),IFERROR(VLOOKUP(C40,SICRO!$A:$D,3,FALSE),VLOOKUP(C40,CPUS!$B:$H,4,FALSE)))))),"") -> M3 | F40: 1654.31 | G40: =IFERROR(IFERROR(VLOOKUP(C40,SINAPI!$A:$D,4,FALSE),IFERROR(VLOOKUP(C40,SETOP!$A:$E,5,FALSE),IFERROR(VLOOKUP(C40,SETOP!$B:$E,4,FALSE),IFERROR(VLOOKUP(C40,SUDECAP!$A:$D,4,FALSE),IFERROR(VLOOKUP(C40,SICRO!$A:$D,4,FALSE),VLOOKUP(C40,CPUS!$B:$H,7,FALSE)))))),0) -> 28.33 | H40: =TRUNC(F40*G40,2) -> 46866.6 | I40: =TRUNC(G40*(1+$H$3),2) -> 34.95 | J40: =TRUNC(I40*F40,2) -> 57818.13
A41: 6.4 | B41: =IF(IFERROR(VLOOKUP(C41,SINAPI!$A:$D,1,FALSE),"")=C41,"SINAPI",IF(IFERROR(VLOOKUP(C41,SETOP!$A:$E,1,FALSE),"")=C41,"SETOP",IF(IFERROR(VLOOKUP(C41,SUDECAP!$A:$D,1,FALSE),"")=C41,"SUDECAP",IF(IFERROR(VLOOKUP(C41,SICRO!$A:$D,1,FALSE),"")=C41,"SICRO","COMPOSIÇÃO")))) -> SINAPI | C41: 96397 | D41: =IFERROR(IFERROR(VLOOKUP(C41,SINAPI!$A:$D,2,FALSE),IFERROR(VLOOKUP(C41,SETOP!$A:$E,3,FALSE),IFERROR(VLOOKUP(C41,SETOP!$B:$E,2,FALSE),IFERROR(VLOOKUP(C41,SUDECAP!$A:$D,2,FALSE),IFERROR(VLOOKUP(C41,SICRO!$A:$D,2,FALSE),VLOOKUP(C41,CPUS!$B:$H,3,FALSE)))))),"") -> EXECUÇÃO E COMPACTAÇÃO DE BASE E OU SUB BASE PARA PAVIMENTAÇÃO DE BRITA GRADUADA SIMPLES TRATADA COM CIMENTO - EXCLUSIVE CARGA E TRANSPORTE. AF_11/2019 | E41: =IFERROR(IFERROR(VLOOKUP(C41,SINAPI!$A:$D,3,FALSE),IFERROR(VLOOKUP(C41,SETOP!$A:$E,4,FALSE),IFERROR(VLOOKUP(C41,SETOP!$B:$E,3,FALSE),IFERROR(VLOOKUP(C41,SUDECAP!$A:$D,3,FALSE),IFERROR(VLOOKUP(C41,SICRO!$A:$D,3,FALSE),VLOOKUP(C41,CPUS!$B:$H,4,FALSE)))))),"") -> M3 | F41: 1528.06 | G41: =IFERROR(IFERROR(VLOOKUP(C41,SINAPI!$A:$D,4,FALSE),IFERROR(VLOOKUP(C41,SETOP!$A:$E,5,FALSE),IFERROR(VLOOKUP(C41,SETOP!$B:$E,4,FALSE),IFERROR(VLOOKUP(C41,SUDECAP!$A:$D,4,FALSE),IFERROR(VLOOKUP(C41,SICRO!$A:$D,4,FALSE),VLOOKUP(C41,CPUS!$B:$H,7,FALSE)))))),0) -> 266.76 | H41: =TRUNC(F41*G41,2) -> 407625.28 | I41: =TRUNC(G41*(1+$H$3),2) -> 329.12 | J41: =TRUNC(I41*F41,2) -> 502915.1
A42: 6.5 | B42: =IF(IFERROR(VLOOKUP(C42,SINAPI!$A:$D,1,FALSE),"")=C42,"SINAPI",IF(IFERROR(VLOOKUP(C42,SETOP!$A:$E,1,FALSE),"")=C42,"SETOP",IF(IFERROR(VLOOKUP(C42,SUDECAP!$A:$D,1,FALSE),"")=C42,"SUDECAP",IF(IFERROR(VLOOKUP(C42,SICRO!$A:$D,1,FALSE),"")=C42,"SICRO","COMPOSIÇÃO")))) -> SETOP | C42: RO-51228 | D42: =IFERROR(IFERROR(VLOOKUP(C42,SINAPI!$A:$D,2,FALSE),IFERROR(VLOOKUP(C42,SETOP!$A:$E,3,FALSE),IFERROR(VLOOKUP(C42,SETOP!$B:$E,2,FALSE),IFERROR(VLOOKUP(C42,SUDECAP!$A:$D,2,FALSE),IFERROR(VLOOKUP(C42,SICRO!$A:$D,2,FALSE),VLOOKUP(C42,CPUS!$B:$H,3,FALSE)))))),"") -> IMPRIMAÇÃO (EXECUÇÃO E FORNECIMENTO DO MATERIAL BETUMINOSO, EXCLUSIVE TRANSPORTE DO MATERIAL BETUMINOSO) | E42: =IFERROR(IFERROR(VLOOKUP(C42,SINAPI!$A:$D,3,FALSE),IFERROR(VLOOKUP(C42,SETOP!$A:$E,4,FALSE),IFERROR(VLOOKUP(C42,SETOP!$B:$E,3,FALSE),IFERROR(VLOOKUP(C42,SUDECAP!$A:$D,3,FALSE),IFERROR(VLOOKUP(C42,SICRO!$A:$D,3,FALSE),VLOOKUP(C42,CPUS!$B:$H,4,FALSE)))))),"") -> M2 | F42: 6955.43 | G42: =IFERROR(IFERROR(VLOOKUP(C42,SINAPI!$A:$D,4,FALSE),IFERROR(VLOOKUP(C42,SETOP!$A:$E,5,FALSE),IFERROR(VLOOKUP(C42,SETOP!$B:$E,4,FALSE),IFERROR(VLOOKUP(C42,SUDECAP!$A:$D,4,FALSE),IFERROR(VLOOKUP(C42,SICRO!$A:$D,4,FALSE),VLOOKUP(C42,CPUS!$B:$H,7,FALSE)))))),0) -> 3.55 | H42: =TRUNC(F42*G42,2) -> 24691.77 | I42: =TRUNC(G42*(1+$H$3),2) -> 4.37 | J42: =TRUNC(I42*F42,2) -> 30395.22
A43: 6.6 | B43: =IF(IFERROR(VLOOKUP(C43,SINAPI!$A:$D,1,FALSE),"")=C43,"SINAPI",IF(IFERROR(VLOOKUP(C43,SETOP!$A:$E,1,FALSE),"")=C43,"SETOP",IF(IFERROR(VLOOKUP(C43,SUDECAP!$A:$D,1,FALSE),"")=C43,"SUDECAP",IF(IFERROR(VLOOKUP(C43,SICRO!$A:$D,1,FALSE),"")=C43,"SICRO","COMPOSIÇÃO")))) -> SETOP | C43: RO-51229 | D43: =IFERROR(IFERROR(VLOOKUP(C43,SINAPI!$A:$D,2,FALSE),IFERROR(VLOOKUP(C43,SETOP!$A:$E,3,FALSE),IFERROR(VLOOKUP(C43,SETOP!$B:$E,2,FALSE),IFERROR(VLOOKUP(C43,SUDECAP!$A:$D,2,FALSE),IFERROR(VLOOKUP(C43,SICRO!$A:$D,2,FALSE),VLOOKUP(C43,CPUS!$B:$H,3,FALSE)))))),"") -> PINTURA DE LIGAÇÃO (EXECUÇÃO E FORNECIMENTO DO MATERIAL BETUMINOSO, EXCLUSIVE TRANSPORTE DO MATERIAL BETUMINOSO) | E43: =IFERROR(IFERROR(VLOOKUP(C43,SINAPI!$A:$D,3,FALSE),IFERROR(VLOOKUP(C43,SETOP!$A:$E,4,FALSE),IFERROR(VLOOKUP(C43,SETOP!$B:$E,3,FALSE),IFERROR(VLOOKUP(C43,SUDECAP!$A:$D,3,FALSE),IFERROR(VLOOKUP(C43,SICRO!$A:$D,3,FALSE),VLOOKUP(C43,CPUS!$B:$H,4,FALSE)))))),"") -> M2 | F43: 6955.43 | G43: =IFERROR(IFERROR(VLOOKUP(C43,SINAPI!$A:$D,4,FALSE),IFERROR(VLOOKUP(C43,SETOP!$A:$E,5,FALSE),IFERROR(VLOOKUP(C43,SETOP!$B:$E,4,FALSE),IFERROR(VLOOKUP(C43,SUDECAP!$A:$D,4,FALSE),IFERROR(VLOOKUP(C43,SICRO!$A:$D,4,FALSE),VLOOKUP(C43,CPUS!$B:$H,7,FALSE)))))),0) -> 1.88 | H43: =TRUNC(F43*G43,2) -> 13076.2 | I43: =TRUNC(G43*(1+$H$3),2) -> 2.31 | J43: =TRUNC(I43*F43,2) -> 16067.04
A44: 6.7 | B44: =IF(IFERROR(VLOOKUP(C44,SINAPI!$A:$D,1,FALSE),"")=C44,"SINAPI",IF(IFERROR(VLOOKUP(C44,SETOP!$A:$E,1,FALSE),"")=C44,"SETOP",IF(IFERROR(VLOOKUP(C44,SUDECAP!$A:$D,1,FALSE),"")=C44,"SUDECAP",IF(IFERROR(VLOOKUP(C44,SICRO!$A:$D,1,FALSE),"")=C44,"SICRO","COMPOSIÇÃO")))) -> SINAPI | C44: 95995 | D44: =IFERROR(IFERROR(VLOOKUP(C44,SINAPI!$A:$D,2,FALSE),IFERROR(VLOOKUP(C44,SETOP!$A:$E,3,FALSE),IFERROR(VLOOKUP(C44,SETOP!$B:$E,2,FALSE),IFERROR(VLOOKUP(C44,SUDECAP!$A:$D,2,FALSE),IFERROR(VLOOKUP(C44,SICRO!$A:$D,2,FALSE),VLOOKUP(C44,CPUS!$B:$H,3,FALSE)))))),"") -> EXECUÇÃO DE PAVIMENTO COM APLICAÇÃO DE CONCRETO ASFÁLTICO, CAMADA DE ROLAMENTO - EXCLUSIVE CARGA E TRANSPORTE. AF_11/2019 | E44: =IFERROR(IFERROR(VLOOKUP(C44,SINAPI!$A:$D,3,FALSE),IFERROR(VLOOKUP(C44,SETOP!$A:$E,4,FALSE),IFERROR(VLOOKUP(C44,SETOP!$B:$E,3,FALSE),IFERROR(VLOOKUP(C44,SUDECAP!$A:$D,3,FALSE),IFERROR(VLOOKUP(C44,SICRO!$A:$D,3,FALSE),VLOOKUP(C44,CPUS!$B:$H,4,FALSE)))))),"") -> M3 | F44: =486.88+27.46 -> 514.34 | G44: =IFERROR(IFERROR(VLOOKUP(C44,SINAPI!$A:$D,4,FALSE),IFERROR(VLOOKUP(C44,SETOP!$A:$E,5,FALSE),IFERROR(VLOOKUP(C44,SETOP!$B:$E,4,FALSE),IFERROR(VLOOKUP(C44,SUDECAP!$A:$D,4,FALSE),IFERROR(VLOOKUP(C44,SICRO!$A:$D,4,FALSE),VLOOKUP(C44,CPUS!$B:$H,7,FALSE)))))),0) -> 1901.79 | H44: =TRUNC(F44*G44,2) -> 978166.66 | I44: =TRUNC(G44*(1+$H$3),2) -> 2346.42 | J44: =TRUNC(I44*F44,2) -> 1206857.7
A45: 6.8 | B45: =IF(IFERROR(VLOOKUP(C45,SINAPI!$A:$D,1,FALSE),"")=C45,"SINAPI",IF(IFERROR(VLOOKUP(C45,SETOP!$A:$E,1,FALSE),"")=C45,"SETOP",IF(IFERROR(VLOOKUP(C45,SUDECAP!$A:$D,1,FALSE),"")=C45,"SUDECAP",IF(IFERROR(VLOOKUP(C45,SICRO!$A:$D,1,FALSE),"")=C45,"SICRO","COMPOSIÇÃO")))) -> SINAPI | C45: 102330 | D45: =IFERROR(IFERROR(VLOOKUP(C45,SINAPI!$A:$D,2,FALSE),IFERROR(VLOOKUP(C45,SETOP!$A:$E,3,FALSE),IFERROR(VLOOKUP(C45,SETOP!$B:$E,2,FALSE),IFERROR(VLOOKUP(C45,SUDECAP!$A:$D,2,FALSE),IFERROR(VLOOKUP(C45,SICRO!$A:$D,2,FALSE),VLOOKUP(C45,CPUS!$B:$H,3,FALSE)))))),"") -> TRANSPORTE COM CAMINHÃO TANQUE DE TRANSPORTE DE MATERIAL ASFÁLTICO DE 30000 L, EM VIA URBANA PAVIMENTADA, DMT ATÉ 30KM (UNIDADE: TXKM). AF_07/2020 | E45: =IFERROR(IFERROR(VLOOKUP(C45,SINAPI!$A:$D,3,FALSE),IFERROR(VLOOKUP(C45,SETOP!$A:$E,4,FALSE),IFERROR(VLOOKUP(C45,SETOP!$B:$E,3,FALSE),IFERROR(VLOOKUP(C45,SUDECAP!$A:$D,3,FALSE),IFERROR(VLOOKUP(C45,SICRO!$A:$D,3,FALSE),VLOOKUP(C45,CPUS!$B:$H,4,FALSE)))))),"") -> TXKM | F45: =(F43*0.0005*21.5)+(F42*0.0012*21.5) -> 254.22097 | G45: =IFERROR(IFERROR(VLOOKUP(C45,SINAPI!$A:$D,4,FALSE),IFERROR(VLOOKUP(C45,SETOP!$A:$E,5,FALSE),IFERROR(VLOOKUP(C45,SETOP!$B:$E,4,FALSE),IFERROR(VLOOKUP(C45,SUDECAP!$A:$D,4,FALSE),IFERROR(VLOOKUP(C45,SICRO!$A:$D,4,FALSE),VLOOKUP(C45,CPUS!$B:$H,7,FALSE)))))),0) -> 1.42 | H45: =TRUNC(F45*G45,2) -> 360.99 | I45: =TRUNC(G45*(1+$H$3),2) -> 1.75 | J45: =TRUNC(I45*F45,2) -> 444.88
A46: 6.9 | B46: =IF(IFERROR(VLOOKUP(C46,SINAPI!$A:$D,1,FALSE),"")=C46,"SINAPI",IF(IFERROR(VLOOKUP(C46,SETOP!$A:$E,1,FALSE),"")=C46,"SETOP",IF(IFERROR(VLOOKUP(C46,SUDECAP!$A:$D,1,FALSE),"")=C46,"SUDECAP",IF(IFERROR(VLOOKUP(C46,SICRO!$A:$D,1,FALSE),"")=C46,"SICRO","COMPOSIÇÃO")))) -> SINAPI | C46: 100978 | D46: =IFERROR(IFERROR(VLOOKUP(C46,SINAPI!$A:$D,2,FALSE),IFERROR(VLOOKUP(C46,SETOP!$A:$E,3,FALSE),IFERROR(VLOOKUP(C46,SETOP!$B:$E,2,FALSE),IFERROR(VLOOKUP(C46,SUDECAP!$A:$D,2,FALSE),IFERROR(VLOOKUP(C46,SICRO!$A:$D,2,FALSE),VLOOKUP(C46,CPUS!$B:$H,3,FALSE)))))),"") -> CARGA, MANOBRA E DESCARGA DE SOLOS E MATERIAIS GRANULARES EM CAMINHÃO BASCULANTE 10 M³ - CARGA COM ESCAVADEIRA HIDRÁULICA (CAÇAMBA DE 1,20 M³ / 155 HP) E DESCARGA LIVRE (UNIDADE: M3). AF_07/2020 | E46: =IFERROR(IFERROR(VLOOKUP(C46,SINAPI!$A:$D,3,FALSE),IFERROR(VLOOKUP(C46,SETOP!$A:$E,4,FALSE),IFERROR(VLOOKUP(C46,SETOP!$B:$E,3,FALSE),IFERROR(VLOOKUP(C46,SUDECAP!$A:$D,3,FALSE),IFERROR(VLOOKUP(C46,SICRO!$A:$D,3,FALSE),VLOOKUP(C46,CPUS!$B:$H,4,FALSE)))))),"") -> M3 | F46: =(3434.15)+(2151.52) -> 5585.67 | G46: =IFERROR(IFERROR(VLOOKUP(C46,SINAPI!$A:$D,4,FALSE),IFERROR(VLOOKUP(C46,SETOP!$A:$E,5,FALSE),IFERROR(VLOOKUP(C46,SETOP!$B:$E,4,FALSE),IFERROR(VLOOKUP(C46,SUDECAP!$A:$D,4,FALSE),IFERROR(VLOOKUP(C46,SICRO!$A:$D,4,FALSE),VLOOKUP(C46,CPUS!$B:$H,7,FALSE)))))),0) -> 7.08 | H46: =TRUNC(F46*G46,2) -> 39546.54 | I46: =TRUNC(G46*(1+$H$3),2) -> 8.73 | J46: =TRUNC(I46*F46,2) -> 48762.89
A47: 6.10 | B47: =IF(IFERROR(VLOOKUP(C47,SINAPI!$A:$D,1,FALSE),"")=C47,"SINAPI",IF(IFERROR(VLOOKUP(C47,SETOP!$A:$E,1,FALSE),"")=C47,"SETOP",IF(IFERROR(VLOOKUP(C47,SUDECAP!$A:$D,1,FALSE),"")=C47,"SUDECAP",IF(IFERROR(VLOOKUP(C47,SICRO!$A:$D,1,FALSE),"")=C47,"SICRO","COMPOSIÇÃO")))) -> SINAPI | C47: 101002 | D47: =IFERROR(IFERROR(VLOOKUP(C47,SINAPI!$A:$D,2,FALSE),IFERROR(VLOOKUP(C47,SETOP!$A:$E,3,FALSE),IFERROR(VLOOKUP(C47,SETOP!$B:$E,2,FALSE),IFERROR(VLOOKUP(C47,SUDECAP!$A:$D,2,FALSE),IFERROR(VLOOKUP(C47,SICRO!$A:$D,2,FALSE),VLOOKUP(C47,CPUS!$B:$H,3,FALSE)))))),"") -> CARGA DE MISTURA ASFÁLTICA EM CAMINHÃO BASCULANTE 10 M³ (UNIDADE: T). AF_07/2020 | E47: =IFERROR(IFERROR(VLOOKUP(C47,SINAPI!$A:$D,3,FALSE),IFERROR(VLOOKUP(C47,SETOP!$A:$E,4,FALSE),IFERROR(VLOOKUP(C47,SETOP!$B:$E,3,FALSE),IFERROR(VLOOKUP(C47,SUDECAP!$A:$D,3,FALSE),IFERROR(VLOOKUP(C47,SICRO!$A:$D,3,FALSE),VLOOKUP(C47,CPUS!$B:$H,4,FALSE)))))),"") -> T | F47: =F44*2.4 -> 1234.416 | G47: =IFERROR(IFERROR(VLOOKUP(C47,SINAPI!$A:$D,4,FALSE),IFERROR(VLOOKUP(C47,SETOP!$A:$E,5,FALSE),IFERROR(VLOOKUP(C47,SETOP!$B:$E,4,FALSE),IFERROR(VLOOKUP(C47,SUDECAP!$A:$D,4,FALSE),IFERROR(VLOOKUP(C47,SICRO!$A:$D,4,FALSE),VLOOKUP(C47,CPUS!$B:$H,7,FALSE)))))),0) -> 5.98 | H47: =TRUNC(F47*G47,2) -> 7381.8 | I47: =TRUNC(G47*(1+$H$3),2) -> 7.37 | J47: =TRUNC(I47*F47,2) -> 9097.64
A48: 6.11 | B48: =IF(IFERROR(VLOOKUP(C48,SINAPI!$A:$D,1,FALSE),"")=C48,"SINAPI",IF(IFERROR(VLOOKUP(C48,SETOP!$A:$E,1,FALSE),"")=C48,"SETOP",IF(IFERROR(VLOOKUP(C48,SUDECAP!$A:$D,1,FALSE),"")=C48,"SUDECAP",IF(IFERROR(VLOOKUP(C48,SICRO!$A:$D,1,FALSE),"")=C48,"SICRO","COMPOSIÇÃO")))) -> SINAPI | C48: 95878 | D48: =IFERROR(IFERROR(VLOOKUP(C48,SINAPI!$A:$D,2,FALSE),IFERROR(VLOOKUP(C48,SETOP!$A:$E,3,FALSE),IFERROR(VLOOKUP(C48,SETOP!$B:$E,2,FALSE),IFERROR(VLOOKUP(C48,SUDECAP!$A:$D,2,FALSE),IFERROR(VLOOKUP(C48,SICRO!$A:$D,2,FALSE),VLOOKUP(C48,CPUS!$B:$H,3,FALSE)))))),"") -> TRANSPORTE COM CAMINHÃO BASCULANTE DE 10 M³, EM VIA URBANA PAVIMENTADA, DMT ATÉ 30 KM (UNIDADE: TXKM). AF_07/2020 | E48: =IFERROR(IFERROR(VLOOKUP(C48,SINAPI!$A:$D,3,FALSE),IFERROR(VLOOKUP(C48,SETOP!$A:$E,4,FALSE),IFERROR(VLOOKUP(C48,SETOP!$B:$E,3,FALSE),IFERROR(VLOOKUP(C48,SUDECAP!$A:$D,3,FALSE),IFERROR(VLOOKUP(C48,SICRO!$A:$D,3,FALSE),VLOOKUP(C48,CPUS!$B:$H,4,FALSE)))))),"") -> TXKM | F48: =(514.34*2.4*30)+(2151.52*1.5*27.5) -> 125782.68 | G48: =IFERROR(IFERROR(VLOOKUP(C48,SINAPI!$A:$D,4,FALSE),IFERROR(VLOOKUP(C48,SETOP!$A:$E,5,FALSE),IFERROR(VLOOKUP(C48,SETOP!$B:$E,4,FALSE),IFERROR(VLOOKUP(C48,SUDECAP!$A:$D,4,FALSE),IFERROR(VLOOKUP(C48,SICRO!$A:$D,4,FALSE),VLOOKUP(C48,CPUS!$B:$H,7,FALSE)))))),0) -> 1.65 | H48: =TRUNC(F48*G48,2) -> 207541.42 | I48: =TRUNC(G48*(1+$H$3),2) -> 2.03 | J48: =TRUNC(I48*F48,2) -> 255338.84
A49: 6.12 | B49: =IF(IFERROR(VLOOKUP(C49,SINAPI!$A:$D,1,FALSE),"")=C49,"SINAPI",IF(IFERROR(VLOOKUP(C49,SETOP!$A:$E,1,FALSE),"")=C49,"SETOP",IF(IFERROR(VLOOKUP(C49,SUDECAP!$A:$D,1,FALSE),"")=C49,"SUDECAP",IF(IFERROR(VLOOKUP(C49,SICRO!$A:$D,1,FALSE),"")=C49,"SICRO","COMPOSIÇÃO")))) -> SINAPI | C49: 93596 | D49: =IFERROR(IFERROR(VLOOKUP(C49,SINAPI!$A:$D,2,FALSE),IFERROR(VLOOKUP(C49,SETOP!$A:$E,3,FALSE),IFERROR(VLOOKUP(C49,SETOP!$B:$E,2,FALSE),IFERROR(VLOOKUP(C49,SUDECAP!$A:$D,2,FALSE),IFERROR(VLOOKUP(C49,SICRO!$A:$D,2,FALSE),VLOOKUP(C49,CPUS!$B:$H,3,FALSE)))))),"") -> TRANSPORTE COM CAMINHÃO BASCULANTE DE 10 M³, EM VIA URBANA PAVIMENTADA, ADICIONAL PARA DMT EXCEDENTE A 30 KM (UNIDADE: TXKM). AF_07/2020 | E49: =IFERROR(IFERROR(VLOOKUP(C49,SINAPI!$A:$D,3,FALSE),IFERROR(VLOOKUP(C49,SETOP!$A:$E,4,FALSE),IFERROR(VLOOKUP(C49,SETOP!$B:$E,3,FALSE),IFERROR(VLOOKUP(C49,SUDECAP!$A:$D,3,FALSE),IFERROR(VLOOKUP(C49,SICRO!$A:$D,3,FALSE),VLOOKUP(C49,CPUS!$B:$H,4,FALSE)))))),"") -> TXKM | F49: =514.34*2.4*18.5 -> 22836.696 | G49: =IFERROR(IFERROR(VLOOKUP(C49,SINAPI!$A:$D,4,FALSE),IFERROR(VLOOKUP(C49,SETOP!$A:$E,5,FALSE),IFERROR(VLOOKUP(C49,SETOP!$B:$E,4,FALSE),IFERROR(VLOOKUP(C49,SUDECAP!$A:$D,4,FALSE),IFERROR(VLOOKUP(C49,SICRO!$A:$D,4,FALSE),VLOOKUP(C49,CPUS!$B:$H,7,FALSE)))))),0) -> 0.65 | H49: =TRUNC(F49*G49,2) -> 14843.85 | I49: =TRUNC(G49*(1+$H$3),2) -> 0.8 | J49: =TRUNC(I49*F49,2) -> 18269.35
A50: 6.13 | B50: =IF(IFERROR(VLOOKUP(C50,SINAPI!$A:$D,1,FALSE),"")=C50,"SINAPI",IF(IFERROR(VLOOKUP(C50,SETOP!$A:$E,1,FALSE),"")=C50,"SETOP",IF(IFERROR(VLOOKUP(C50,SUDECAP!$A:$D,1,FALSE),"")=C50,"SUDECAP",IF(IFERROR(VLOOKUP(C50,SICRO!$A:$D,1,FALSE),"")=C50,"SICRO","COMPOSIÇÃO")))) -> SINAPI | C50: 95875 | D50: =IFERROR(IFERROR(VLOOKUP(C50,SINAPI!$A:$D,2,FALSE),IFERROR(VLOOKUP(C50,SETOP!$A:$E,3,FALSE),IFERROR(VLOOKUP(C50,SETOP!$B:$E,2,FALSE),IFERROR(VLOOKUP(C50,SUDECAP!$A:$D,2,FALSE),IFERROR(VLOOKUP(C50,SICRO!$A:$D,2,FALSE),VLOOKUP(C50,CPUS!$B:$H,3,FALSE)))))),"") -> TRANSPORTE COM CAMINHÃO BASCULANTE DE 10 M³, EM VIA URBANA PAVIMENTADA, DMT ATÉ 30 KM (UNIDADE: M3XKM). AF_07/2020 | E50: =IFERROR(IFERROR(VLOOKUP(C50,SINAPI!$A:$D,3,FALSE),IFERROR(VLOOKUP(C50,SETOP!$A:$E,4,FALSE),IFERROR(VLOOKUP(C50,SETOP!$B:$E,3,FALSE),IFERROR(VLOOKUP(C50,SUDECAP!$A:$D,3,FALSE),IFERROR(VLOOKUP(C50,SICRO!$A:$D,3,FALSE),VLOOKUP(C50,CPUS!$B:$H,4,FALSE)))))),"") -> M3XKM | F50: =(3434.15*1.3*15) -> 66965.925 | G50: =IFERROR(IFERROR(VLOOKUP(C50,SINAPI!$A:$D,4,FALSE),IFERROR(VLOOKUP(C50,SETOP!$A:$E,5,FALSE),IFERROR(VLOOKUP(C50,SETOP!$B:$E,4,FALSE),IFERROR(VLOOKUP(C50,SUDECAP!$A:$D,4,FALSE),IFERROR(VLOOKUP(C50,SICRO!$A:$D,4,FALSE),VLOOKUP(C50,CPUS!$B:$H,7,FALSE)))))),0) -> 2.45 | H50: =TRUNC(F50*G50,2) -> 164066.51 | I50: =TRUNC(G50*(1+$H$3),2) -> 3.02 | J50: =TRUNC(I50*F50,2) -> 202237.09
A51: 7 | D51: SARJETA, MEIO FIO E PASSEIO | J51: =SUM(J52:J54) -> 400179.26
A52: 7.1 | B52: =IF(IFERROR(VLOOKUP(C52,SINAPI!$A:$D,1,FALSE),"")=C52,"SINAPI",IF(IFERROR(VLOOKUP(C52,SETOP!$A:$E,1,FALSE),"")=C52,"SETOP",IF(IFERROR(VLOOKUP(C52,SUDECAP!$A:$D,1,FALSE),"")=C52,"SUDECAP",IF(IFERROR(VLOOKUP(C52,SICRO!$A:$D,1,FALSE),"")=C52,"SICRO","COMPOSIÇÃO")))) -> SETOP | C52: ED-51141 | D52: =IFERROR(IFERROR(VLOOKUP(C52,SINAPI!$A:$D,2,FALSE),IFERROR(VLOOKUP(C52,SETOP!$A:$E,3,FALSE),IFERROR(VLOOKUP(C52,SETOP!$B:$E,2,FALSE),IFERROR(VLOOKUP(C52,SUDECAP!$A:$D,2,FALSE),IFERROR(VLOOKUP(C52,SICRO!$A:$D,2,FALSE),VLOOKUP(C52,CPUS!$B:$H,3,FALSE)))))),"") -> GUIA DE MEIO-FIO, EM CONCRETO COM FCK 15MPA, MOLDADA IN-LOCO, SEÇÃO 15X45CM, FORMA EM MADEIRA, EXCLUSIVE SARJETA, INCLUSIVE ESCAVAÇÃO, APILOAMENTO E TRANSPORTE COM RETIRADA DO MATERIAL ESCAVADO (EM CAÇAMBA) | E52: =IFERROR(IFERROR(VLOOKUP(C52,SINAPI!$A:$D,3,FALSE),IFERROR(VLOOKUP(C52,SETOP!$A:$E,4,FALSE),IFERROR(VLOOKUP(C52,SETOP!$B:$E,3,FALSE),IFERROR(VLOOKUP(C52,SUDECAP!$A:$D,3,FALSE),IFERROR(VLOOKUP(C52,SICRO!$A:$D,3,FALSE),VLOOKUP(C52,CPUS!$B:$H,4,FALSE)))))),"") -> M | F52: 1294.13 | G52: =IFERROR(IFERROR(VLOOKUP(C52,SINAPI!$A:$D,4,FALSE),IFERROR(VLOOKUP(C52,SETOP!$A:$E,5,FALSE),IFERROR(VLOOKUP(C52,SETOP!$B:$E,4,FALSE),IFERROR(VLOOKUP(C52,SUDECAP!$A:$D,4,FALSE),IFERROR(VLOOKUP(C52,SICRO!$A:$D,4,FALSE),VLOOKUP(C52,CPUS!$B:$H,7,FALSE)))))),0) -> 114.41 | H52: =TRUNC(F52*G52,2) -> 148061.41 | I52: =TRUNC(G52*(1+$H$3),2) -> 141.15 | J52: =TRUNC(I52*F52,2) -> 182666.44
A53: 7.2 | B53: =IF(IFERROR(VLOOKUP(C53,SINAPI!$A:$D,1,FALSE),"")=C53,"SINAPI",IF(IFERROR(VLOOKUP(C53,SETOP!$A:$E,1,FALSE),"")=C53,"SETOP",IF(IFERROR(VLOOKUP(C53,SUDECAP!$A:$D,1,FALSE),"")=C53,"SUDECAP",IF(IFERROR(VLOOKUP(C53,SICRO!$A:$D,1,FALSE),"")=C53,"SICRO","COMPOSIÇÃO")))) -> SETOP | C53: ED-14763 | D53: =IFERROR(IFERROR(VLOOKUP(C53,SINAPI!$A:$D,2,FALSE),IFERROR(VLOOKUP(C53,SETOP!$A:$E,3,FALSE),IFERROR(VLOOKUP(C53,SETOP!$B:$E,2,FALSE),IFERROR(VLOOKUP(C53,SUDECAP!$A:$D,2,FALSE),IFERROR(VLOOKUP(C53,SICRO!$A:$D,2,FALSE),VLOOKUP(C53,CPUS!$B:$H,3,FALSE)))))),"") -> SARJETA DE CONCRETO URBANO (SCU), TIPO 2, COM FCK 15 MPA, LARGURA DE 50CM COM INCLINAÇÃO DE 15%, ESP. 7CM, PADRÃO DER-MG, EXCLUSIVE MEIO-FIO, INCLUSIVE ESCAVAÇÃO, APILAOMENTO E TRANSPORTE COM RETIRADA DO MATERIAL ESCAVADO (EM CAÇAMBA) | E53: =IFERROR(IFERROR(VLOOKUP(C53,SINAPI!$A:$D,3,FALSE),IFERROR(VLOOKUP(C53,SETOP!$A:$E,4,FALSE),IFERROR(VLOOKUP(C53,SETOP!$B:$E,3,FALSE),IFERROR(VLOOKUP(C53,SUDECAP!$A:$D,3,FALSE),IFERROR(VLOOKUP(C53,SICRO!$A:$D,3,FALSE),VLOOKUP(C53,CPUS!$B:$H,4,FALSE)))))),"") -> M | F53: 1294.13 | G53: =IFERROR(IFERROR(VLOOKUP(C53,SINAPI!$A:$D,4,FALSE),IFERROR(VLOOKUP(C53,SETOP!$A:$E,5,FALSE),IFERROR(VLOOKUP(C53,SETOP!$B:$E,4,FALSE),IFERROR(VLOOKUP(C53,SUDECAP!$A:$D,4,FALSE),IFERROR(VLOOKUP(C53,SICRO!$A:$D,4,FALSE),VLOOKUP(C53,CPUS!$B:$H,7,FALSE)))))),0) -> 44.21 | H53: =TRUNC(F53*G53,2) -> 57213.48 | I53: =TRUNC(G53*(1+$H$3),2) -> 54.54 | J53: =TRUNC(I53*F53,2) -> 70581.85
A54: 7.3 | B54: =IF(IFERROR(VLOOKUP(C54,SINAPI!$A:$D,1,FALSE),"")=C54,"SINAPI",IF(IFERROR(VLOOKUP(C54,SETOP!$A:$E,1,FALSE),"")=C54,"SETOP",IF(IFERROR(VLOOKUP(C54,SUDECAP!$A:$D,1,FALSE),"")=C54,"SUDECAP",IF(IFERROR(VLOOKUP(C54,SICRO!$A:$D,1,FALSE),"")=C54,"SICRO","COMPOSIÇÃO")))) -> SETOP | C54: ED-51144 | D54: =IFERROR(IFERROR(VLOOKUP(C54,SINAPI!$A:$D,2,FALSE),IFERROR(VLOOKUP(C54,SETOP!$A:$E,3,FALSE),IFERROR(VLOOKUP(C54,SETOP!$B:$E,2,FALSE),IFERROR(VLOOKUP(C54,SUDECAP!$A:$D,2,FALSE),IFERROR(VLOOKUP(C54,SICRO!$A:$D,2,FALSE),VLOOKUP(C54,CPUS!$B:$H,3,FALSE)))))),"") -> PASSEIOS DE CONCRETO E = 8 CM, FCK = 15 MPA PADRÃO PREFEITURA | E54: =IFERROR(IFERROR(VLOOKUP(C54,SINAPI!$A:$D,3,FALSE),IFERROR(VLOOKUP(C54,SETOP!$A:$E,4,FALSE),IFERROR(VLOOKUP(C54,SETOP!$B:$E,3,FALSE),IFERROR(VLOOKUP(C54,SUDECAP!$A:$D,3,FALSE),IFERROR(VLOOKUP(C54,SICRO!$A:$D,3,FALSE),VLOOKUP(C54,CPUS!$B:$H,4,FALSE)))))),"") -> M2 | F54: 1676.72 | G54: =IFERROR(IFERROR(VLOOKUP(C54,SINAPI!$A:$D,4,FALSE),IFERROR(VLOOKUP(C54,SETOP!$A:$E,5,FALSE),IFERROR(VLOOKUP(C54,SETOP!$B:$E,4,FALSE),IFERROR(VLOOKUP(C54,SUDECAP!$A:$D,4,FALSE),IFERROR(VLOOKUP(C54,SICRO!$A:$D,4,FALSE),VLOOKUP(C54,CPUS!$B:$H,7,FALSE)))))),0) -> 71.03 | H54: =TRUNC(F54*G54,2) -> 119097.42 | I54: =TRUNC(G54*(1+$H$3),2) -> 87.63 | J54: =TRUNC(I54*F54,2) -> 146930.97
A55: 8 | D55: SINALIZAÇÃO | J55: =J56+J61 -> 31963.47
A56: 8.1 | D56: SINALIZAÇÃO VERTICAL | J56: =SUM(J57:J60) -> 3681.15
A57: 8.1.1 | B57: =IF(IFERROR(VLOOKUP(C57,SINAPI!$A:$D,1,FALSE),"")=C57,"SINAPI",IF(IFERROR(VLOOKUP(C57,SETOP!$A:$E,1,FALSE),"")=C57,"SETOP",IF(IFERROR(VLOOKUP(C57,SUDECAP!$A:$D,1,FALSE),"")=C57,"SUDECAP",IF(IFERROR(VLOOKUP(C57,SICRO!$A:$D,1,FALSE),"")=C57,"SICRO","COMPOSIÇÃO")))) -> SICRO | C57: 5213440 | D57: =IFERROR(IFERROR(VLOOKUP(C57,SINAPI!$A:$D,2,FALSE),IFERROR(VLOOKUP(C57,SETOP!$A:$E,3,FALSE),IFERROR(VLOOKUP(C57,SETOP!$B:$E,2,FALSE),IFERROR(VLOOKUP(C57,SUDECAP!$A:$D,2,FALSE),IFERROR(VLOOKUP(C57,SICRO!$A:$D,2,FALSE),VLOOKUP(C57,CPUS!$B:$H,3,FALSE)))))),"") -> PLACA DE REGULAMENTAÇÃO EM AÇO D = 0,60 M - PELÍCULA RETRORREFLETIVA TIPO I + SI - FORNECIMENTO E IMPLANTAÇÃO | E57: =IFERROR(IFERROR(VLOOKUP(C57,SINAPI!$A:$D,3,FALSE),IFERROR(VLOOKUP(C57,SETOP!$A:$E,4,FALSE),IFERROR(VLOOKUP(C57,SETOP!$B:$E,3,FALSE),IFERROR(VLOOKUP(C57,SUDECAP!$A:$D,3,FALSE),IFERROR(VLOOKUP(C57,SICRO!$A:$D,3,FALSE),VLOOKUP(C57,CPUS!$B:$H,4,FALSE)))))),"") -> UN | F57: 3 | G57: =IFERROR(IFERROR(VLOOKUP(C57,SINAPI!$A:$D,4,FALSE),IFERROR(VLOOKUP(C57,SETOP!$A:$E,5,FALSE),IFERROR(VLOOKUP(C57,SETOP!$B:$E,4,FALSE),IFERROR(VLOOKUP(C57,SUDECAP!$A:$D,4,FALSE),IFERROR(VLOOKUP(C57,SICRO!$A:$D,4,FALSE),VLOOKUP(C57,CPUS!$B:$H,7,FALSE)))))),0) -> 246.85 | H57: =TRUNC(F57*G57,2) -> 740.55 | I57: =TRUNC(G57*(1+$H$3),2) -> 304.56 | J57: =TRUNC(I57*F57,2) -> 913.68
A58: 8.1.2 | B58: =IF(IFERROR(VLOOKUP(C58,SINAPI!$A:$D,1,FALSE),"")=C58,"SINAPI",IF(IFERROR(VLOOKUP(C58,SETOP!$A:$E,1,FALSE),"")=C58,"SETOP",IF(IFERROR(VLOOKUP(C58,SUDECAP!$A:$D,1,FALSE),"")=C58,"SUDECAP",IF(IFERROR(VLOOKUP(C58,SICRO!$A:$D,1,FALSE),"")=C58,"SICRO","COMPOSIÇÃO")))) -> SICRO | C58: 5213477 | D58: =IFERROR(IFERROR(VLOOKUP(C58,SINAPI!$A:$D,2,FALSE),IFERROR(VLOOKUP(C58,SETOP!$A:$E,3,FALSE),IFERROR(VLOOKUP(C58,SETOP!$B:$E,2,FALSE),IFERROR(VLOOKUP(C58,SUDECAP!$A:$D,2,FALSE),IFERROR(VLOOKUP(C58,SICRO!$A:$D,2,FALSE),VLOOKUP(C58,CPUS!$B:$H,3,FALSE)))))),"") -> PLACA DELINEADOR EM AÇO - 0,30 X 0,90 M - PELÍCULA RETRORREFLETIVA TIPO I + IV - FORNECIMENTO E IMPLANTAÇÃO | E58: =IFERROR(IFERROR(VLOOKUP(C58,SINAPI!$A:$D,3,FALSE),IFERROR(VLOOKUP(C58,SETOP!$A:$E,4,FALSE),IFERROR(VLOOKUP(C58,SETOP!$B:$E,3,FALSE),IFERROR(VLOOKUP(C58,SUDECAP!$A:$D,3,FALSE),IFERROR(VLOOKUP(C58,SICRO!$A:$D,3,FALSE),VLOOKUP(C58,CPUS!$B:$H,4,FALSE)))))),"") -> UN | F58: 3 | G58: =IFERROR(IFERROR(VLOOKUP(C58,SINAPI!$A:$D,4,FALSE),IFERROR(VLOOKUP(C58,SETOP!$A:$E,5,FALSE),IFERROR(VLOOKUP(C58,SETOP!$B:$E,4,FALSE),IFERROR(VLOOKUP(C58,SUDECAP!$A:$D,4,FALSE),IFERROR(VLOOKUP(C58,SICRO!$A:$D,4,FALSE),VLOOKUP(C58,CPUS!$B:$H,7,FALSE)))))),0) -> 164.76 | H58: =TRUNC(F58*G58,2) -> 494.28 | I58: =TRUNC(G58*(1+$H$3),2) -> 203.28 | J58: =TRUNC(I58*F58,2) -> 609.84
A59: 8.1.3 | B59: =IF(IFERROR(VLOOKUP(C59,SINAPI!$A:$D,1,FALSE),"")=C59,"SINAPI",IF(IFERROR(VLOOKUP(C59,SETOP!$A:$E,1,FALSE),"")=C59,"SETOP",IF(IFERROR(VLOOKUP(C59,SUDECAP!$A:$D,1,FALSE),"")=C59,"SUDECAP",IF(IFERROR(VLOOKUP(C59,SICRO!$A:$D,1,FALSE),"")=C59,"SICRO","COMPOSIÇÃO")))) -> SICRO | C59: 5213462 | D59: =IFERROR(IFERROR(VLOOKUP(C59,SINAPI!$A:$D,2,FALSE),IFERROR(VLOOKUP(C59,SETOP!$A:$E,3,FALSE),IFERROR(VLOOKUP(C59,SETOP!$B:$E,2,FALSE),IFERROR(VLOOKUP(C59,SUDECAP!$A:$D,2,FALSE),IFERROR(VLOOKUP(C59,SICRO!$A:$D,2,FALSE),VLOOKUP(C59,CPUS!$B:$H,3,FALSE)))))),"") -> PLACA DE REGULAMENTAÇÃO EM FIBRA, R2 LADO 1,00 M - PELÍCULA RETRORREFLETIVA TIPO I + SI - FORNECIMENTO E IMPLANTAÇÃO | E59: =IFERROR(IFERROR(VLOOKUP(C59,SINAPI!$A:$D,3,FALSE),IFERROR(VLOOKUP(C59,SETOP!$A:$E,4,FALSE),IFERROR(VLOOKUP(C59,SETOP!$B:$E,3,FALSE),IFERROR(VLOOKUP(C59,SUDECAP!$A:$D,3,FALSE),IFERROR(VLOOKUP(C59,SICRO!$A:$D,3,FALSE),VLOOKUP(C59,CPUS!$B:$H,4,FALSE)))))),"") -> UN | F59: 3 | G59: =IFERROR(IFERROR(VLOOKUP(C59,SINAPI!$A:$D,4,FALSE),IFERROR(VLOOKUP(C59,SETOP!$A:$E,5,FALSE),IFERROR(VLOOKUP(C59,SETOP!$B:$E,4,FALSE),IFERROR(VLOOKUP(C59,SUDECAP!$A:$D,4,FALSE),IFERROR(VLOOKUP(C59,SICRO!$A:$D,4,FALSE),VLOOKUP(C59,CPUS!$B:$H,7,FALSE)))))),0) -> 358.42 | H59: =TRUNC(F59*G59,2) -> 1075.26 | I59: =TRUNC(G59*(1+$H$3),2) -> 442.21 | J59: =TRUNC(I59*F59,2) -> 1326.63
A60: 8.1.4 | B60: =IF(IFERROR(VLOOKUP(C60,SINAPI!$A:$D,1,FALSE),"")=C60,"SINAPI",IF(IFERROR(VLOOKUP(C60,SETOP!$A:$E,1,FALSE),"")=C60,"SETOP",IF(IFERROR(VLOOKUP(C60,SUDECAP!$A:$D,1,FALSE),"")=C60,"SUDECAP",IF(IFERROR(VLOOKUP(C60,SICRO!$A:$D,1,FALSE),"")=C60,"SICRO","COMPOSIÇÃO")))) -> SICRO | C60: 5216111 | D60: =IFERROR(IFERROR(VLOOKUP(C60,SINAPI!$A:$D,2,FALSE),IFERROR(VLOOKUP(C60,SETOP!$A:$E,3,FALSE),IFERROR(VLOOKUP(C60,SETOP!$B:$E,2,FALSE),IFERROR(VLOOKUP(C60,SUDECAP!$A:$D,2,FALSE),IFERROR(VLOOKUP(C60,SICRO!$A:$D,2,FALSE),VLOOKUP(C60,CPUS!$B:$H,3,FALSE)))))),"") -> SUPORTE PARA PLACA DE SINALIZAÇÃO EM MADEIRA DE LEI TRATADA 8 X 8 CM - FORNECIMENTO E IMPLANTAÇÃO | E60: =IFERROR(IFERROR(VLOOKUP(C60,SINAPI!$A:$D,3,FALSE),IFERROR(VLOOKUP(C60,SETOP!$A:$E,4,FALSE),IFERROR(VLOOKUP(C60,SETOP!$B:$E,3,FALSE),IFERROR(VLOOKUP(C60,SUDECAP!$A:$D,3,FALSE),IFERROR(VLOOKUP(C60,SICRO!$A:$D,3,FALSE),VLOOKUP(C60,CPUS!$B:$H,4,FALSE)))))),"") -> UN | F60: 6 | G60: =IFERROR(IFERROR(VLOOKUP(C60,SINAPI!$A:$D,4,FALSE),IFERROR(VLOOKUP(C60,SETOP!$A:$E,5,FALSE),IFERROR(VLOOKUP(C60,SETOP!$B:$E,4,FALSE),IFERROR(VLOOKUP(C60,SUDECAP!$A:$D,4,FALSE),IFERROR(VLOOKUP(C60,SICRO!$A:$D,4,FALSE),VLOOKUP(C60,CPUS!$B:$H,7,FALSE)))))),0) -> 112.26 | H60: =TRUNC(F60*G60,2) -> 673.56 | I60: =TRUNC(G60*(1+$H$3),2) -> 138.5 | J60: =TRUNC(I60*F60,2) -> 831
A61: 8.2 | D61: SINALIZAÇÃO HORIZONTAL | J61: =SUM(J62:J66) -> 28282.32
A62: 8.2.1 | B62: =IF(IFERROR(VLOOKUP(C62,SINAPI!$A:$D,1,FALSE),"")=C62,"SINAPI",IF(IFERROR(VLOOKUP(C62,SETOP!$A:$E,1,FALSE),"")=C62,"SETOP",IF(IFERROR(VLOOKUP(C62,SUDECAP!$A:$D,1,FALSE),"")=C62,"SUDECAP",IF(IFERROR(VLOOKUP(C62,SICRO!$A:$D,1,FALSE),"")=C62,"SICRO","COMPOSIÇÃO")))) -> SETOP | C62: RO-41237 | D62: =IFERROR(IFERROR(VLOOKUP(C62,SINAPI!$A:$D,2,FALSE),IFERROR(VLOOKUP(C62,SETOP!$A:$E,3,FALSE),IFERROR(VLOOKUP(C62,SETOP!$B:$E,2,FALSE),IFERROR(VLOOKUP(C62,SUDECAP!$A:$D,2,FALSE),IFERROR(VLOOKUP(C62,SICRO!$A:$D,2,FALSE),VLOOKUP(C62,CPUS!$B:$H,3,FALSE)))))),"") -> LINHAS DE RESINA ACRILICA DE 0,6MM DE ESPESSURA E LARGURA = 0,10M (EXECUÇÃO, INCLUINDO PRÉ-MARCAÇÃO, FORNECIMENTO E TRANSPORTE DE TODOS OS MATERIAIS) | E62: =IFERROR(IFERROR(VLOOKUP(C62,SINAPI!$A:$D,3,FALSE),IFERROR(VLOOKUP(C62,SETOP!$A:$E,4,FALSE),IFERROR(VLOOKUP(C62,SETOP!$B:$E,3,FALSE),IFERROR(VLOOKUP(C62,SUDECAP!$A:$D,3,FALSE),IFERROR(VLOOKUP(C62,SICRO!$A:$D,3,FALSE),VLOOKUP(C62,CPUS!$B:$H,4,FALSE)))))),"") -> M | F62: 2448.43 | G62: =IFERROR(IFERROR(VLOOKUP(C62,SINAPI!$A:$D,4,FALSE),IFERROR(VLOOKUP(C62,SETOP!$A:$E,5,FALSE),IFERROR(VLOOKUP(C62,SETOP!$B:$E,4,FALSE),IFERROR(VLOOKUP(C62,SUDECAP!$A:$D,4,FALSE),IFERROR(VLOOKUP(C62,SICRO!$A:$D,4,FALSE),VLOOKUP(C62,CPUS!$B:$H,7,FALSE)))))),0) -> 2.97 | H62: =TRUNC(F62*G62,2) -> 7271.83 | I62: =TRUNC(G62*(1+$H$3),2) -> 3.66 | J62: =TRUNC(I62*F62,2) -> 8961.25
A63: 8.2.2 | B63: =IF(IFERROR(VLOOKUP(C63,SINAPI!$A:$D,1,FALSE),"")=C63,"SINAPI",IF(IFERROR(VLOOKUP(C63,SETOP!$A:$E,1,FALSE),"")=C63,"SETOP",IF(IFERROR(VLOOKUP(C63,SUDECAP!$A:$D,1,FALSE),"")=C63,"SUDECAP",IF(IFERROR(VLOOKUP(C63,SICRO!$A:$D,1,FALSE),"")=C63,"SICRO","COMPOSIÇÃO")))) -> SETOP | C63: RO-41240 | D63: =IFERROR(IFERROR(VLOOKUP(C63,SINAPI!$A:$D,2,FALSE),IFERROR(VLOOKUP(C63,SETOP!$A:$E,3,FALSE),IFERROR(VLOOKUP(C63,SETOP!$B:$E,2,FALSE),IFERROR(VLOOKUP(C63,SUDECAP!$A:$D,2,FALSE),IFERROR(VLOOKUP(C63,SICRO!$A:$D,2,FALSE),VLOOKUP(C63,CPUS!$B:$H,3,FALSE)))))),"") -> LINHAS DE RESINA ACRILICA 0,6MM DE ESPESSURA E LARGURA = 0,30M (EXECUÇÃO, INCLUSIVE PRÉ-MARCAÇÃO, FORNECIMENTO E TRANSPORTE DE TODOS OS MATERIAIS) | E63: =IFERROR(IFERROR(VLOOKUP(C63,SINAPI!$A:$D,3,FALSE),IFERROR(VLOOKUP(C63,SETOP!$A:$E,4,FALSE),IFERROR(VLOOKUP(C63,SETOP!$B:$E,3,FALSE),IFERROR(VLOOKUP(C63,SUDECAP!$A:$D,3,FALSE),IFERROR(VLOOKUP(C63,SICRO!$A:$D,3,FALSE),VLOOKUP(C63,CPUS!$B:$H,4,FALSE)))))),"") -> M | F63: 170.25 | G63: =IFERROR(IFERROR(VLOOKUP(C63,SINAPI!$A:$D,4,FALSE),IFERROR(VLOOKUP(C63,SETOP!$A:$E,5,FALSE),IFERROR(VLOOKUP(C63,SETOP!$B:$E,4,FALSE),IFERROR(VLOOKUP(C63,SUDECAP!$A:$D,4,FALSE),IFERROR(VLOOKUP(C63,SICRO!$A:$D,4,FALSE),VLOOKUP(C63,CPUS!$B:$H,7,FALSE)))))),0) -> 8.18 | H63: =TRUNC(F63*G63,2) -> 1392.64 | I63: =TRUNC(G63*(1+$H$3),2) -> 10.09 | J63: =TRUNC(I63*F63,2) -> 1717.82
A64: 8.2.3 | B64: =IF(IFERROR(VLOOKUP(C64,SINAPI!$A:$D,1,FALSE),"")=C64,"SINAPI",IF(IFERROR(VLOOKUP(C64,SETOP!$A:$E,1,FALSE),"")=C64,"SETOP",IF(IFERROR(VLOOKUP(C64,SUDECAP!$A:$D,1,FALSE),"")=C64,"SUDECAP",IF(IFERROR(VLOOKUP(C64,SICRO!$A:$D,1,FALSE),"")=C64,"SICRO","COMPOSIÇÃO")))) -> SETOP | C64: RO-41239 | D64: =IFERROR(IFERROR(VLOOKUP(C64,SINAPI!$A:$D,2,FALSE),IFERROR(VLOOKUP(C64,SETOP!$A:$E,3,FALSE),IFERROR(VLOOKUP(C64,SETOP!$B:$E,2,FALSE),IFERROR(VLOOKUP(C64,SUDECAP!$A:$D,2,FALSE),IFERROR(VLOOKUP(C64,SICRO!$A:$D,2,FALSE),VLOOKUP(C64,CPUS!$B:$H,3,FALSE)))))),"") -> LINHAS DE RESINA ACRILICA 0,6MM DE ESPESSURA E LARGURA = 0,20M (EXECUÇÃO, INCLUSIVE PRÉ-MARCAÇÃO, FORNECIMENTO E TRANSPORTE DE TODOS OS MATERIAIS) | E64: =IFERROR(IFERROR(VLOOKUP(C64,SINAPI!$A:$D,3,FALSE),IFERROR(VLOOKUP(C64,SETOP!$A:$E,4,FALSE),IFERROR(VLOOKUP(C64,SETOP!$B:$E,3,FALSE),IFERROR(VLOOKUP(C64,SUDECAP!$A:$D,3,FALSE),IFERROR(VLOOKUP(C64,SICRO!$A:$D,3,FALSE),VLOOKUP(C64,CPUS!$B:$H,4,FALSE)))))),"") -> M | F64: 295.1 | G64: =IFERROR(IFERROR(VLOOKUP(C64,SINAPI!$A:$D,4,FALSE),IFERROR(VLOOKUP(C64,SETOP!$A:$E,5,FALSE),IFERROR(VLOOKUP(C64,SETOP!$B:$E,4,FALSE),IFERROR(VLOOKUP(C64,SUDECAP!$A:$D,4,FALSE),IFERROR(VLOOKUP(C64,SICRO!$A:$D,4,FALSE),VLOOKUP(C64,CPUS!$B:$H,7,FALSE)))))),0) -> 5.57 | H64: =TRUNC(F64*G64,2) -> 1643.7 | I64: =TRUNC(G64*(1+$H$3),2) -> 6.87 | J64: =TRUNC(I64*F64,2) -> 2027.33
A65: 8.2.4 | B65: =IF(IFERROR(VLOOKUP(C65,SINAPI!$A:$D,1,FALSE),"")=C65,"SINAPI",IF(IFERROR(VLOOKUP(C65,SETOP!$A:$E,1,FALSE),"")=C65,"SETOP",IF(IFERROR(VLOOKUP(C65,SUDECAP!$A:$D,1,FALSE),"")=C65,"SUDECAP",IF(IFERROR(VLOOKUP(C65,SICRO!$A:$D,1,FALSE),"")=C65,"SICRO","COMPOSIÇÃO")))) -> SETOP | C65: RO-41779 | D65: =IFERROR(IFERROR(VLOOKUP(C65,SINAPI!$A:$D,2,FALSE),IFERROR(VLOOKUP(C65,SETOP!$A:$E,3,FALSE),IFERROR(VLOOKUP(C65,SETOP!$B:$E,2,FALSE),IFERROR(VLOOKUP(C65,SUDECAP!$A:$D,2,FALSE),IFERROR(VLOOKUP(C65,SICRO!$A:$D,2,FALSE),VLOOKUP(C65,CPUS!$B:$H,3,FALSE)))))),"") -> SETAS, SIMBOLOS E DIZERES DE RESINA ACRÍLICA 0,6MM DE ESPESSURA (EXECUÇÃO, INCLUINDO PRÉ-MARCAÇÃO, FORNECIMENTO E TRANSPORTE DE TODOS OS MATERIAIS) | E65: =IFERROR(IFERROR(VLOOKUP(C65,SINAPI!$A:$D,3,FALSE),IFERROR(VLOOKUP(C65,SETOP!$A:$E,4,FALSE),IFERROR(VLOOKUP(C65,SETOP!$B:$E,3,FALSE),IFERROR(VLOOKUP(C65,SUDECAP!$A:$D,3,FALSE),IFERROR(VLOOKUP(C65,SICRO!$A:$D,3,FALSE),VLOOKUP(C65,CPUS!$B:$H,4,FALSE)))))),"") -> M2 | F65: =11.88+116.82 -> 128.7 | G65: =IFERROR(IFERROR(VLOOKUP(C65,SINAPI!$A:$D,4,FALSE),IFERROR(VLOOKUP(C65,SETOP!$A:$E,5,FALSE),IFERROR(VLOOKUP(C65,SETOP!$B:$E,4,FALSE),IFERROR(VLOOKUP(C65,SUDECAP!$A:$D,4,FALSE),IFERROR(VLOOKUP(C65,SICRO!$A:$D,4,FALSE),VLOOKUP(C65,CPUS!$B:$H,7,FALSE)))))),0) -> 39.06 | H65: =TRUNC(F65*G65,2) -> 5027.02 | I65: =TRUNC(G65*(1+$H$3),2) -> 48.19 | J65: =TRUNC(I65*F65,2) -> 6202.05
A66: 8.2.5 | B66: =IF(IFERROR(VLOOKUP(C66,SINAPI!$A:$D,1,FALSE),"")=C66,"SINAPI",IF(IFERROR(VLOOKUP(C66,SETOP!$A:$E,1,FALSE),"")=C66,"SETOP",IF(IFERROR(VLOOKUP(C66,SUDECAP!$A:$D,1,FALSE),"")=C66,"SUDECAP",IF(IFERROR(VLOOKUP(C66,SICRO!$A:$D,1,FALSE),"")=C66,"SICRO","COMPOSIÇÃO")))) -> SETOP | C66: RO-41228 | D66: =IFERROR(IFERROR(VLOOKUP(C66,SINAPI!$A:$D,2,FALSE),IFERROR(VLOOKUP(C66,SETOP!$A:$E,3,FALSE),IFERROR(VLOOKUP(C66,SETOP!$B:$E,2,FALSE),IFERROR(VLOOKUP(C66,SUDECAP!$A:$D,2,FALSE),IFERROR(VLOOKUP(C66,SICRO!$A:$D,2,FALSE),VLOOKUP(C66,CPUS!$B:$H,3,FALSE)))))),"") -> TACHÃO REFLETIVO TIPO SHTRG, COM CATADIÓPTRICO NAS DUAS FACES (EXECUÇÃO, INCLUINDO FORNECIMENTO, COLOCAÇÃO E TRANSPORTE DE TODOS OS MATERIAIS) | E66: =IFERROR(IFERROR(VLOOKUP(C66,SINAPI!$A:$D,3,FALSE),IFERROR(VLOOKUP(C66,SETOP!$A:$E,4,FALSE),IFERROR(VLOOKUP(C66,SETOP!$B:$E,3,FALSE),IFERROR(VLOOKUP(C66,SUDECAP!$A:$D,3,FALSE),IFERROR(VLOOKUP(C66,SICRO!$A:$D,3,FALSE),VLOOKUP(C66,CPUS!$B:$H,4,FALSE)))))),"") -> U | F66: 127 | G66: =IFERROR(IFERROR(VLOOKUP(C66,SINAPI!$A:$D,4,FALSE),IFERROR(VLOOKUP(C66,SETOP!$A:$E,5,FALSE),IFERROR(VLOOKUP(C66,SETOP!$B:$E,4,FALSE),IFERROR(VLOOKUP(C66,SUDECAP!$A:$D,4,FALSE),IFERROR(VLOOKUP(C66,SICRO!$A:$D,4,FALSE),VLOOKUP(C66,CPUS!$B:$H,7,FALSE)))))),0) -> 59.83 | H66: =TRUNC(F66*G66,2) -> 7598.41 | I66: =TRUNC(G66*(1+$H$3),2) -> 73.81 | J66: =TRUNC(I66*F66,2) -> 9373.87
A67: 9 | D67: PAISAGISMO | J67: =SUM(J68:J79) -> 74166.26
A68: 9.1 | B68: =IF(IFERROR(VLOOKUP(C68,SINAPI!$A:$D,1,FALSE),"")=C68,"SINAPI",IF(IFERROR(VLOOKUP(C68,SETOP!$A:$E,1,FALSE),"")=C68,"SETOP",IF(IFERROR(VLOOKUP(C68,SUDECAP!$A:$D,1,FALSE),"")=C68,"SUDECAP",IF(IFERROR(VLOOKUP(C68,SICRO!$A:$D,1,FALSE),"")=C68,"SICRO","COMPOSIÇÃO")))) -> SINAPI | C68: 98505 | D68: =IFERROR(IFERROR(VLOOKUP(C68,SINAPI!$A:$D,2,FALSE),IFERROR(VLOOKUP(C68,SETOP!$A:$E,3,FALSE),IFERROR(VLOOKUP(C68,SETOP!$B:$E,2,FALSE),IFERROR(VLOOKUP(C68,SUDECAP!$A:$D,2,FALSE),IFERROR(VLOOKUP(C68,SICRO!$A:$D,2,FALSE),VLOOKUP(C68,CPUS!$B:$H,3,FALSE)))))),"") -> PLANTIO DE FORRAÇÃO. AF_05/2018 | E68: =IFERROR(IFERROR(VLOOKUP(C68,SINAPI!$A:$D,3,FALSE),IFERROR(VLOOKUP(C68,SETOP!$A:$E,4,FALSE),IFERROR(VLOOKUP(C68,SETOP!$B:$E,3,FALSE),IFERROR(VLOOKUP(C68,SUDECAP!$A:$D,3,FALSE),IFERROR(VLOOKUP(C68,SICRO!$A:$D,3,FALSE),VLOOKUP(C68,CPUS!$B:$H,4,FALSE)))))),"") -> M2 | F68: =270.62+208.97 -> 479.59 | G68: =IFERROR(IFERROR(VLOOKUP(C68,SINAPI!$A:$D,4,FALSE),IFERROR(VLOOKUP(C68,SETOP!$A:$E,5,FALSE),IFERROR(VLOOKUP(C68,SETOP!$B:$E,4,FALSE),IFERROR(VLOOKUP(C68,SUDECAP!$A:$D,4,FALSE),IFERROR(VLOOKUP(C68,SICRO!$A:$D,4,FALSE),VLOOKUP(C68,CPUS!$B:$H,7,FALSE)))))),0) -> 86.67 | H68: =TRUNC(F68*G68,2) -> 41566.06 | I68: =TRUNC(G68*(1+$H$3),2) -> 106.93 | J68: =TRUNC(I68*F68,2) -> 51282.55
A69: 9.2 | B69: =IF(IFERROR(VLOOKUP(C69,SINAPI!$A:$D,1,FALSE),"")=C69,"SINAPI",IF(IFERROR(VLOOKUP(C69,SETOP!$A:$E,1,FALSE),"")=C69,"SETOP",IF(IFERROR(VLOOKUP(C69,SUDECAP!$A:$D,1,FALSE),"")=C69,"SUDECAP",IF(IFERROR(VLOOKUP(C69,SICRO!$A:$D,1,FALSE),"")=C69,"SICRO","COMPOSIÇÃO")))) -> SINAPI | C69: 98509 | D69: =IFERROR(IFERROR(VLOOKUP(C69,SINAPI!$A:$D,2,FALSE),IFERROR(VLOOKUP(C69,SETOP!$A:$E,3,FALSE),IFERROR(VLOOKUP(C69,SETOP!$B:$E,2,FALSE),IFERROR(VLOOKUP(C69,SUDECAP!$A:$D,2,FALSE),IFERROR(VLOOKUP(C69,SICRO!$A:$D,2,FALSE),VLOOKUP(C69,CPUS!$B:$H,3,FALSE)))))),"") -> PLANTIO DE ARBUSTO OU CERCA VIVA. AF_05/2018 | E69: =IFERROR(IFERROR(VLOOKUP(C69,SINAPI!$A:$D,3,FALSE),IFERROR(VLOOKUP(C69,SETOP!$A:$E,4,FALSE),IFERROR(VLOOKUP(C69,SETOP!$B:$E,3,FALSE),IFERROR(VLOOKUP(C69,SUDECAP!$A:$D,3,FALSE),IFERROR(VLOOKUP(C69,SICRO!$A:$D,3,FALSE),VLOOKUP(C69,CPUS!$B:$H,4,FALSE)))))),"") -> UN | F69: 3 | G69: =IFERROR(IFERROR(VLOOKUP(C69,SINAPI!$A:$D,4,FALSE),IFERROR(VLOOKUP(C69,SETOP!$A:$E,5,FALSE),IFERROR(VLOOKUP(C69,SETOP!$B:$E,4,FALSE),IFERROR(VLOOKUP(C69,SUDECAP!$A:$D,4,FALSE),IFERROR(VLOOKUP(C69,SICRO!$A:$D,4,FALSE),VLOOKUP(C69,CPUS!$B:$H,7,FALSE)))))),0) -> 60.51 | H69: =TRUNC(F69*G69,2) -> 181.53 | I69: =TRUNC(G69*(1+$H$3),2) -> 74.65 | J69: =TRUNC(I69*F69,2) -> 223.95
A70: 9.3 | B70: =IF(IFERROR(VLOOKUP(C70,SINAPI!$A:$D,1,FALSE),"")=C70,"SINAPI",IF(IFERROR(VLOOKUP(C70,SETOP!$A:$E,1,FALSE),"")=C70,"SETOP",IF(IFERROR(VLOOKUP(C70,SUDECAP!$A:$D,1,FALSE),"")=C70,"SUDECAP",IF(IFERROR(VLOOKUP(C70,SICRO!$A:$D,1,FALSE),"")=C70,"SICRO","COMPOSIÇÃO")))) -> SINAPI | C70: 103946 | D70: =IFERROR(IFERROR(VLOOKUP(C70,SINAPI!$A:$D,2,FALSE),IFERROR(VLOOKUP(C70,SETOP!$A:$E,3,FALSE),IFERROR(VLOOKUP(C70,SETOP!$B:$E,2,FALSE),IFERROR(VLOOKUP(C70,SUDECAP!$A:$D,2,FALSE),IFERROR(VLOOKUP(C70,SICRO!$A:$D,2,FALSE),VLOOKUP(C70,CPUS!$B:$H,3,FALSE)))))),"") -> PLANTIO DE GRAMA ESMERALDA OU SÃO CARLOS OU CURITIBANA, EM PLACAS. AF_05/2022 | E70: =IFERROR(IFERROR(VLOOKUP(C70,SINAPI!$A:$D,3,FALSE),IFERROR(VLOOKUP(C70,SETOP!$A:$E,4,FALSE),IFERROR(VLOOKUP(C70,SETOP!$B:$E,3,FALSE),IFERROR(VLOOKUP(C70,SUDECAP!$A:$D,3,FALSE),IFERROR(VLOOKUP(C70,SICRO!$A:$D,3,FALSE),VLOOKUP(C70,CPUS!$B:$H,4,FALSE)))))),"") -> M2 | F70: 76.41 | G70: =IFERROR(IFERROR(VLOOKUP(C70,SINAPI!$A:$D,4,FALSE),IFERROR(VLOOKUP(C70,SETOP!$A:$E,5,FALSE),IFERROR(VLOOKUP(C70,SETOP!$B:$E,4,FALSE),IFERROR(VLOOKUP(C70,SUDECAP!$A:$D,4,FALSE),IFERROR(VLOOKUP(C70,SICRO!$A:$D,4,FALSE),VLOOKUP(C70,CPUS!$B:$H,7,FALSE)))))),0) -> 19.01 | H70: =TRUNC(F70*G70,2) -> 1452.55 | I70: =TRUNC(G70*(1+$H$3),2) -> 23.45 | J70: =TRUNC(I70*F70,2) -> 1791.81
A71: 9.4 | B71: =IF(IFERROR(VLOOKUP(C71,SINAPI!$A:$D,1,FALSE),"")=C71,"SINAPI",IF(IFERROR(VLOOKUP(C71,SETOP!$A:$E,1,FALSE),"")=C71,"SETOP",IF(IFERROR(VLOOKUP(C71,SUDECAP!$A:$D,1,FALSE),"")=C71,"SUDECAP",IF(IFERROR(VLOOKUP(C71,SICRO!$A:$D,1,FALSE),"")=C71,"SICRO","COMPOSIÇÃO")))) -> SINAPI | C71: 98516 | D71: =IFERROR(IFERROR(VLOOKUP(C71,SINAPI!$A:$D,2,FALSE),IFERROR(VLOOKUP(C71,SETOP!$A:$E,3,FALSE),IFERROR(VLOOKUP(C71,SETOP!$B:$E,2,FALSE),IFERROR(VLOOKUP(C71,SUDECAP!$A:$D,2,FALSE),IFERROR(VLOOKUP(C71,SICRO!$A:$D,2,FALSE),VLOOKUP(C71,CPUS!$B:$H,3,FALSE)))))),"") -> PLANTIO DE PALMEIRA COM ALTURA DE MUDA MENOR OU IGUAL A 2,00 M. AF_05/2018 | E71: =IFERROR(IFERROR(VLOOKUP(C71,SINAPI!$A:$D,3,FALSE),IFERROR(VLOOKUP(C71,SETOP!$A:$E,4,FALSE),IFERROR(VLOOKUP(C71,SETOP!$B:$E,3,FALSE),IFERROR(VLOOKUP(C71,SUDECAP!$A:$D,3,FALSE),IFERROR(VLOOKUP(C71,SICRO!$A:$D,3,FALSE),VLOOKUP(C71,CPUS!$B:$H,4,FALSE)))))),"") -> UN | F71: 4 | G71: =IFERROR(IFERROR(VLOOKUP(C71,SINAPI!$A:$D,4,FALSE),IFERROR(VLOOKUP(C71,SETOP!$A:$E,5,FALSE),IFERROR(VLOOKUP(C71,SETOP!$B:$E,4,FALSE),IFERROR(VLOOKUP(C71,SUDECAP!$A:$D,4,FALSE),IFERROR(VLOOKUP(C71,SICRO!$A:$D,4,FALSE),VLOOKUP(C71,CPUS!$B:$H,7,FALSE)))))),0) -> 400.98 | H71: =TRUNC(F71*G71,2) -> 1603.92 | I71: =TRUNC(G71*(1+$H$3),2) -> 494.72 | J71: =TRUNC(I71*F71,2) -> 1978.88
A72: 9.5 | B72: =IF(IFERROR(VLOOKUP(C72,SINAPI!$A:$D,1,FALSE),"")=C72,"SINAPI",IF(IFERROR(VLOOKUP(C72,SETOP!$A:$E,1,FALSE),"")=C72,"SETOP",IF(IFERROR(VLOOKUP(C72,SUDECAP!$A:$D,1,FALSE),"")=C72,"SUDECAP",IF(IFERROR(VLOOKUP(C72,SICRO!$A:$D,1,FALSE),"")=C72,"SICRO","COMPOSIÇÃO")))) -> SETOP | C72: ED-50432 | D72: =IFERROR(IFERROR(VLOOKUP(C72,SINAPI!$A:$D,2,FALSE),IFERROR(VLOOKUP(C72,SETOP!$A:$E,3,FALSE),IFERROR(VLOOKUP(C72,SETOP!$B:$E,2,FALSE),IFERROR(VLOOKUP(C72,SUDECAP!$A:$D,2,FALSE),IFERROR(VLOOKUP(C72,SICRO!$A:$D,2,FALSE),VLOOKUP(C72,CPUS!$B:$H,3,FALSE)))))),"") -> PLANTIO E PREPARO DE COVAS PARA ÁRVORES COM ALTURA MÉDIA DE 2,00M, DIMENSÕES (60X60X60)CM , EXCLUSIVE FORNECIMENTO DAS MUDAS | E72: =IFERROR(IFERROR(VLOOKUP(C72,SINAPI!$A:$D,3,FALSE),IFERROR(VLOOKUP(C72,SETOP!$A:$E,4,FALSE),IFERROR(VLOOKUP(C72,SETOP!$B:$E,3,FALSE),IFERROR(VLOOKUP(C72,SUDECAP!$A:$D,3,FALSE),IFERROR(VLOOKUP(C72,SICRO!$A:$D,3,FALSE),VLOOKUP(C72,CPUS!$B:$H,4,FALSE)))))),"") -> UN | F72: 4 | G72: =IFERROR(IFERROR(VLOOKUP(C72,SINAPI!$A:$D,4,FALSE),IFERROR(VLOOKUP(C72,SETOP!$A:$E,5,FALSE),IFERROR(VLOOKUP(C72,SETOP!$B:$E,4,FALSE),IFERROR(VLOOKUP(C72,SUDECAP!$A:$D,4,FALSE),IFERROR(VLOOKUP(C72,SICRO!$A:$D,4,FALSE),VLOOKUP(C72,CPUS!$B:$H,7,FALSE)))))),0) -> 14.65 | H72: =TRUNC(F72*G72,2) -> 58.6 | I72: =TRUNC(G72*(1+$H$3),2) -> 18.07 | J72: =TRUNC(I72*F72,2) -> 72.28
A73: 9.6 | B73: =IF(IFERROR(VLOOKUP(C73,SINAPI!$A:$D,1,FALSE),"")=C73,"SINAPI",IF(IFERROR(VLOOKUP(C73,SETOP!$A:$E,1,FALSE),"")=C73,"SETOP",IF(IFERROR(VLOOKUP(C73,SUDECAP!$A:$D,1,FALSE),"")=C73,"SUDECAP",IF(IFERROR(VLOOKUP(C73,SICRO!$A:$D,1,FALSE),"")=C73,"SICRO","COMPOSIÇÃO")))) -> SETOP | C73: ED-31453 | D73: =IFERROR(IFERROR(VLOOKUP(C73,SINAPI!$A:$D,2,FALSE),IFERROR(VLOOKUP(C73,SETOP!$A:$E,3,FALSE),IFERROR(VLOOKUP(C73,SETOP!$B:$E,2,FALSE),IFERROR(VLOOKUP(C73,SUDECAP!$A:$D,2,FALSE),IFERROR(VLOOKUP(C73,SICRO!$A:$D,2,FALSE),VLOOKUP(C73,CPUS!$B:$H,3,FALSE)))))),"") -> TUTOR DE MADEIRA DE EUCALIPTO TRATADO PARA PLANTIO DE MUDAS | E73: =IFERROR(IFERROR(VLOOKUP(C73,SINAPI!$A:$D,3,FALSE),IFERROR(VLOOKUP(C73,SETOP!$A:$E,4,FALSE),IFERROR(VLOOKUP(C73,SETOP!$B:$E,3,FALSE),IFERROR(VLOOKUP(C73,SUDECAP!$A:$D,3,FALSE),IFERROR(VLOOKUP(C73,SICRO!$A:$D,3,FALSE),VLOOKUP(C73,CPUS!$B:$H,4,FALSE)))))),"") -> UN | F73: 4 | G73: =IFERROR(IFERROR(VLOOKUP(C73,SINAPI!$A:$D,4,FALSE),IFERROR(VLOOKUP(C73,SETOP!$A:$E,5,FALSE),IFERROR(VLOOKUP(C73,SETOP!$B:$E,4,FALSE),IFERROR(VLOOKUP(C73,SUDECAP!$A:$D,4,FALSE),IFERROR(VLOOKUP(C73,SICRO!$A:$D,4,FALSE),VLOOKUP(C73,CPUS!$B:$H,7,FALSE)))))),0) -> 65.4 | H73: =TRUNC(F73*G73,2) -> 261.6 | I73: =TRUNC(G73*(1+$H$3),2) -> 80.69 | J73: =TRUNC(I73*F73,2) -> 322.76
A74: 9.7 | B74: =IF(IFERROR(VLOOKUP(C74,SINAPI!$A:$D,1,FALSE),"")=C74,"SINAPI",IF(IFERROR(VLOOKUP(C74,SETOP!$A:$E,1,FALSE),"")=C74,"SETOP",IF(IFERROR(VLOOKUP(C74,SUDECAP!$A:$D,1,FALSE),"")=C74,"SUDECAP",IF(IFERROR(VLOOKUP(C74,SICRO!$A:$D,1,FALSE),"")=C74,"SICRO","COMPOSIÇÃO")))) -> COMPOSIÇÃO | C74: CPU-1765 | D74: =IFERROR(IFERROR(VLOOKUP(C74,SINAPI!$A:$D,2,FALSE),IFERROR(VLOOKUP(C74,SETOP!$A:$E,3,FALSE),IFERROR(VLOOKUP(C74,SETOP!$B:$E,2,FALSE),IFERROR(VLOOKUP(C74,SUDECAP!$A:$D,2,FALSE),IFERROR(VLOOKUP(C74,SICRO!$A:$D,2,FALSE),VLOOKUP(C74,CPUS!$B:$H,3,FALSE)))))),"") -> FORNECIMENTO E IMPLANTAÇÃO DE TERRA VEGETAL PARA PAISAGISMO | E74: =IFERROR(IFERROR(VLOOKUP(C74,SINAPI!$A:$D,3,FALSE),IFERROR(VLOOKUP(C74,SETOP!$A:$E,4,FALSE),IFERROR(VLOOKUP(C74,SETOP!$B:$E,3,FALSE),IFERROR(VLOOKUP(C74,SUDECAP!$A:$D,3,FALSE),IFERROR(VLOOKUP(C74,SICRO!$A:$D,3,FALSE),VLOOKUP(C74,CPUS!$B:$H,4,FALSE)))))),"") -> M3 | F74: 0.58 | G74: =IFERROR(IFERROR(VLOOKUP(C74,SINAPI!$A:$D,4,FALSE),IFERROR(VLOOKUP(C74,SETOP!$A:$E,5,FALSE),IFERROR(VLOOKUP(C74,SETOP!$B:$E,4,FALSE),IFERROR(VLOOKUP(C74,SUDECAP!$A:$D,4,FALSE),IFERROR(VLOOKUP(C74,SICRO!$A:$D,4,FALSE),VLOOKUP(C74,CPUS!$B:$H,7,FALSE)))))),0) -> 236.18 | H74: =TRUNC(F74*G74,2) -> 136.98 | I74: =TRUNC(G74*(1+$H$3),2) -> 291.39 | J74: =TRUNC(I74*F74,2) -> 169
A75: 9.8 | B75: =IF(IFERROR(VLOOKUP(C75,SINAPI!$A:$D,1,FALSE),"")=C75,"SINAPI",IF(IFERROR(VLOOKUP(C75,SETOP!$A:$E,1,FALSE),"")=C75,"SETOP",IF(IFERROR(VLOOKUP(C75,SUDECAP!$A:$D,1,FALSE),"")=C75,"SUDECAP",IF(IFERROR(VLOOKUP(C75,SICRO!$A:$D,1,FALSE),"")=C75,"SICRO","COMPOSIÇÃO")))) -> SINAPI | C75: 98520 | D75: =IFERROR(IFERROR(VLOOKUP(C75,SINAPI!$A:$D,2,FALSE),IFERROR(VLOOKUP(C75,SETOP!$A:$E,3,FALSE),IFERROR(VLOOKUP(C75,SETOP!$B:$E,2,FALSE),IFERROR(VLOOKUP(C75,SUDECAP!$A:$D,2,FALSE),IFERROR(VLOOKUP(C75,SICRO!$A:$D,2,FALSE),VLOOKUP(C75,CPUS!$B:$H,3,FALSE)))))),"") -> APLICAÇÃO DE ADUBO EM SOLO. AF_05/2018 | E75: =IFERROR(IFERROR(VLOOKUP(C75,SINAPI!$A:$D,3,FALSE),IFERROR(VLOOKUP(C75,SETOP!$A:$E,4,FALSE),IFERROR(VLOOKUP(C75,SETOP!$B:$E,3,FALSE),IFERROR(VLOOKUP(C75,SUDECAP!$A:$D,3,FALSE),IFERROR(VLOOKUP(C75,SICRO!$A:$D,3,FALSE),VLOOKUP(C75,CPUS!$B:$H,4,FALSE)))))),"") -> M2 | F75: 567.73 | G75: =IFERROR(IFERROR(VLOOKUP(C75,SINAPI!$A:$D,4,FALSE),IFERROR(VLOOKUP(C75,SETOP!$A:$E,5,FALSE),IFERROR(VLOOKUP(C75,SETOP!$B:$E,4,FALSE),IFERROR(VLOOKUP(C75,SUDECAP!$A:$D,4,FALSE),IFERROR(VLOOKUP(C75,SICRO!$A:$D,4,FALSE),VLOOKUP(C75,CPUS!$B:$H,7,FALSE)))))),0) -> 6.52 | H75: =TRUNC(F75*G75,2) -> 3701.59 | I75: =TRUNC(G75*(1+$H$3),2) -> 8.04 | J75: =TRUNC(I75*F75,2) -> 4564.54
A76: 9.9 | B76: =IF(IFERROR(VLOOKUP(C76,SINAPI!$A:$D,1,FALSE),"")=C76,"SINAPI",IF(IFERROR(VLOOKUP(C76,SETOP!$A:$E,1,FALSE),"")=C76,"SETOP",IF(IFERROR(VLOOKUP(C76,SUDECAP!$A:$D,1,FALSE),"")=C76,"SUDECAP",IF(IFERROR(VLOOKUP(C76,SICRO!$A:$D,1,FALSE),"")=C76,"SICRO","COMPOSIÇÃO")))) -> COMPOSIÇÃO | C76: CPU-1770 | D76: =IFERROR(IFERROR(VLOOKUP(C76,SINAPI!$A:$D,2,FALSE),IFERROR(VLOOKUP(C76,SETOP!$A:$E,3,FALSE),IFERROR(VLOOKUP(C76,SETOP!$B:$E,2,FALSE),IFERROR(VLOOKUP(C76,SUDECAP!$A:$D,2,FALSE),IFERROR(VLOOKUP(C76,SICRO!$A:$D,2,FALSE),VLOOKUP(C76,CPUS!$B:$H,3,FALSE)))))),"") -> LASTRO DE AREIA COM PÓ DE PEDRA PARA PAISAGISMO | E76: =IFERROR(IFERROR(VLOOKUP(C76,SINAPI!$A:$D,3,FALSE),IFERROR(VLOOKUP(C76,SETOP!$A:$E,4,FALSE),IFERROR(VLOOKUP(C76,SETOP!$B:$E,3,FALSE),IFERROR(VLOOKUP(C76,SUDECAP!$A:$D,3,FALSE),IFERROR(VLOOKUP(C76,SICRO!$A:$D,3,FALSE),VLOOKUP(C76,CPUS!$B:$H,4,FALSE)))))),"") -> M3 | F76: 0.3 | G76: =IFERROR(IFERROR(VLOOKUP(C76,SINAPI!$A:$D,4,FALSE),IFERROR(VLOOKUP(C76,SETOP!$A:$E,5,FALSE),IFERROR(VLOOKUP(C76,SETOP!$B:$E,4,FALSE),IFERROR(VLOOKUP(C76,SUDECAP!$A:$D,4,FALSE),IFERROR(VLOOKUP(C76,SICRO!$A:$D,4,FALSE),VLOOKUP(C76,CPUS!$B:$H,7,FALSE)))))),0) -> 103.12 | H76: =TRUNC(F76*G76,2) -> 30.93 | I76: =TRUNC(G76*(1+$H$3),2) -> 127.22 | J76: =TRUNC(I76*F76,2) -> 38.16
A77: 9.10 | B77: =IF(IFERROR(VLOOKUP(C77,SINAPI!$A:$D,1,FALSE),"")=C77,"SINAPI",IF(IFERROR(VLOOKUP(C77,SETOP!$A:$E,1,FALSE),"")=C77,"SETOP",IF(IFERROR(VLOOKUP(C77,SUDECAP!$A:$D,1,FALSE),"")=C77,"SUDECAP",IF(IFERROR(VLOOKUP(C77,SICRO!$A:$D,1,FALSE),"")=C77,"SICRO","COMPOSIÇÃO")))) -> SETOP | C77: ED-49813 | D77: =IFERROR(IFERROR(VLOOKUP(C77,SINAPI!$A:$D,2,FALSE),IFERROR(VLOOKUP(C77,SETOP!$A:$E,3,FALSE),IFERROR(VLOOKUP(C77,SETOP!$B:$E,2,FALSE),IFERROR(VLOOKUP(C77,SUDECAP!$A:$D,2,FALSE),IFERROR(VLOOKUP(C77,SICRO!$A:$D,2,FALSE),VLOOKUP(C77,CPUS!$B:$H,3,FALSE)))))),"") -> LASTRO DE BRITA COM PEDRA BRITADA NÚMERO 2 E 3, INCLUSIVE ADENSAMENTO E APILOAMENTO MANUAL | E77: =IFERROR(IFERROR(VLOOKUP(C77,SINAPI!$A:$D,3,FALSE),IFERROR(VLOOKUP(C77,SETOP!$A:$E,4,FALSE),IFERROR(VLOOKUP(C77,SETOP!$B:$E,3,FALSE),IFERROR(VLOOKUP(C77,SUDECAP!$A:$D,3,FALSE),IFERROR(VLOOKUP(C77,SICRO!$A:$D,3,FALSE),VLOOKUP(C77,CPUS!$B:$H,4,FALSE)))))),"") -> M3 | F77: 0.5 | G77: =IFERROR(IFERROR(VLOOKUP(C77,SINAPI!$A:$D,4,FALSE),IFERROR(VLOOKUP(C77,SETOP!$A:$E,5,FALSE),IFERROR(VLOOKUP(C77,SETOP!$B:$E,4,FALSE),IFERROR(VLOOKUP(C77,SUDECAP!$A:$D,4,FALSE),IFERROR(VLOOKUP(C77,SICRO!$A:$D,4,FALSE),VLOOKUP(C77,CPUS!$B:$H,7,FALSE)))))),0) -> 173.46 | H77: =TRUNC(F77*G77,2) -> 86.73 | I77: =TRUNC(G77*(1+$H$3),2) -> 214.01 | J77: =TRUNC(I77*F77,2) -> 107
A78: 9.11 | B78: =IF(IFERROR(VLOOKUP(C78,SINAPI!$A:$D,1,FALSE),"")=C78,"SINAPI",IF(IFERROR(VLOOKUP(C78,SETOP!$A:$E,1,FALSE),"")=C78,"SETOP",IF(IFERROR(VLOOKUP(C78,SUDECAP!$A:$D,1,FALSE),"")=C78,"SUDECAP",IF(IFERROR(VLOOKUP(C78,SICRO!$A:$D,1,FALSE),"")=C78,"SICRO","COMPOSIÇÃO")))) -> SETOP | C78: ED-51135 | D78: =IFERROR(IFERROR(VLOOKUP(C78,SINAPI!$A:$D,2,FALSE),IFERROR(VLOOKUP(C78,SETOP!$A:$E,3,FALSE),IFERROR(VLOOKUP(C78,SETOP!$B:$E,2,FALSE),IFERROR(VLOOKUP(C78,SUDECAP!$A:$D,2,FALSE),IFERROR(VLOOKUP(C78,SICRO!$A:$D,2,FALSE),VLOOKUP(C78,CPUS!$B:$H,3,FALSE)))))),"") -> GUIA DE CORDÃO BOLEADO, EM CONCRETO COM FCK 20MPA, PRÉ-MOLDADA, 10X10CM (ALTURA X LARGURA), INCLUSIVE UMA (1) FIADA DE BLOCO DE CONCRETO, ESP. 9CM, ESCAVAÇÃO, APILOAMENTO E TRANSPORTE COM RETIRADA DO MATERIAL ESCAVADO (EM CAÇAMBA) | E78: =IFERROR(IFERROR(VLOOKUP(C78,SINAPI!$A:$D,3,FALSE),IFERROR(VLOOKUP(C78,SETOP!$A:$E,4,FALSE),IFERROR(VLOOKUP(C78,SETOP!$B:$E,3,FALSE),IFERROR(VLOOKUP(C78,SUDECAP!$A:$D,3,FALSE),IFERROR(VLOOKUP(C78,SICRO!$A:$D,3,FALSE),VLOOKUP(C78,CPUS!$B:$H,4,FALSE)))))),"") -> M | F78: 123.38 | G78: =IFERROR(IFERROR(VLOOKUP(C78,SINAPI!$A:$D,4,FALSE),IFERROR(VLOOKUP(C78,SETOP!$A:$E,5,FALSE),IFERROR(VLOOKUP(C78,SETOP!$B:$E,4,FALSE),IFERROR(VLOOKUP(C78,SUDECAP!$A:$D,4,FALSE),IFERROR(VLOOKUP(C78,SICRO!$A:$D,4,FALSE),VLOOKUP(C78,CPUS!$B:$H,7,FALSE)))))),0) -> 41.96 | H78: =TRUNC(F78*G78,2) -> 5177.02 | I78: =TRUNC(G78*(1+$H$3),2) -> 51.77 | J78: =TRUNC(I78*F78,2) -> 6387.38
A79: 9.12 | B79: =IF(IFERROR(VLOOKUP(C79,SINAPI!$A:$D,1,FALSE),"")=C79,"SINAPI",IF(IFERROR(VLOOKUP(C79,SETOP!$A:$E,1,FALSE),"")=C79,"SETOP",IF(IFERROR(VLOOKUP(C79,SUDECAP!$A:$D,1,FALSE),"")=C79,"SUDECAP",IF(IFERROR(VLOOKUP(C79,SICRO!$A:$D,1,FALSE),"")=C79,"SICRO","COMPOSIÇÃO")))) -> COMPOSIÇÃO | C79: CPU-1771 | D79: =IFERROR(IFERROR(VLOOKUP(C79,SINAPI!$A:$D,2,FALSE),IFERROR(VLOOKUP(C79,SETOP!$A:$E,3,FALSE),IFERROR(VLOOKUP(C79,SETOP!$B:$E,2,FALSE),IFERROR(VLOOKUP(C79,SUDECAP!$A:$D,2,FALSE),IFERROR(VLOOKUP(C79,SICRO!$A:$D,2,FALSE),VLOOKUP(C79,CPUS!$B:$H,3,FALSE)))))),"") -> INSTALAÇÃO DE LETREIRO (REAPROVEITAMENTO DAS LETRAS) EM BASE DE CONCRETO | E79: =IFERROR(IFERROR(VLOOKUP(C79,SINAPI!$A:$D,3,FALSE),IFERROR(VLOOKUP(C79,SETOP!$A:$E,4,FALSE),IFERROR(VLOOKUP(C79,SETOP!$B:$E,3,FALSE),IFERROR(VLOOKUP(C79,SUDECAP!$A:$D,3,FALSE),IFERROR(VLOOKUP(C79,SICRO!$A:$D,3,FALSE),VLOOKUP(C79,CPUS!$B:$H,4,FALSE)))))),"") -> UND | F79: 1 | G79: =IFERROR(IFERROR(VLOOKUP(C79,SINAPI!$A:$D,4,FALSE),IFERROR(VLOOKUP(C79,SETOP!$A:$E,5,FALSE),IFERROR(VLOOKUP(C79,SETOP!$B:$E,4,FALSE),IFERROR(VLOOKUP(C79,SUDECAP!$A:$D,4,FALSE),IFERROR(VLOOKUP(C79,SICRO!$A:$D,4,FALSE),VLOOKUP(C79,CPUS!$B:$H,7,FALSE)))))),0) -> 5858.29 | H79: =TRUNC(F79*G79,2) -> 5858.29 | I79: =TRUNC(G79*(1+$H$3),2) -> 7227.95 | J79: =TRUNC(I79*F79,2) -> 7227.95
A80: 10 | D80: DRENAGEM | J80: =SUM(J81:J96) -> 174453.63
A81: 10.1 | B81: =IF(IFERROR(VLOOKUP(C81,SINAPI!$A:$D,1,FALSE),"")=C81,"SINAPI",IF(IFERROR(VLOOKUP(C81,SETOP!$A:$E,1,FALSE),"")=C81,"SETOP",IF(IFERROR(VLOOKUP(C81,SUDECAP!$A:$D,1,FALSE),"")=C81,"SUDECAP",IF(IFERROR(VLOOKUP(C81,SICRO!$A:$D,1,FALSE),"")=C81,"SICRO","COMPOSIÇÃO")))) -> SINAPI | C81: 92219 | D81: =IFERROR(IFERROR(VLOOKUP(C81,SINAPI!$A:$D,2,FALSE),IFERROR(VLOOKUP(C81,SETOP!$A:$E,3,FALSE),IFERROR(VLOOKUP(C81,SETOP!$B:$E,2,FALSE),IFERROR(VLOOKUP(C81,SUDECAP!$A:$D,2,FALSE),IFERROR(VLOOKUP(C81,SICRO!$A:$D,2,FALSE),VLOOKUP(C81,CPUS!$B:$H,3,FALSE)))))),"") -> TUBO DE CONCRETO PARA REDES COLETORAS DE ÁGUAS PLUVIAIS, DIÂMETRO DE 400 MM, JUNTA RÍGIDA, INSTALADO EM LOCAL COM ALTO NÍVEL DE INTERFERÊNCIAS - FORNECIMENTO E ASSENTAMENTO. AF_12/2015 | E81: =IFERROR(IFERROR(VLOOKUP(C81,SINAPI!$A:$D,3,FALSE),IFERROR(VLOOKUP(C81,SETOP!$A:$E,4,FALSE),IFERROR(VLOOKUP(C81,SETOP!$B:$E,3,FALSE),IFERROR(VLOOKUP(C81,SUDECAP!$A:$D,3,FALSE),IFERROR(VLOOKUP(C81,SICRO!$A:$D,3,FALSE),VLOOKUP(C81,CPUS!$B:$H,4,FALSE)))))),"") -> M | F81: 101 | G81: =IFERROR(IFERROR(VLOOKUP(C81,SINAPI!$A:$D,4,FALSE),IFERROR(VLOOKUP(C81,SETOP!$A:$E,5,FALSE),IFERROR(VLOOKUP(C81,SETOP!$B:$E,4,FALSE),IFERROR(VLOOKUP(C81,SUDECAP!$A:$D,4,FALSE),IFERROR(VLOOKUP(C81,SICRO!$A:$D,4,FALSE),VLOOKUP(C81,CPUS!$B:$H,7,FALSE)))))),0) -> 200.62 | H81: =TRUNC(F81*G81,2) -> 20262.62 | I81: =TRUNC(G81*(1+$H$3),2) -> 247.52 | J81: =TRUNC(I81*F81,2) -> 24999.52
A82: 10.2 | B82: =IF(IFERROR(VLOOKUP(C82,SINAPI!$A:$D,1,FALSE),"")=C82,"SINAPI",IF(IFERROR(VLOOKUP(C82,SETOP!$A:$E,1,FALSE),"")=C82,"SETOP",IF(IFERROR(VLOOKUP(C82,SUDECAP!$A:$D,1,FALSE),"")=C82,"SUDECAP",IF(IFERROR(VLOOKUP(C82,SICRO!$A:$D,1,FALSE),"")=C82,"SICRO","COMPOSIÇÃO")))) -> SICRO | C82: 2003873 | D82: =IFERROR(IFERROR(VLOOKUP(C82,SINAPI!$A:$D,2,FALSE),IFERROR(VLOOKUP(C82,SETOP!$A:$E,3,FALSE),IFERROR(VLOOKUP(C82,SETOP!$B:$E,2,FALSE),IFERROR(VLOOKUP(C82,SUDECAP!$A:$D,2,FALSE),IFERROR(VLOOKUP(C82,SICRO!$A:$D,2,FALSE),VLOOKUP(C82,CPUS!$B:$H,3,FALSE)))))),"") -> TUBO DE CONCRETO PA1 PRODUZIDO NA OBRA PARA DRENAGEM - D = 0,60 M - AREIA EXTRAÍDA E BRITA PRODUZIDA - FORNECIMENTO E INSTALAÇÃO | E82: =IFERROR(IFERROR(VLOOKUP(C82,SINAPI!$A:$D,3,FALSE),IFERROR(VLOOKUP(C82,SETOP!$A:$E,4,FALSE),IFERROR(VLOOKUP(C82,SETOP!$B:$E,3,FALSE),IFERROR(VLOOKUP(C82,SUDECAP!$A:$D,3,FALSE),IFERROR(VLOOKUP(C82,SICRO!$A:$D,3,FALSE),VLOOKUP(C82,CPUS!$B:$H,4,FALSE)))))),"") -> M | F82: 131 | G82: =IFERROR(IFERROR(VLOOKUP(C82,SINAPI!$A:$D,4,FALSE),IFERROR(VLOOKUP(C82,SETOP!$A:$E,5,FALSE),IFERROR(VLOOKUP(C82,SETOP!$B:$E,4,FALSE),IFERROR(VLOOKUP(C82,SUDECAP!$A:$D,4,FALSE),IFERROR(VLOOKUP(C82,SICRO!$A:$D,4,FALSE),VLOOKUP(C82,CPUS!$B:$H,7,FALSE)))))),0) -> 150.92 | H82: =TRUNC(F82*G82,2) -> 19770.52 | I82: =TRUNC(G82*(1+$H$3),2) -> 186.2 | J82: =TRUNC(I82*F82,2) -> 24392.2
A83: 10.3 | B83: =IF(IFERROR(VLOOKUP(C83,SINAPI!$A:$D,1,FALSE),"")=C83,"SINAPI",IF(IFERROR(VLOOKUP(C83,SETOP!$A:$E,1,FALSE),"")=C83,"SETOP",IF(IFERROR(VLOOKUP(C83,SUDECAP!$A:$D,1,FALSE),"")=C83,"SUDECAP",IF(IFERROR(VLOOKUP(C83,SICRO!$A:$D,1,FALSE),"")=C83,"SICRO","COMPOSIÇÃO")))) -> SICRO | C83: 2003680 | D83: =IFERROR(IFERROR(VLOOKUP(C83,SINAPI!$A:$D,2,FALSE),IFERROR(VLOOKUP(C83,SETOP!$A:$E,3,FALSE),IFERROR(VLOOKUP(C83,SETOP!$B:$E,2,FALSE),IFERROR(VLOOKUP(C83,SUDECAP!$A:$D,2,FALSE),IFERROR(VLOOKUP(C83,SICRO!$A:$D,2,FALSE),VLOOKUP(C83,CPUS!$B:$H,3,FALSE)))))),"") -> POÇO DE VISITA - PVI 02 - AREIA E BRITA COMERCIAIS | E83: =IFERROR(IFERROR(VLOOKUP(C83,SINAPI!$A:$D,3,FALSE),IFERROR(VLOOKUP(C83,SETOP!$A:$E,4,FALSE),IFERROR(VLOOKUP(C83,SETOP!$B:$E,3,FALSE),IFERROR(VLOOKUP(C83,SUDECAP!$A:$D,3,FALSE),IFERROR(VLOOKUP(C83,SICRO!$A:$D,3,FALSE),VLOOKUP(C83,CPUS!$B:$H,4,FALSE)))))),"") -> UN | F83: 5 | G83: =IFERROR(IFERROR(VLOOKUP(C83,SINAPI!$A:$D,4,FALSE),IFERROR(VLOOKUP(C83,SETOP!$A:$E,5,FALSE),IFERROR(VLOOKUP(C83,SETOP!$B:$E,4,FALSE),IFERROR(VLOOKUP(C83,SUDECAP!$A:$D,4,FALSE),IFERROR(VLOOKUP(C83,SICRO!$A:$D,4,FALSE),VLOOKUP(C83,CPUS!$B:$H,7,FALSE)))))),0) -> 2021.96 | H83: =TRUNC(F83*G83,2) -> 10109.8 | I83: =TRUNC(G83*(1+$H$3),2) -> 2494.69 | J83: =TRUNC(I83*F83,2) -> 12473.45
A84: 10.4 | B84: =IF(IFERROR(VLOOKUP(C84,SINAPI!$A:$D,1,FALSE),"")=C84,"SINAPI",IF(IFERROR(VLOOKUP(C84,SETOP!$A:$E,1,FALSE),"")=C84,"SETOP",IF(IFERROR(VLOOKUP(C84,SUDECAP!$A:$D,1,FALSE),"")=C84,"SUDECAP",IF(IFERROR(VLOOKUP(C84,SICRO!$A:$D,1,FALSE),"")=C84,"SICRO","COMPOSIÇÃO")))) -> SINAPI | C84: 102276 | D84: =IFERROR(IFERROR(VLOOKUP(C84,SINAPI!$A:$D,2,FALSE),IFERROR(VLOOKUP(C84,SETOP!$A:$E,3,FALSE),IFERROR(VLOOKUP(C84,SETOP!$B:$E,2,FALSE),IFERROR(VLOOKUP(C84,SUDECAP!$A:$D,2,FALSE),IFERROR(VLOOKUP(C84,SICRO!$A:$D,2,FALSE),VLOOKUP(C84,CPUS!$B:$H,3,FALSE)))))),"") -> ESCAVAÇÃO MECANIZADA DE VALA COM PROF. ATÉ 1,5 M (MÉDIA MONTANTE E JUSANTE/UMA COMPOSIÇÃO POR TRECHO), ESCAVADEIRA (0,8 M3), LARG. MENOR QUE 1,5 M, EM SOLO DE 1A CATEGORIA, EM LOCAIS COM ALTO NÍVEL DE INTERFERÊNCIA. AF_02/2021 | E84: =IFERROR(IFERROR(VLOOKUP(C84,SINAPI!$A:$D,3,FALSE),IFERROR(VLOOKUP(C84,SETOP!$A:$E,4,FALSE),IFERROR(VLOOKUP(C84,SETOP!$B:$E,3,FALSE),IFERROR(VLOOKUP(C84,SUDECAP!$A:$D,3,FALSE),IFERROR(VLOOKUP(C84,SICRO!$A:$D,3,FALSE),VLOOKUP(C84,CPUS!$B:$H,4,FALSE)))))),"") -> M3 | F84: =64.77+221.86 -> 286.63 | G84: =IFERROR(IFERROR(VLOOKUP(C84,SINAPI!$A:$D,4,FALSE),IFERROR(VLOOKUP(C84,SETOP!$A:$E,5,FALSE),IFERROR(VLOOKUP(C84,SETOP!$B:$E,4,FALSE),IFERROR(VLOOKUP(C84,SUDECAP!$A:$D,4,FALSE),IFERROR(VLOOKUP(C84,SICRO!$A:$D,4,FALSE),VLOOKUP(C84,CPUS!$B:$H,7,FALSE)))))),0) -> 13.61 | H84: =TRUNC(F84*G84,2) -> 3901.03 | I84: =TRUNC(G84*(1+$H$3),2) -> 16.79 | J84: =TRUNC(I84*F84,2) -> 4812.51
A85: 10.5 | B85: =IF(IFERROR(VLOOKUP(C85,SINAPI!$A:$D,1,FALSE),"")=C85,"SINAPI",IF(IFERROR(VLOOKUP(C85,SETOP!$A:$E,1,FALSE),"")=C85,"SETOP",IF(IFERROR(VLOOKUP(C85,SUDECAP!$A:$D,1,FALSE),"")=C85,"SUDECAP",IF(IFERROR(VLOOKUP(C85,SICRO!$A:$D,1,FALSE),"")=C85,"SICRO","COMPOSIÇÃO")))) -> SINAPI | C85: 90084 | D85: =IFERROR(IFERROR(VLOOKUP(C85,SINAPI!$A:$D,2,FALSE),IFERROR(VLOOKUP(C85,SETOP!$A:$E,3,FALSE),IFERROR(VLOOKUP(C85,SETOP!$B:$E,2,FALSE),IFERROR(VLOOKUP(C85,SUDECAP!$A:$D,2,FALSE),IFERROR(VLOOKUP(C85,SICRO!$A:$D,2,FALSE),VLOOKUP(C85,CPUS!$B:$H,3,FALSE)))))),"") -> ESCAVAÇÃO MECANIZADA DE VALA COM PROF. MAIOR QUE 1,5 M ATÉ 3,0 M (MÉDIA MONTANTE E JUSANTE/UMA COMPOSIÇÃO POR TRECHO), ESCAVADEIRA (0,8 M3), LARGURA ATÉ 1,5 M, EM SOLO DE 1A CATEGORIA, EM LOCAIS COM ALTO NÍVEL DE INTERFERÊNCIA. AF_02/2021 | E85: =IFERROR(IFERROR(VLOOKUP(C85,SINAPI!$A:$D,3,FALSE),IFERROR(VLOOKUP(C85,SETOP!$A:$E,4,FALSE),IFERROR(VLOOKUP(C85,SETOP!$B:$E,3,FALSE),IFERROR(VLOOKUP(C85,SUDECAP!$A:$D,3,FALSE),IFERROR(VLOOKUP(C85,SICRO!$A:$D,3,FALSE),VLOOKUP(C85,CPUS!$B:$H,4,FALSE)))))),"") -> M3 | F85: 26.04 | G85: =IFERROR(IFERROR(VLOOKUP(C85,SINAPI!$A:$D,4,FALSE),IFERROR(VLOOKUP(C85,SETOP!$A:$E,5,FALSE),IFERROR(VLOOKUP(C85,SETOP!$B:$E,4,FALSE),IFERROR(VLOOKUP(C85,SUDECAP!$A:$D,4,FALSE),IFERROR(VLOOKUP(C85,SICRO!$A:$D,4,FALSE),VLOOKUP(C85,CPUS!$B:$H,7,FALSE)))))),0) -> 11.72 | H85: =TRUNC(F85*G85,2) -> 305.18 | I85: =TRUNC(G85*(1+$H$3),2) -> 14.46 | J85: =TRUNC(I85*F85,2) -> 376.53
A86: 10.6 | B86: =IF(IFERROR(VLOOKUP(C86,SINAPI!$A:$D,1,FALSE),"")=C86,"SINAPI",IF(IFERROR(VLOOKUP(C86,SETOP!$A:$E,1,FALSE),"")=C86,"SETOP",IF(IFERROR(VLOOKUP(C86,SUDECAP!$A:$D,1,FALSE),"")=C86,"SUDECAP",IF(IFERROR(VLOOKUP(C86,SICRO!$A:$D,1,FALSE),"")=C86,"SICRO","COMPOSIÇÃO")))) -> SICRO | C86: 2003850 | D86: =IFERROR(IFERROR(VLOOKUP(C86,SINAPI!$A:$D,2,FALSE),IFERROR(VLOOKUP(C86,SETOP!$A:$E,3,FALSE),IFERROR(VLOOKUP(C86,SETOP!$B:$E,2,FALSE),IFERROR(VLOOKUP(C86,SUDECAP!$A:$D,2,FALSE),IFERROR(VLOOKUP(C86,SICRO!$A:$D,2,FALSE),VLOOKUP(C86,CPUS!$B:$H,3,FALSE)))))),"") -> LASTRO DE BRITA COMERCIAL COMPACTADO COM SOQUETE VIBRATÓRIO - ESPALHAMENTO MANUAL | E86: =IFERROR(IFERROR(VLOOKUP(C86,SINAPI!$A:$D,3,FALSE),IFERROR(VLOOKUP(C86,SETOP!$A:$E,4,FALSE),IFERROR(VLOOKUP(C86,SETOP!$B:$E,3,FALSE),IFERROR(VLOOKUP(C86,SUDECAP!$A:$D,3,FALSE),IFERROR(VLOOKUP(C86,SICRO!$A:$D,3,FALSE),VLOOKUP(C86,CPUS!$B:$H,4,FALSE)))))),"") -> M³ | F86: =7.48+21.13 -> 28.61 | G86: =IFERROR(IFERROR(VLOOKUP(C86,SINAPI!$A:$D,4,FALSE),IFERROR(VLOOKUP(C86,SETOP!$A:$E,5,FALSE),IFERROR(VLOOKUP(C86,SETOP!$B:$E,4,FALSE),IFERROR(VLOOKUP(C86,SUDECAP!$A:$D,4,FALSE),IFERROR(VLOOKUP(C86,SICRO!$A:$D,4,FALSE),VLOOKUP(C86,CPUS!$B:$H,7,FALSE)))))),0) -> 171.96 | H86: =TRUNC(F86*G86,2) -> 4919.77 | I86: =TRUNC(G86*(1+$H$3),2) -> 212.16 | J86: =TRUNC(I86*F86,2) -> 6069.89
A87: 10.7 | B87: =IF(IFERROR(VLOOKUP(C87,SINAPI!$A:$D,1,FALSE),"")=C87,"SINAPI",IF(IFERROR(VLOOKUP(C87,SETOP!$A:$E,1,FALSE),"")=C87,"SETOP",IF(IFERROR(VLOOKUP(C87,SUDECAP!$A:$D,1,FALSE),"")=C87,"SUDECAP",IF(IFERROR(VLOOKUP(C87,SICRO!$A:$D,1,FALSE),"")=C87,"SICRO","COMPOSIÇÃO")))) -> SICRO | C87: 4805755 | D87: =IFERROR(IFERROR(VLOOKUP(C87,SINAPI!$A:$D,2,FALSE),IFERROR(VLOOKUP(C87,SETOP!$A:$E,3,FALSE),IFERROR(VLOOKUP(C87,SETOP!$B:$E,2,FALSE),IFERROR(VLOOKUP(C87,SUDECAP!$A:$D,2,FALSE),IFERROR(VLOOKUP(C87,SICRO!$A:$D,2,FALSE),VLOOKUP(C87,CPUS!$B:$H,3,FALSE)))))),"") -> APILOAMENTO MANUAL | E87: =IFERROR(IFERROR(VLOOKUP(C87,SINAPI!$A:$D,3,FALSE),IFERROR(VLOOKUP(C87,SETOP!$A:$E,4,FALSE),IFERROR(VLOOKUP(C87,SETOP!$B:$E,3,FALSE),IFERROR(VLOOKUP(C87,SUDECAP!$A:$D,3,FALSE),IFERROR(VLOOKUP(C87,SICRO!$A:$D,3,FALSE),VLOOKUP(C87,CPUS!$B:$H,4,FALSE)))))),"") -> M³ | F87: =53.94+151.96 -> 205.9 | G87: =IFERROR(IFERROR(VLOOKUP(C87,SINAPI!$A:$D,4,FALSE),IFERROR(VLOOKUP(C87,SETOP!$A:$E,5,FALSE),IFERROR(VLOOKUP(C87,SETOP!$B:$E,4,FALSE),IFERROR(VLOOKUP(C87,SUDECAP!$A:$D,4,FALSE),IFERROR(VLOOKUP(C87,SICRO!$A:$D,4,FALSE),VLOOKUP(C87,CPUS!$B:$H,7,FALSE)))))),0) -> 29.3 | H87: =TRUNC(F87*G87,2) -> 6032.87 | I87: =TRUNC(G87*(1+$H$3),2) -> 36.15 | J87: =TRUNC(I87*F87,2) -> 7443.28
A88: 10.8 | B88: =IF(IFERROR(VLOOKUP(C88,SINAPI!$A:$D,1,FALSE),"")=C88,"SINAPI",IF(IFERROR(VLOOKUP(C88,SETOP!$A:$E,1,FALSE),"")=C88,"SETOP",IF(IFERROR(VLOOKUP(C88,SUDECAP!$A:$D,1,FALSE),"")=C88,"SUDECAP",IF(IFERROR(VLOOKUP(C88,SICRO!$A:$D,1,FALSE),"")=C88,"SICRO","COMPOSIÇÃO")))) -> SINAPI | C88: 93382 | D88: =IFERROR(IFERROR(VLOOKUP(C88,SINAPI!$A:$D,2,FALSE),IFERROR(VLOOKUP(C88,SETOP!$A:$E,3,FALSE),IFERROR(VLOOKUP(C88,SETOP!$B:$E,2,FALSE),IFERROR(VLOOKUP(C88,SUDECAP!$A:$D,2,FALSE),IFERROR(VLOOKUP(C88,SICRO!$A:$D,2,FALSE),VLOOKUP(C88,CPUS!$B:$H,3,FALSE)))))),"") -> REATERRO MANUAL DE VALAS, COM COMPACTADOR DE SOLOS DE PERCUSSÃO. AF_08/2023 | E88: =IFERROR(IFERROR(VLOOKUP(C88,SINAPI!$A:$D,3,FALSE),IFERROR(VLOOKUP(C88,SETOP!$A:$E,4,FALSE),IFERROR(VLOOKUP(C88,SETOP!$B:$E,3,FALSE),IFERROR(VLOOKUP(C88,SUDECAP!$A:$D,3,FALSE),IFERROR(VLOOKUP(C88,SICRO!$A:$D,3,FALSE),VLOOKUP(C88,CPUS!$B:$H,4,FALSE)))))),"") -> M3 | F88: =23.31+80.53+10.78 -> 114.62 | G88: =IFERROR(IFERROR(VLOOKUP(C88,SINAPI!$A:$D,4,FALSE),IFERROR(VLOOKUP(C88,SETOP!$A:$E,5,FALSE),IFERROR(VLOOKUP(C88,SETOP!$B:$E,4,FALSE),IFERROR(VLOOKUP(C88,SUDECAP!$A:$D,4,FALSE),IFERROR(VLOOKUP(C88,SICRO!$A:$D,4,FALSE),VLOOKUP(C88,CPUS!$B:$H,7,FALSE)))))),0) -> 25.37 | H88: =TRUNC(F88*G88,2) -> 2907.9 | I88: =TRUNC(G88*(1+$H$3),2) -> 31.3 | J88: =TRUNC(I88*F88,2) -> 3587.6
A89: 10.9 | B89: =IF(IFERROR(VLOOKUP(C89,SINAPI!$A:$D,1,FALSE),"")=C89,"SINAPI",IF(IFERROR(VLOOKUP(C89,SETOP!$A:$E,1,FALSE),"")=C89,"SETOP",IF(IFERROR(VLOOKUP(C89,SUDECAP!$A:$D,1,FALSE),"")=C89,"SUDECAP",IF(IFERROR(VLOOKUP(C89,SICRO!$A:$D,1,FALSE),"")=C89,"SICRO","COMPOSIÇÃO")))) -> SINAPI | C89: 93378 | D89: =IFERROR(IFERROR(VLOOKUP(C89,SINAPI!$A:$D,2,FALSE),IFERROR(VLOOKUP(C89,SETOP!$A:$E,3,FALSE),IFERROR(VLOOKUP(C89,SETOP!$B:$E,2,FALSE),IFERROR(VLOOKUP(C89,SUDECAP!$A:$D,2,FALSE),IFERROR(VLOOKUP(C89,SICRO!$A:$D,2,FALSE),VLOOKUP(C89,CPUS!$B:$H,3,FALSE)))))),"") -> REATERRO MECANIZADO DE VALA COM RETROESCAVADEIRA (CAPACIDADE DA CAÇAMBA DA RETRO: 0,26 M³/POTÊNCIA: 88 HP), LARGURA ATÉ 0,8 M, PROFUNDIDADE ATÉ 1,5 M, COM SOLO (SEM SUBSTITUIÇÃO) DE 1ª CATEGORIA, COM COMPACTADOR DE SOLOS DE PERCUSSÃO. AF_08/2023 | E89: =IFERROR(IFERROR(VLOOKUP(C89,SINAPI!$A:$D,3,FALSE),IFERROR(VLOOKUP(C89,SETOP!$A:$E,4,FALSE),IFERROR(VLOOKUP(C89,SETOP!$B:$E,3,FALSE),IFERROR(VLOOKUP(C89,SUDECAP!$A:$D,3,FALSE),IFERROR(VLOOKUP(C89,SICRO!$A:$D,3,FALSE),VLOOKUP(C89,CPUS!$B:$H,4,FALSE)))))),"") -> M3 | F89: =23.21+60.78 -> 83.99 | G89: =IFERROR(IFERROR(VLOOKUP(C89,SINAPI!$A:$D,4,FALSE),IFERROR(VLOOKUP(C89,SETOP!$A:$E,5,FALSE),IFERROR(VLOOKUP(C89,SETOP!$B:$E,4,FALSE),IFERROR(VLOOKUP(C89,SUDECAP!$A:$D,4,FALSE),IFERROR(VLOOKUP(C89,SICRO!$A:$D,4,FALSE),VLOOKUP(C89,CPUS!$B:$H,7,FALSE)))))),0) -> 25.09 | H89: =TRUNC(F89*G89,2) -> 2107.3 | I89: =TRUNC(G89*(1+$H$3),2) -> 30.95 | J89: =TRUNC(I89*F89,2) -> 2599.49
A90: 10.10 | B90: =IF(IFERROR(VLOOKUP(C90,SINAPI!$A:$D,1,FALSE),"")=C90,"SINAPI",IF(IFERROR(VLOOKUP(C90,SETOP!$A:$E,1,FALSE),"")=C90,"SETOP",IF(IFERROR(VLOOKUP(C90,SUDECAP!$A:$D,1,FALSE),"")=C90,"SUDECAP",IF(IFERROR(VLOOKUP(C90,SICRO!$A:$D,1,FALSE),"")=C90,"SICRO","COMPOSIÇÃO")))) -> SINAPI | C90: 101576 | D90: =IFERROR(IFERROR(VLOOKUP(C90,SINAPI!$A:$D,2,FALSE),IFERROR(VLOOKUP(C90,SETOP!$A:$E,3,FALSE),IFERROR(VLOOKUP(C90,SETOP!$B:$E,2,FALSE),IFERROR(VLOOKUP(C90,SUDECAP!$A:$D,2,FALSE),IFERROR(VLOOKUP(C90,SICRO!$A:$D,2,FALSE),VLOOKUP(C90,CPUS!$B:$H,3,FALSE)))))),"") -> ESCORAMENTO DE VALA, TIPO DESCONTÍNUO, COM PROFUNDIDADE DE 0 A 1,5 M, LARGURA MENOR QUE 1,5 M. AF_08/2020 | E90: =IFERROR(IFERROR(VLOOKUP(C90,SINAPI!$A:$D,3,FALSE),IFERROR(VLOOKUP(C90,SETOP!$A:$E,4,FALSE),IFERROR(VLOOKUP(C90,SETOP!$B:$E,3,FALSE),IFERROR(VLOOKUP(C90,SUDECAP!$A:$D,3,FALSE),IFERROR(VLOOKUP(C90,SICRO!$A:$D,3,FALSE),VLOOKUP(C90,CPUS!$B:$H,4,FALSE)))))),"") -> M2 | F90: 454.32 | G90: =IFERROR(IFERROR(VLOOKUP(C90,SINAPI!$A:$D,4,FALSE),IFERROR(VLOOKUP(C90,SETOP!$A:$E,5,FALSE),IFERROR(VLOOKUP(C90,SETOP!$B:$E,4,FALSE),IFERROR(VLOOKUP(C90,SUDECAP!$A:$D,4,FALSE),IFERROR(VLOOKUP(C90,SICRO!$A:$D,4,FALSE),VLOOKUP(C90,CPUS!$B:$H,7,FALSE)))))),0) -> 48.82 | H90: =TRUNC(F90*G90,2) -> 22179.9 | I90: =TRUNC(G90*(1+$H$3),2) -> 60.23 | J90: =TRUNC(I90*F90,2) -> 27363.69
A91: 10.11 | B91: =IF(IFERROR(VLOOKUP(C91,SINAPI!$A:$D,1,FALSE),"")=C91,"SINAPI",IF(IFERROR(VLOOKUP(C91,SETOP!$A:$E,1,FALSE),"")=C91,"SETOP",IF(IFERROR(VLOOKUP(C91,SUDECAP!$A:$D,1,FALSE),"")=C91,"SUDECAP",IF(IFERROR(VLOOKUP(C91,SICRO!$A:$D,1,FALSE),"")=C91,"SICRO","COMPOSIÇÃO")))) -> SICRO | C91: 2003714 | D91: =IFERROR(IFERROR(VLOOKUP(C91,SINAPI!$A:$D,2,FALSE),IFERROR(VLOOKUP(C91,SETOP!$A:$E,3,FALSE),IFERROR(VLOOKUP(C91,SETOP!$B:$E,2,FALSE),IFERROR(VLOOKUP(C91,SUDECAP!$A:$D,2,FALSE),IFERROR(VLOOKUP(C91,SICRO!$A:$D,2,FALSE),VLOOKUP(C91,CPUS!$B:$H,3,FALSE)))))),"") -> CHAMINÉ DOS POÇOS DE VISITA - CPV 01 - AREIA E BRITA COMERCIAIS | E91: =IFERROR(IFERROR(VLOOKUP(C91,SINAPI!$A:$D,3,FALSE),IFERROR(VLOOKUP(C91,SETOP!$A:$E,4,FALSE),IFERROR(VLOOKUP(C91,SETOP!$B:$E,3,FALSE),IFERROR(VLOOKUP(C91,SUDECAP!$A:$D,3,FALSE),IFERROR(VLOOKUP(C91,SICRO!$A:$D,3,FALSE),VLOOKUP(C91,CPUS!$B:$H,4,FALSE)))))),"") -> UN | F91: 3 | G91: =IFERROR(IFERROR(VLOOKUP(C91,SINAPI!$A:$D,4,FALSE),IFERROR(VLOOKUP(C91,SETOP!$A:$E,5,FALSE),IFERROR(VLOOKUP(C91,SETOP!$B:$E,4,FALSE),IFERROR(VLOOKUP(C91,SUDECAP!$A:$D,4,FALSE),IFERROR(VLOOKUP(C91,SICRO!$A:$D,4,FALSE),VLOOKUP(C91,CPUS!$B:$H,7,FALSE)))))),0) -> 1488.88 | H91: =TRUNC(F91*G91,2) -> 4466.64 | I91: =TRUNC(G91*(1+$H$3),2) -> 1836.98 | J91: =TRUNC(I91*F91,2) -> 5510.94
A92: 10.12 | B92: =IF(IFERROR(VLOOKUP(C92,SINAPI!$A:$D,1,FALSE),"")=C92,"SINAPI",IF(IFERROR(VLOOKUP(C92,SETOP!$A:$E,1,FALSE),"")=C92,"SETOP",IF(IFERROR(VLOOKUP(C92,SUDECAP!$A:$D,1,FALSE),"")=C92,"SUDECAP",IF(IFERROR(VLOOKUP(C92,SICRO!$A:$D,1,FALSE),"")=C92,"SICRO","COMPOSIÇÃO")))) -> SICRO | C92: 2003716 | D92: =IFERROR(IFERROR(VLOOKUP(C92,SINAPI!$A:$D,2,FALSE),IFERROR(VLOOKUP(C92,SETOP!$A:$E,3,FALSE),IFERROR(VLOOKUP(C92,SETOP!$B:$E,2,FALSE),IFERROR(VLOOKUP(C92,SUDECAP!$A:$D,2,FALSE),IFERROR(VLOOKUP(C92,SICRO!$A:$D,2,FALSE),VLOOKUP(C92,CPUS!$B:$H,3,FALSE)))))),"") -> CHAMINÉ DOS POÇOS DE VISITA - CPV 02 - AREIA E BRITA COMERCIAIS | E92: =IFERROR(IFERROR(VLOOKUP(C92,SINAPI!$A:$D,3,FALSE),IFERROR(VLOOKUP(C92,SETOP!$A:$E,4,FALSE),IFERROR(VLOOKUP(C92,SETOP!$B:$E,3,FALSE),IFERROR(VLOOKUP(C92,SUDECAP!$A:$D,3,FALSE),IFERROR(VLOOKUP(C92,SICRO!$A:$D,3,FALSE),VLOOKUP(C92,CPUS!$B:$H,4,FALSE)))))),"") -> UN | F92: 2 | G92: =IFERROR(IFERROR(VLOOKUP(C92,SINAPI!$A:$D,4,FALSE),IFERROR(VLOOKUP(C92,SETOP!$A:$E,5,FALSE),IFERROR(VLOOKUP(C92,SETOP!$B:$E,4,FALSE),IFERROR(VLOOKUP(C92,SUDECAP!$A:$D,4,FALSE),IFERROR(VLOOKUP(C92,SICRO!$A:$D,4,FALSE),VLOOKUP(C92,CPUS!$B:$H,7,FALSE)))))),0) -> 1728.05 | H92: =TRUNC(F92*G92,2) -> 3456.1 | I92: =TRUNC(G92*(1+$H$3),2) -> 2132.06 | J92: =TRUNC(I92*F92,2) -> 4264.12
A93: 10.13 | B93: =IF(IFERROR(VLOOKUP(C93,SINAPI!$A:$D,1,FALSE),"")=C93,"SINAPI",IF(IFERROR(VLOOKUP(C93,SETOP!$A:$E,1,FALSE),"")=C93,"SETOP",IF(IFERROR(VLOOKUP(C93,SUDECAP!$A:$D,1,FALSE),"")=C93,"SUDECAP",IF(IFERROR(VLOOKUP(C93,SICRO!$A:$D,1,FALSE),"")=C93,"SICRO","COMPOSIÇÃO")))) -> SICRO | C93: 2003939 | D93: =IFERROR(IFERROR(VLOOKUP(C93,SINAPI!$A:$D,2,FALSE),IFERROR(VLOOKUP(C93,SETOP!$A:$E,3,FALSE),IFERROR(VLOOKUP(C93,SETOP!$B:$E,2,FALSE),IFERROR(VLOOKUP(C93,SUDECAP!$A:$D,2,FALSE),IFERROR(VLOOKUP(C93,SICRO!$A:$D,2,FALSE),VLOOKUP(C93,CPUS!$B:$H,3,FALSE)))))),"") -> MEIO-FIO DE CONCRETO - MFC 01 MOLDADO NO LOCAL COM EXTRUSORA E CONCRETO USINADO - AREIA E BRITA COMERCIAIS | E93: =IFERROR(IFERROR(VLOOKUP(C93,SINAPI!$A:$D,3,FALSE),IFERROR(VLOOKUP(C93,SETOP!$A:$E,4,FALSE),IFERROR(VLOOKUP(C93,SETOP!$B:$E,3,FALSE),IFERROR(VLOOKUP(C93,SUDECAP!$A:$D,3,FALSE),IFERROR(VLOOKUP(C93,SICRO!$A:$D,3,FALSE),VLOOKUP(C93,CPUS!$B:$H,4,FALSE)))))),"") -> M | F93: 360 | G93: =IFERROR(IFERROR(VLOOKUP(C93,SINAPI!$A:$D,4,FALSE),IFERROR(VLOOKUP(C93,SETOP!$A:$E,5,FALSE),IFERROR(VLOOKUP(C93,SETOP!$B:$E,4,FALSE),IFERROR(VLOOKUP(C93,SUDECAP!$A:$D,4,FALSE),IFERROR(VLOOKUP(C93,SICRO!$A:$D,4,FALSE),VLOOKUP(C93,CPUS!$B:$H,7,FALSE)))))),0) -> 75.12 | H93: =TRUNC(F93*G93,2) -> 27043.2 | I93: =TRUNC(G93*(1+$H$3),2) -> 92.68 | J93: =TRUNC(I93*F93,2) -> 33364.8
A94: 10.14 | B94: =IF(IFERROR(VLOOKUP(C94,SINAPI!$A:$D,1,FALSE),"")=C94,"SINAPI",IF(IFERROR(VLOOKUP(C94,SETOP!$A:$E,1,FALSE),"")=C94,"SETOP",IF(IFERROR(VLOOKUP(C94,SUDECAP!$A:$D,1,FALSE),"")=C94,"SUDECAP",IF(IFERROR(VLOOKUP(C94,SICRO!$A:$D,1,FALSE),"")=C94,"SICRO","COMPOSIÇÃO")))) -> SICRO | C94: 2003947 | D94: =IFERROR(IFERROR(VLOOKUP(C94,SINAPI!$A:$D,2,FALSE),IFERROR(VLOOKUP(C94,SETOP!$A:$E,3,FALSE),IFERROR(VLOOKUP(C94,SETOP!$B:$E,2,FALSE),IFERROR(VLOOKUP(C94,SUDECAP!$A:$D,2,FALSE),IFERROR(VLOOKUP(C94,SICRO!$A:$D,2,FALSE),VLOOKUP(C94,CPUS!$B:$H,3,FALSE)))))),"") -> MEIO-FIO DE CONCRETO - MFC 05 MOLDADO NO LOCAL COM EXTRUSORA E CONCRETO USINADO - AREIA E BRITA COMERCIAIS | E94: =IFERROR(IFERROR(VLOOKUP(C94,SINAPI!$A:$D,3,FALSE),IFERROR(VLOOKUP(C94,SETOP!$A:$E,4,FALSE),IFERROR(VLOOKUP(C94,SETOP!$B:$E,3,FALSE),IFERROR(VLOOKUP(C94,SUDECAP!$A:$D,3,FALSE),IFERROR(VLOOKUP(C94,SICRO!$A:$D,3,FALSE),VLOOKUP(C94,CPUS!$B:$H,4,FALSE)))))),"") -> M | F94: 53.07 | G94: =IFERROR(IFERROR(VLOOKUP(C94,SINAPI!$A:$D,4,FALSE),IFERROR(VLOOKUP(C94,SETOP!$A:$E,5,FALSE),IFERROR(VLOOKUP(C94,SETOP!$B:$E,4,FALSE),IFERROR(VLOOKUP(C94,SUDECAP!$A:$D,4,FALSE),IFERROR(VLOOKUP(C94,SICRO!$A:$D,4,FALSE),VLOOKUP(C94,CPUS!$B:$H,7,FALSE)))))),0) -> 23.93 | H94: =TRUNC(F94*G94,2) -> 1269.96 | I94: =TRUNC(G94*(1+$H$3),2) -> 29.52 | J94: =TRUNC(I94*F94,2) -> 1566.62
A95: 10.15 | B95: =IF(IFERROR(VLOOKUP(C95,SINAPI!$A:$D,1,FALSE),"")=C95,"SINAPI",IF(IFERROR(VLOOKUP(C95,SETOP!$A:$E,1,FALSE),"")=C95,"SETOP",IF(IFERROR(VLOOKUP(C95,SUDECAP!$A:$D,1,FALSE),"")=C95,"SUDECAP",IF(IFERROR(VLOOKUP(C95,SICRO!$A:$D,1,FALSE),"")=C95,"SICRO","COMPOSIÇÃO")))) -> SICRO | C95: 2003634 | D95: =IFERROR(IFERROR(VLOOKUP(C95,SINAPI!$A:$D,2,FALSE),IFERROR(VLOOKUP(C95,SETOP!$A:$E,3,FALSE),IFERROR(VLOOKUP(C95,SETOP!$B:$E,2,FALSE),IFERROR(VLOOKUP(C95,SUDECAP!$A:$D,2,FALSE),IFERROR(VLOOKUP(C95,SICRO!$A:$D,2,FALSE),VLOOKUP(C95,CPUS!$B:$H,3,FALSE)))))),"") -> BOCA DE LOBO DUPLA - GRELHA DE CONCRETO - BLDG 01 - AREIA E BRITA COMERCIAIS | E95: =IFERROR(IFERROR(VLOOKUP(C95,SINAPI!$A:$D,3,FALSE),IFERROR(VLOOKUP(C95,SETOP!$A:$E,4,FALSE),IFERROR(VLOOKUP(C95,SETOP!$B:$E,3,FALSE),IFERROR(VLOOKUP(C95,SUDECAP!$A:$D,3,FALSE),IFERROR(VLOOKUP(C95,SICRO!$A:$D,3,FALSE),VLOOKUP(C95,CPUS!$B:$H,4,FALSE)))))),"") -> UN | F95: 7 | G95: =IFERROR(IFERROR(VLOOKUP(C95,SINAPI!$A:$D,4,FALSE),IFERROR(VLOOKUP(C95,SETOP!$A:$E,5,FALSE),IFERROR(VLOOKUP(C95,SETOP!$B:$E,4,FALSE),IFERROR(VLOOKUP(C95,SUDECAP!$A:$D,4,FALSE),IFERROR(VLOOKUP(C95,SICRO!$A:$D,4,FALSE),VLOOKUP(C95,CPUS!$B:$H,7,FALSE)))))),0) -> 1659.61 | H95: =TRUNC(F95*G95,2) -> 11617.27 | I95: =TRUNC(G95*(1+$H$3),2) -> 2047.62 | J95: =TRUNC(I95*F95,2) -> 14333.34
A96: 10.16 | B96: =IF(IFERROR(VLOOKUP(C96,SINAPI!$A:$D,1,FALSE),"")=C96,"SINAPI",IF(IFERROR(VLOOKUP(C96,SETOP!$A:$E,1,FALSE),"")=C96,"SETOP",IF(IFERROR(VLOOKUP(C96,SUDECAP!$A:$D,1,FALSE),"")=C96,"SUDECAP",IF(IFERROR(VLOOKUP(C96,SICRO!$A:$D,1,FALSE),"")=C96,"SICRO","COMPOSIÇÃO")))) -> SICRO | C96: 804377 | D96: =IFERROR(IFERROR(VLOOKUP(C96,SINAPI!$A:$D,2,FALSE),IFERROR(VLOOKUP(C96,SETOP!$A:$E,3,FALSE),IFERROR(VLOOKUP(C96,SETOP!$B:$E,2,FALSE),IFERROR(VLOOKUP(C96,SUDECAP!$A:$D,2,FALSE),IFERROR(VLOOKUP(C96,SICRO!$A:$D,2,FALSE),VLOOKUP(C96,CPUS!$B:$H,3,FALSE)))))),"") -> BOCA DE BSTC D = 0,60 M - ESCONSIDADE 0° - AREIA E BRITA COMERCIAIS - ALAS ESCONSAS | E96: =IFERROR(IFERROR(VLOOKUP(C96,SINAPI!$A:$D,3,FALSE),IFERROR(VLOOKUP(C96,SETOP!$A:$E,4,FALSE),IFERROR(VLOOKUP(C96,SETOP!$B:$E,3,FALSE),IFERROR(VLOOKUP(C96,SUDECAP!$A:$D,3,FALSE),IFERROR(VLOOKUP(C96,SICRO!$A:$D,3,FALSE),VLOOKUP(C96,CPUS!$B:$H,4,FALSE)))))),"") -> UN | F96: 1 | G96: =IFERROR(IFERROR(VLOOKUP(C96,SINAPI!$A:$D,4,FALSE),IFERROR(VLOOKUP(C96,SETOP!$A:$E,5,FALSE),IFERROR(VLOOKUP(C96,SETOP!$B:$E,4,FALSE),IFERROR(VLOOKUP(C96,SUDECAP!$A:$D,4,FALSE),IFERROR(VLOOKUP(C96,SICRO!$A:$D,4,FALSE),VLOOKUP(C96,CPUS!$B:$H,7,FALSE)))))),0) -> 1050.13 | H96: =TRUNC(F96*G96,2) -> 1050.13 | I96: =TRUNC(G96*(1+$H$3),2) -> 1295.65 | J96: =TRUNC(I96*F96,2) -> 1295.65
A97: 11 | D97: INSTALAÇÕES ELÉTRICAS | J97: =SUM(J98:J112) -> 11645.9
A98: 11.1 | B98: =IF(IFERROR(VLOOKUP(C98,SINAPI!$A:$D,1,FALSE),"")=C98,"SINAPI",IF(IFERROR(VLOOKUP(C98,SETOP!$A:$E,1,FALSE),"")=C98,"SETOP",IF(IFERROR(VLOOKUP(C98,SUDECAP!$A:$D,1,FALSE),"")=C98,"SUDECAP",IF(IFERROR(VLOOKUP(C98,SICRO!$A:$D,1,FALSE),"")=C98,"SICRO","COMPOSIÇÃO")))) -> SINAPI | C98: 91927 | D98: =IFERROR(IFERROR(VLOOKUP(C98,SINAPI!$A:$D,2,FALSE),IFERROR(VLOOKUP(C98,SETOP!$A:$E,3,FALSE),IFERROR(VLOOKUP(C98,SETOP!$B:$E,2,FALSE),IFERROR(VLOOKUP(C98,SUDECAP!$A:$D,2,FALSE),IFERROR(VLOOKUP(C98,SICRO!$A:$D,2,FALSE),VLOOKUP(C98,CPUS!$B:$H,3,FALSE)))))),"") -> CABO DE COBRE FLEXÍVEL ISOLADO, 2,5 MM², ANTI-CHAMA 0,6/1,0 KV, PARA CIRCUITOS TERMINAIS - FORNECIMENTO E INSTALAÇÃO. AF_03/2023 | E98: =IFERROR(IFERROR(VLOOKUP(C98,SINAPI!$A:$D,3,FALSE),IFERROR(VLOOKUP(C98,SETOP!$A:$E,4,FALSE),IFERROR(VLOOKUP(C98,SETOP!$B:$E,3,FALSE),IFERROR(VLOOKUP(C98,SUDECAP!$A:$D,3,FALSE),IFERROR(VLOOKUP(C98,SICRO!$A:$D,3,FALSE),VLOOKUP(C98,CPUS!$B:$H,4,FALSE)))))),"") -> M | F98: 277.68 | G98: =IFERROR(IFERROR(VLOOKUP(C98,SINAPI!$A:$D,4,FALSE),IFERROR(VLOOKUP(C98,SETOP!$A:$E,5,FALSE),IFERROR(VLOOKUP(C98,SETOP!$B:$E,4,FALSE),IFERROR(VLOOKUP(C98,SUDECAP!$A:$D,4,FALSE),IFERROR(VLOOKUP(C98,SICRO!$A:$D,4,FALSE),VLOOKUP(C98,CPUS!$B:$H,7,FALSE)))))),0) -> 4.28 | H98: =TRUNC(F98*G98,2) -> 1188.47 | I98: =TRUNC(G98*(1+$H$3),2) -> 5.28 | J98: =TRUNC(I98*F98,2) -> 1466.15
A99: 11.2 | B99: =IF(IFERROR(VLOOKUP(C99,SINAPI!$A:$D,1,FALSE),"")=C99,"SINAPI",IF(IFERROR(VLOOKUP(C99,SETOP!$A:$E,1,FALSE),"")=C99,"SETOP",IF(IFERROR(VLOOKUP(C99,SUDECAP!$A:$D,1,FALSE),"")=C99,"SUDECAP",IF(IFERROR(VLOOKUP(C99,SICRO!$A:$D,1,FALSE),"")=C99,"SICRO","COMPOSIÇÃO")))) -> SETOP | C99: ED-49168 | D99: =IFERROR(IFERROR(VLOOKUP(C99,SINAPI!$A:$D,2,FALSE),IFERROR(VLOOKUP(C99,SETOP!$A:$E,3,FALSE),IFERROR(VLOOKUP(C99,SETOP!$B:$E,2,FALSE),IFERROR(VLOOKUP(C99,SUDECAP!$A:$D,2,FALSE),IFERROR(VLOOKUP(C99,SICRO!$A:$D,2,FALSE),VLOOKUP(C99,CPUS!$B:$H,3,FALSE)))))),"") -> CAIXA DE PASSAGEM EM ALVENARIA E TAMPA DE CONCRETO, FUNDO DE BRITA, TIPO 1, 30 X 30 X 40 CM, INCLUSIVE ESCAVAÇÃO, REATERRO E BOTA-FORA | E99: =IFERROR(IFERROR(VLOOKUP(C99,SINAPI!$A:$D,3,FALSE),IFERROR(VLOOKUP(C99,SETOP!$A:$E,4,FALSE),IFERROR(VLOOKUP(C99,SETOP!$B:$E,3,FALSE),IFERROR(VLOOKUP(C99,SUDECAP!$A:$D,3,FALSE),IFERROR(VLOOKUP(C99,SICRO!$A:$D,3,FALSE),VLOOKUP(C99,CPUS!$B:$H,4,FALSE)))))),"") -> UN | F99: 8 | G99: =IFERROR(IFERROR(VLOOKUP(C99,SINAPI!$A:$D,4,FALSE),IFERROR(VLOOKUP(C99,SETOP!$A:$E,5,FALSE),IFERROR(VLOOKUP(C99,SETOP!$B:$E,4,FALSE),IFERROR(VLOOKUP(C99,SUDECAP!$A:$D,4,FALSE),IFERROR(VLOOKUP(C99,SICRO!$A:$D,4,FALSE),VLOOKUP(C99,CPUS!$B:$H,7,FALSE)))))),0) -> 166.55 | H99: =TRUNC(F99*G99,2) -> 1332.4 | I99: =TRUNC(G99*(1+$H$3),2) -> 205.48 | J99: =TRUNC(I99*F99,2) -> 1643.84
A100: 11.3 | B100: =IF(IFERROR(VLOOKUP(C100,SINAPI!$A:$D,1,FALSE),"")=C100,"SINAPI",IF(IFERROR(VLOOKUP(C100,SETOP!$A:$E,1,FALSE),"")=C100,"SETOP",IF(IFERROR(VLOOKUP(C100,SUDECAP!$A:$D,1,FALSE),"")=C100,"SUDECAP",IF(IFERROR(VLOOKUP(C100,SICRO!$A:$D,1,FALSE),"")=C100,"SICRO","COMPOSIÇÃO")))) -> SETOP | C100: ED-49205 | D100: =IFERROR(IFERROR(VLOOKUP(C100,SINAPI!$A:$D,2,FALSE),IFERROR(VLOOKUP(C100,SETOP!$A:$E,3,FALSE),IFERROR(VLOOKUP(C100,SETOP!$B:$E,2,FALSE),IFERROR(VLOOKUP(C100,SUDECAP!$A:$D,2,FALSE),IFERROR(VLOOKUP(C100,SICRO!$A:$D,2,FALSE),VLOOKUP(C100,CPUS!$B:$H,3,FALSE)))))),"") -> CAIXA PARA MEDIÇÃO, TIPO CM-14, COM VISOR DO LEITOR PARA VIA PÚBLICA (LVP), DIMENSÕES CONFORME PADRÃO CEMIG, EXCLUSIVE DISJUNTOR, INCLUSIVE INSTALAÇÃO | E100: =IFERROR(IFERROR(VLOOKUP(C100,SINAPI!$A:$D,3,FALSE),IFERROR(VLOOKUP(C100,SETOP!$A:$E,4,FALSE),IFERROR(VLOOKUP(C100,SETOP!$B:$E,3,FALSE),IFERROR(VLOOKUP(C100,SUDECAP!$A:$D,3,FALSE),IFERROR(VLOOKUP(C100,SICRO!$A:$D,3,FALSE),VLOOKUP(C100,CPUS!$B:$H,4,FALSE)))))),"") -> UN | F100: 1 | G100: =IFERROR(IFERROR(VLOOKUP(C100,SINAPI!$A:$D,4,FALSE),IFERROR(VLOOKUP(C100,SETOP!$A:$E,5,FALSE),IFERROR(VLOOKUP(C100,SETOP!$B:$E,4,FALSE),IFERROR(VLOOKUP(C100,SUDECAP!$A:$D,4,FALSE),IFERROR(VLOOKUP(C100,SICRO!$A:$D,4,FALSE),VLOOKUP(C100,CPUS!$B:$H,7,FALSE)))))),0) -> 331.1 | H100: =TRUNC(F100*G100,2) -> 331.1 | I100: =TRUNC(G100*(1+$H$3),2) -> 408.51 | J100: =TRUNC(I100*F100,2) -> 408.51
...

Sheet CÁLCULO
A1: MEMÓRIA DE CÁLCULO | I1: =PLANILHA!I1 -> DATA: 15/03/2024
A2: CLIENTE: | C2: PREFEITURA MUNICIPAL DE BRUMADINHO | G2: (X) ONERADO ( ) DESONERADO | I2: BASES ORÇAMENTÁRIAS:
A3: OBRA: | C3: TREVO DE ENTRADA DA CIDADE | G3: BDI: | H3: =BDI!I32 -> 0.2338 | I3: ABRIL/2023 - SETOP (CENTRAL); JULHO/2023 - SINAPI; ABRIL/2023 - SUDECAP; ABRIL/2023 - SICRO.
A4: ENDEREÇO: | C4: RODOVIA MG-040 COM ESTRADA PARA ALBERTO FLORES - CEP: 35460-000 | G4: PRAZO OBRA: | H4: 7 MESES
A5: ITEM | B5: BASE DE REFERÊNCIA | C5: CÓDIGO | D5: DESCRIÇÃO | E5: UND | F5: QUANT. | G5: MEMÓRIA
A6: 1 | D6: ADMINISTRATIVO
A7: 1.1 | B7: =IF(IFERROR(VLOOKUP(C7,SINAPI!$A:$D,1,FALSE),"")=C7,"SINAPI",IF(IFERROR(VLOOKUP(C7,SETOP!$A:$E,1,FALSE),"")=C7,"SETOP",IF(IFERROR(VLOOKUP(C7,SUDECAP!$A:$D,1,FALSE),"")=C7,"SUDECAP",IF(IFERROR(VLOOKUP(C7,SICRO!$A:$D,1,FALSE),"")=C7,"SICRO","COMPOSIÇÃO")))) -> COMPOSIÇÃO | C7: CPU-001 | D7: =IFERROR(IFERROR(VLOOKUP(C7,SINAPI!$A:$D,2,FALSE),IFERROR(VLOOKUP(C7,SETOP!$A:$E,3,FALSE),IFERROR(VLOOKUP(C7,SETOP!$B:$E,2,FALSE),IFERROR(VLOOKUP(C7,SUDECAP!$A:$D,2,FALSE),IFERROR(VLOOKUP(C7,SICRO!$A:$D,2,FALSE),VLOOKUP(C7,CPUS!$B:$H,3,FALSE)))))),"") -> ADMINISTRAÇÃO LOCAL | E7: =IFERROR(IFERROR(VLOOKUP(C7,SINAPI!$A:$D,3,FALSE),IFERROR(VLOOKUP(C7,SETOP!$A:$E,4,FALSE),IFERROR(VLOOKUP(C7,SETOP!$B:$E,3,FALSE),IFERROR(VLOOKUP(C7,SUDECAP!$A:$D,3,FALSE),IFERROR(VLOOKUP(C7,SICRO!$A:$D,3,FALSE),VLOOKUP(C7,CPUS!$B:$H,4,FALSE)))))),"") -> UND | F7: 1 | G7: Administração local compreendendo os seguintes profissionais: 7 meses de encarregado; 3,5 meses de engenheiro (50% do tempo da obra); 7 meses de topógrado; 7 meses de auxiliar de topógrafo.
A8: 2 | D8: IMPLANTAÇÃO
A9: 2.1 | B9: =IF(IFERROR(VLOOKUP(C9,SINAPI!$A:$D,1,FALSE),"")=C9,"SINAPI",IF(IFERROR(VLOOKUP(C9,SETOP!$A:$E,1,FALSE),"")=C9,"SETOP",IF(IFERROR(VLOOKUP(C9,SUDECAP!$A:$D,1,FALSE),"")=C9,"SUDECAP",IF(IFERROR(VLOOKUP(C9,SICRO!$A:$D,1,FALSE),"")=C9,"SICRO","COMPOSIÇÃO")))) -> SETOP | C9: ED-50137 | D9: =IFERROR(IFERROR(VLOOKUP(C9,SINAPI!$A:$D,2,FALSE),IFERROR(VLOOKUP(C9,SETOP!$A:$E,3,FALSE),IFERROR(VLOOKUP(C9,SETOP!$B:$E,2,FALSE),IFERROR(VLOOKUP(C9,SUDECAP!$A:$D,2,FALSE),IFERROR(VLOOKUP(C9,SICRO!$A:$D,2,FALSE),VLOOKUP(C9,CPUS!$B:$H,3,FALSE)))))),"") -> MOBILIZAÇÃO E DESMOBILIZAÇÃO DE CONTAINER, INCLUSIVE CARGA, DESCARGA E TRANSPORTE EM CAMINHÃO CARROCERIA COM GUINDAUTO (MUNCK), EXCLUSIVE LOCAÇÃO DO CONTAINER | E9: =IFERROR(IFERROR(VLOOKUP(C9,SINAPI!$A:$D,3,FALSE),IFERROR(VLOOKUP(C9,SETOP!$A:$E,4,FALSE),IFERROR(VLOOKUP(C9,SETOP!$B:$E,3,FALSE),IFERROR(VLOOKUP(C9,SUDECAP!$A:$D,3,FALSE),IFERROR(VLOOKUP(C9,SICRO!$A:$D,3,FALSE),VLOOKUP(C9,CPUS!$B:$H,4,FALSE)))))),"") -> UN | F9: 3 | G9: Mobilização e desmobilização de container para a execução do canteiro central
A10: 2.2 | B10: =IF(IFERROR(VLOOKUP(C10,SINAPI!$A:$D,1,FALSE),"")=C10,"SINAPI",IF(IFERROR(VLOOKUP(C10,SETOP!$A:$E,1,FALSE),"")=C10,"SETOP",IF(IFERROR(VLOOKUP(C10,SUDECAP!$A:$D,1,FALSE),"")=C10,"SUDECAP",IF(IFERROR(VLOOKUP(C10,SICRO!$A:$D,1,FALSE),"")=C10,"SICRO","COMPOSIÇÃO")))) -> SETOP | C10: ED-16349 | D10: =IFERROR(IFERROR(VLOOKUP(C10,SINAPI!$A:$D,2,FALSE),IFERROR(VLOOKUP(C10,SETOP!$A:$E,3,FALSE),IFERROR(VLOOKUP(C10,SETOP!$B:$E,2,FALSE),IFERROR(VLOOKUP(C10,SUDECAP!$A:$D,2,FALSE),IFERROR(VLOOKUP(C10,SICRO!$A:$D,2,FALSE),VLOOKUP(C10,CPUS!$B:$H,3,FALSE)))))),"") -> LOCAÇÃO DE CONTAINER COM ISOLAMENTO TÉRMICO, TIPO 2, PARA ESCRITÓRIO DE OBRA COM SANITÁRIO CONTENDO UM (1) VASO SANITÁRIO E UM (1) LAVATÓRIO, COM MEDIDAS REFERENCIAIS DE (6) METROS COMPRIMENTO, (2,3) METROS LARGURA E (2,5) METROS ALTURA ÚTIL INTERNA, INCLUSIVE AR CONDICIONADO E LIGAÇÕES ELÉTRICAS E HIDROSSANITÁRIAS INTERNAS, EXCLUSIVE MOBILIZAÇÃO/DESMOBILIZAÇÃO E LIGAÇÕES PROVISÓRIAS EXTERNAS | E10: =IFERROR(IFERROR(VLOOKUP(C10,SINAPI!$A:$D,3,FALSE),IFERROR(VLOOKUP(C10,SETOP!$A:$E,4,FALSE),IFERROR(VLOOKUP(C10,SETOP!$B:$E,3,FALSE),IFERROR(VLOOKUP(C10,SUDECAP!$A:$D,3,FALSE),IFERROR(VLOOKUP(C10,SICRO!$A:$D,3,FALSE),VLOOKUP(C10,CPUS!$B:$H,4,FALSE)))))),"") -> MÊS | F10: 7 | G10: Locação de 1 container de escritório por 7 meses
A11: 2.3 | B11: =IF(IFERROR(VLOOKUP(C11,SINAPI!$A:$D,1,FALSE),"")=C11,"SINAPI",IF(IFERROR(VLOOKUP(C11,SETOP!$A:$E,1,FALSE),"")=C11,"SETOP",IF(IFERROR(VLOOKUP(C11,SUDECAP!$A:$D,1,FALSE),"")=C11,"SUDECAP",IF(IFERROR(VLOOKUP(C11,SICRO!$A:$D,1,FALSE),"")=C11,"SICRO","COMPOSIÇÃO")))) -> SETOP | C11: ED-16351 | D11: =IFERROR(IFERROR(VLOOKUP(C11,SINAPI!$A:$D,2,FALSE),IFERROR(VLOOKUP(C11,SETOP!$A:$E,3,FALSE),IFERROR(VLOOKUP(C11,SETOP!$B:$E,2,FALSE),IFERROR(VLOOKUP(C11,SUDECAP!$A:$D,2,FALSE),IFERROR(VLOOKUP(C11,SICRO!$A:$D,2,FALSE),VLOOKUP(C11,CPUS!$B:$H,3,FALSE)))))),"") -> LOCAÇÃO DE CONTAINER COM ISOLAMENTO TÉRMICO, TIPO 4, PARA REFEITÓRIO DE OBRA, COM MEDIDAS REFERENCIAIS DE (6) METROS COMPRIMENTO, (2,3) METROS LARGURA E (2,5) METROS ALTURA ÚTIL INTERNA, INCLUSIVE LIGAÇÕES ELÉTRICAS INTERNAS, EXCLUSIVE MOBILIZAÇÃO/DESMOBILIZAÇÃO E LIGAÇÕES PROVISÓRIAS EXTERNAS | E11: =IFERROR(IFERROR(VLOOKUP(C11,SINAPI!$A:$D,3,FALSE),IFERROR(VLOOKUP(C11,SETOP!$A:$E,4,FALSE),IFERROR(VLOOKUP(C11,SETOP!$B:$E,3,FALSE),IFERROR(VLOOKUP(C11,SUDECAP!$A:$D,3,FALSE),IFERROR(VLOOKUP(C11,SICRO!$A:$D,3,FALSE),VLOOKUP(C11,CPUS!$B:$H,4,FALSE)))))),"") -> MÊS | F11: 7 | G11: Locação de 1 container de refeitório por 7 meses
A12: 2.4 | B12: =IF(IFERROR(VLOOKUP(C12,SINAPI!$A:$D,1,FALSE),"")=C12,"SINAPI",IF(IFERROR(VLOOKUP(C12,SETOP!$A:$E,1,FALSE),"")=C12,"SETOP",IF(IFERROR(VLOOKUP(C12,SUDECAP!$A:$D,1,FALSE),"")=C12,"SUDECAP",IF(IFERROR(VLOOKUP(C12,SICRO!$A:$D,1,FALSE),"")=C12,"SICRO","COMPOSIÇÃO")))) -> SETOP | C12: ED-16354 | D12: =IFERROR(IFERROR(VLOOKUP(C12,SINAPI!$A:$D,2,FALSE),IFERROR(VLOOKUP(C12,SETOP!$A:$E,3,FALSE),IFERROR(VLOOKUP(C12,SETOP!$B:$E,2,FALSE),IFERROR(VLOOKUP(C12,SUDECAP!$A:$D,2,FALSE),IFERROR(VLOOKUP(C12,SICRO!$A:$D,2,FALSE),VLOOKUP(C12,CPUS!$B:$H,3,FALSE)))))),"") -> LOCAÇÃO DE CONTAINER COM ISOLAMENTO TÉRMICO, TIPO 7, PARA VESTIÁRIO DE OBRA COM QUATRO (4) CHUVEIROS, TRÊS (3) VASOS SANITÁRIOS, UM (1) MICTÓRIO E UM (1) LAVATÓRIO, COM MEDIDAS REFERENCIAIS DE (6) METROS COMPRIMENTO, (2,3) METROS LARGURA E (2,5) METROS ALTURA ÚTIL INTERNA, INCLUSIVE LIGAÇÕES ELÉTRICAS E HIDROSSANITÁRIAS INTERNAS, EXCLUSIVE MOBILIZAÇÃO/DESMOBILIZAÇÃO E LIGAÇÕES PROVISÓRIAS EXTERNAS | E12: =IFERROR(IFERROR(VLOOKUP(C12,SINAPI!$A:$D,3,FALSE),IFERROR(VLOOKUP(C12,SETOP!$A:$E,4,FALSE),IFERROR(VLOOKUP(C12,SETOP!$B:$E,3,FALSE),IFERROR(VLOOKUP(C12,SUDECAP!$A:$D,3,FALSE),IFERROR(VLOOKUP(C12,SICRO!$A:$D,3,FALSE),VLOOKUP(C12,CPUS!$B:$H,4,FALSE)))))),"") -> MÊS | F12: 7 | G12: Locação de 1 container de vestiário por 7 meses
A13: 2.5 | B13: =IF(IFERROR(VLOOKUP(C13,SINAPI!$A:$D,1,FALSE),"")=C13,"SINAPI",IF(IFERROR(VLOOKUP(C13,SETOP!$A:$E,1,FALSE),"")=C13,"SETOP",IF(IFERROR(VLOOKUP(C13,SUDECAP!$A:$D,1,FALSE),"")=C13,"SUDECAP",IF(IFERROR(VLOOKUP(C13,SICRO!$A:$D,1,FALSE),"")=C13,"SICRO","COMPOSIÇÃO")))) -> SETOP | C13: ED-16357 | D13: =IFERROR(IFERROR(VLOOKUP(C13,SINAPI!$A:$D,2,FALSE),IFERROR(VLOOKUP(C13,SETOP!$A:$E,3,FALSE),IFERROR(VLOOKUP(C13,SETOP!$B:$E,2,FALSE),IFERROR(VLOOKUP(C13,SUDECAP!$A:$D,2,FALSE),IFERROR(VLOOKUP(C13,SICRO!$A:$D,2,FALSE),VLOOKUP(C13,CPUS!$B:$H,3,FALSE)))))),"") -> LIGAÇÕES PROVISÓRIAS PARA CONTAINER TIPO 2 (CORRESPONDENTE AO CÓDIGO ED-16349) | E13: =IFERROR(IFERROR(VLOOKUP(C13,SINAPI!$A:$D,3,FALSE),IFERROR(VLOOKUP(C13,SETOP!$A:$E,4,FALSE),IFERROR(VLOOKUP(C13,SETOP!$B:$E,3,FALSE),IFERROR(VLOOKUP(C13,SUDECAP!$A:$D,3,FALSE),IFERROR(VLOOKUP(C13,SICRO!$A:$D,3,FALSE),VLOOKUP(C13,CPUS!$B:$H,4,FALSE)))))),"") -> UN | F13: 1 | G13: Ligação provisória para container tipo 2
A14: 2.6 | B14: =IF(IFERROR(VLOOKUP(C14,SINAPI!$A:$D,1,FALSE),"")=C14,"SINAPI",IF(IFERROR(VLOOKUP(C14,SETOP!$A:$E,1,FALSE),"")=C14,"SETOP",IF(IFERROR(VLOOKUP(C14,SUDECAP!$A:$D,1,FALSE),"")=C14,"SUDECAP",IF(IFERROR(VLOOKUP(C14,SICRO!$A:$D,1,FALSE),"")=C14,"SICRO","COMPOSIÇÃO")))) -> SETOP | C14: ED-16359 | D14: =IFERROR(IFERROR(VLOOKUP(C14,SINAPI!$A:$D,2,FALSE),IFERROR(VLOOKUP(C14,SETOP!$A:$E,3,FALSE),IFERROR(VLOOKUP(C14,SETOP!$B:$E,2,FALSE),IFERROR(VLOOKUP(C14,SUDECAP!$A:$D,2,FALSE),IFERROR(VLOOKUP(C14,SICRO!$A:$D,2,FALSE),VLOOKUP(C14,CPUS!$B:$H,3,FALSE)))))),"") -> LIGAÇÕES PROVISÓRIAS PARA CONTAINER TIPO 4 (CORRESPONDENTE AO CÓDIGO ED-16351) | E14: =IFERROR(IFERROR(VLOOKUP(C14,SINAPI!$A:$D,3,FALSE),IFERROR(VLOOKUP(C14,SETOP!$A:$E,4,FALSE),IFERROR(VLOOKUP(C14,SETOP!$B:$E,3,FALSE),IFERROR(VLOOKUP(C14,SUDECAP!$A:$D,3,FALSE),IFERROR(VLOOKUP(C14,SICRO!$A:$D,3,FALSE),VLOOKUP(C14,CPUS!$B:$H,4,FALSE)))))),"") -> UN | F14: 1 | G14: Ligação provisória para container tipo 4
A15: 2.7 | B15: =IF(IFERROR(VLOOKUP(C15,SINAPI!$A:$D,1,FALSE),"")=C15,"SINAPI",IF(IFERROR(VLOOKUP(C15,SETOP!$A:$E,1,FALSE),"")=C15,"SETOP",IF(IFERROR(VLOOKUP(C15,SUDECAP!$A:$D,1,FALSE),"")=C15,"SUDECAP",IF(IFERROR(VLOOKUP(C15,SICRO!$A:$D,1,FALSE),"")=C15,"SICRO","COMPOSIÇÃO")))) -> SETOP | C15: ED-16362 | D15: =IFERROR(IFERROR(VLOOKUP(C15,SINAPI!$A:$D,2,FALSE),IFERROR(VLOOKUP(C15,SETOP!$A:$E,3,FALSE),IFERROR(VLOOKUP(C15,SETOP!$B:$E,2,FALSE),IFERROR(VLOOKUP(C15,SUDECAP!$A:$D,2,FALSE),IFERROR(VLOOKUP(C15,SICRO!$A:$D,2,FALSE),VLOOKUP(C15,CPUS!$B:$H,3,FALSE)))))),"") -> LIGAÇÕES PROVISÓRIAS PARA CONTAINER TIPO 7 (CORRESPONDENTE AO CÓDIGO ED-16354) | E15: =IFERROR(IFERROR(VLOOKUP(C15,SINAPI!$A:$D,3,FALSE),IFERROR(VLOOKUP(C15,SETOP!$A:$E,4,FALSE),IFERROR(VLOOKUP(C15,SETOP!$B:$E,3,FALSE),IFERROR(VLOOKUP(C15,SUDECAP!$A:$D,3,FALSE),IFERROR(VLOOKUP(C15,SICRO!$A:$D,3,FALSE),VLOOKUP(C15,CPUS!$B:$H,4,FALSE)))))),"") -> UN | F15: 1 | G15: Ligação provisória para container tipo 7
A16: 2.8 | B16: =IF(IFERROR(VLOOKUP(C16,SINAPI!$A:$D,1,FALSE),"")=C16,"SINAPI",IF(IFERROR(VLOOKUP(C16,SETOP!$A:$E,1,FALSE),"")=C16,"SETOP",IF(IFERROR(VLOOKUP(C16,SUDECAP!$A:$D,1,FALSE),"")=C16,"SUDECAP",IF(IFERROR(VLOOKUP(C16,SICRO!$A:$D,1,FALSE),"")=C16,"SICRO","COMPOSIÇÃO")))) -> SETOP | C16: ED-28427 | D16: =IFERROR(IFERROR(VLOOKUP(C16,SINAPI!$A:$D,2,FALSE),IFERROR(VLOOKUP(C16,SETOP!$A:$E,3,FALSE),IFERROR(VLOOKUP(C16,SETOP!$B:$E,2,FALSE),IFERROR(VLOOKUP(C16,SUDECAP!$A:$D,2,FALSE),IFERROR(VLOOKUP(C16,SICRO!$A:$D,2,FALSE),VLOOKUP(C16,CPUS!$B:$H,3,FALSE)))))),"") -> FORNECIMENTO E COLOCAÇÃO DE PLACA DE OBRA EM CHAPA GALVANIZADA #26, ESP. 0,45MM, DIMENSÃO (3X1,5)M, PLOTADA COM ADESIVO VINÍLICO, AFIXADA COM REBITES 4,8X40MM, EM ESTRUTURA METÁLICA DE METALON 20X20MM, ESP. 1,25MM, INCLUSIVE SUPORTE EM EUCALIPTO AUTOCLAVADO PINTADO COM TINTA PVA DUAS (2) DEMÃOS | E16: =IFERROR(IFERROR(VLOOKUP(C16,SINAPI!$A:$D,3,FALSE),IFERROR(VLOOKUP(C16,SETOP!$A:$E,4,FALSE),IFERROR(VLOOKUP(C16,SETOP!$B:$E,3,FALSE),IFERROR(VLOOKUP(C16,SUDECAP!$A:$D,3,FALSE),IFERROR(VLOOKUP(C16,SICRO!$A:$D,3,FALSE),VLOOKUP(C16,CPUS!$B:$H,4,FALSE)))))),"") -> UN | F16: 1 | G16: Placa de obra
A17: 2.9 | B17: =IF(IFERROR(VLOOKUP(C17,SINAPI!$A:$D,1,FALSE),"")=C17,"SINAPI",IF(IFERROR(VLOOKUP(C17,SETOP!$A:$E,1,FALSE),"")=C17,"SETOP",IF(IFERROR(VLOOKUP(C17,SUDECAP!$A:$D,1,FALSE),"")=C17,"SUDECAP",IF(IFERROR(VLOOKUP(C17,SICRO!$A:$D,1,FALSE),"")=C17,"SICRO","COMPOSIÇÃO")))) -> SETOP | C17: ED-50275 | D17: =IFERROR(IFERROR(VLOOKUP(C17,SINAPI!$A:$D,2,FALSE),IFERROR(VLOOKUP(C17,SETOP!$A:$E,3,FALSE),IFERROR(VLOOKUP(C17,SETOP!$B:$E,2,FALSE),IFERROR(VLOOKUP(C17,SUDECAP!$A:$D,2,FALSE),IFERROR(VLOOKUP(C17,SICRO!$A:$D,2,FALSE),VLOOKUP(C17,CPUS!$B:$H,3,FALSE)))))),"") -> LOCAÇÃO TOPOGRÁFICA DE VINTE UM (21) ATÉ CINQUENTA (50) PONTOS REFERENCIAIS, INCLUSIVE ESTACA (PIQUETE) DE MARCAÇÃO | E17: =IFERROR(IFERROR(VLOOKUP(C17,SINAPI!$A:$D,3,FALSE),IFERROR(VLOOKUP(C17,SETOP!$A:$E,4,FALSE),IFERROR(VLOOKUP(C17,SETOP!$B:$E,3,FALSE),IFERROR(VLOOKUP(C17,SUDECAP!$A:$D,3,FALSE),IFERROR(VLOOKUP(C17,SICRO!$A:$D,3,FALSE),VLOOKUP(C17,CPUS!$B:$H,4,FALSE)))))),"") -> UN | F17: 30 | G17: Locação topográfica considerando 30 pontos de referência
A18: 3 | D18: MOBILIZAÇÃO E DESMOBILIZAÇÃO
A19: 3.1 | B19: =IF(IFERROR(VLOOKUP(C19,SINAPI!$A:$D,1,FALSE),"")=C19,"SINAPI",IF(IFERROR(VLOOKUP(C19,SETOP!$A:$E,1,FALSE),"")=C19,"SETOP",IF(IFERROR(VLOOKUP(C19,SUDECAP!$A:$D,1,FALSE),"")=C19,"SUDECAP",IF(IFERROR(VLOOKUP(C19,SICRO!$A:$D,1,FALSE),"")=C19,"SICRO","COMPOSIÇÃO")))) -> SETOP | C19: ED-50394 | D19: =IFERROR(IFERROR(VLOOKUP(C19,SINAPI!$A:$D,2,FALSE),IFERROR(VLOOKUP(C19,SETOP!$A:$E,3,FALSE),IFERROR(VLOOKUP(C19,SETOP!$B:$E,2,FALSE),IFERROR(VLOOKUP(C19,SUDECAP!$A:$D,2,FALSE),IFERROR(VLOOKUP(C19,SICRO!$A:$D,2,FALSE),VLOOKUP(C19,CPUS!$B:$H,3,FALSE)))))),"") -> MOBILIZAÇÃO E DESMOBILIZAÇÃO DE OBRA EM CENTRO URBANO OU REGIÃO LIMÍTROFE COM VALOR ACIMA DE 3.000.000,01 | E19: =IFERROR(IFERROR(VLOOKUP(C19,SINAPI!$A:$D,3,FALSE),IFERROR(VLOOKUP(C19,SETOP!$A:$E,4,FALSE),IFERROR(VLOOKUP(C19,SETOP!$B:$E,3,FALSE),IFERROR(VLOOKUP(C19,SUDECAP!$A:$D,3,FALSE),IFERROR(VLOOKUP(C19,SICRO!$A:$D,3,FALSE),VLOOKUP(C19,CPUS!$B:$H,4,FALSE)))))),"") -> % | F19: 0.002 | G19: 0,20% do custo total sem BDI (excluindo o custo da administração local).
A20: 4 | D20: REMOÇÕES E DEMOLIÇÕES
A21: 4.1 | B21: =IF(IFERROR(VLOOKUP(C21,SINAPI!$A:$D,1,FALSE),"")=C21,"SINAPI",IF(IFERROR(VLOOKUP(C21,SETOP!$A:$E,1,FALSE),"")=C21,"SETOP",IF(IFERROR(VLOOKUP(C21,SUDECAP!$A:$D,1,FALSE),"")=C21,"SUDECAP",IF(IFERROR(VLOOKUP(C21,SICRO!$A:$D,1,FALSE),"")=C21,"SICRO","COMPOSIÇÃO")))) -> SICRO | C21: 4915669 | D21: =IFERROR(IFERROR(VLOOKUP(C21,SINAPI!$A:$D,2,FALSE),IFERROR(VLOOKUP(C21,SETOP!$A:$E,3,FALSE),IFERROR(VLOOKUP(C21,SETOP!$B:$E,2,FALSE),IFERROR(VLOOKUP(C21,SUDECAP!$A:$D,2,FALSE),IFERROR(VLOOKUP(C21,SICRO!$A:$D,2,FALSE),VLOOKUP(C21,CPUS!$B:$H,3,FALSE)))))),"") -> REMOÇÃO MECANIZADA DE CAMADA GRANULAR DO PAVIMENTO | E21: =IFERROR(IFERROR(VLOOKUP(C21,SINAPI!$A:$D,3,FALSE),IFERROR(VLOOKUP(C21,SETOP!$A:$E,4,FALSE),IFERROR(VLOOKUP(C21,SETOP!$B:$E,3,FALSE),IFERROR(VLOOKUP(C21,SUDECAP!$A:$D,3,FALSE),IFERROR(VLOOKUP(C21,SICRO!$A:$D,3,FALSE),VLOOKUP(C21,CPUS!$B:$H,4,FALSE)))))),"") -> M³ | F21: =(8899.17*0.2)+(8899.17*0.2) -> 3559.668 | G21: Remoção mecanizada de camada granular para execução de novas camadas de pavimento. Consideramos 20 cm de base e 20 cm de sub base a serem removidas. Área considerada de 8899,17 m²
A22: 4.2 | B22: =IF(IFERROR(VLOOKUP(C22,SINAPI!$A:$D,1,FALSE),"")=C22,"SINAPI",IF(IFERROR(VLOOKUP(C22,SETOP!$A:$E,1,FALSE),"")=C22,"SETOP",IF(IFERROR(VLOOKUP(C22,SUDECAP!$A:$D,1,FALSE),"")=C22,"SUDECAP",IF(IFERROR(VLOOKUP(C22,SICRO!$A:$D,1,FALSE),"")=C22,"SICRO","COMPOSIÇÃO")))) -> SICRO | C22: 4915667 | D22: =IFERROR(IFERROR(VLOOKUP(C22,SINAPI!$A:$D,2,FALSE),IFERROR(VLOOKUP(C22,SETOP!$A:$E,3,FALSE),IFERROR(VLOOKUP(C22,SETOP!$B:$E,2,FALSE),IFERROR(VLOOKUP(C22,SUDECAP!$A:$D,2,FALSE),IFERROR(VLOOKUP(C22,SICRO!$A:$D,2,FALSE),VLOOKUP(C22,CPUS!$B:$H,3,FALSE)))))),"") -> REMOÇÃO MECANIZADA DE REVESTIMENTO ASFÁLTICO | E22: =IFERROR(IFERROR(VLOOKUP(C22,SINAPI!$A:$D,3,FALSE),IFERROR(VLOOKUP(C22,SETOP!$A:$E,4,FALSE),IFERROR(VLOOKUP(C22,SETOP!$B:$E,3,FALSE),IFERROR(VLOOKUP(C22,SUDECAP!$A:$D,3,FALSE),IFERROR(VLOOKUP(C22,SICRO!$A:$D,3,FALSE),VLOOKUP(C22,CPUS!$B:$H,4,FALSE)))))),"") -> M³ | F22: =6955.43*0.1 -> 695.543 | G22: Remoção mecanizada de revestimento asfáltico existente para execução de novo revestimento. Área considera de 6955,43 m² com espessura de pavimento de 10 cm a ser removido
A23: 4.3 | B23: =IF(IFERROR(VLOOKUP(C23,SINAPI!$A:$D,1,FALSE),"")=C23,"SINAPI",IF(IFERROR(VLOOKUP(C23,SETOP!$A:$E,1,FALSE),"")=C23,"SETOP",IF(IFERROR(VLOOKUP(C23,SUDECAP!$A:$D,1,FALSE),"")=C23,"SUDECAP",IF(IFERROR(VLOOKUP(C23,SICRO!$A:$D,1,FALSE),"")=C23,"SICRO","COMPOSIÇÃO")))) -> COMPOSIÇÃO | C23: CPU-1766 | D23: =IFERROR(IFERROR(VLOOKUP(C23,SINAPI!$A:$D,2,FALSE),IFERROR(VLOOKUP(C23,SETOP!$A:$E,3,FALSE),IFERROR(VLOOKUP(C23,SETOP!$B:$E,2,FALSE),IFERROR(VLOOKUP(C23,SUDECAP!$A:$D,2,FALSE),IFERROR(VLOOKUP(C23,SICRO!$A:$D,2,FALSE),VLOOKUP(C23,CPUS!$B:$H,3,FALSE)))))),"") -> REMOÇÃO DE MEIO-FIO DE CONCRETO SEM REAPROVEITAMENTO | E23: =IFERROR(IFERROR(VLOOKUP(C23,SINAPI!$A:$D,3,FALSE),IFERROR(VLOOKUP(C23,SETOP!$A:$E,4,FALSE),IFERROR(VLOOKUP(C23,SETOP!$B:$E,3,FALSE),IFERROR(VLOOKUP(C23,SUDECAP!$A:$D,3,FALSE),IFERROR(VLOOKUP(C23,SICRO!$A:$D,3,FALSE),VLOOKUP(C23,CPUS!$B:$H,4,FALSE)))))),"") -> M | F23: 163.67 | G23: Remoção de meio fio dos canteiros existentes. Não foi considerado reaproveitamento dos mesmos
A24: 4.4 | B24: =IF(IFERROR(VLOOKUP(C24,SINAPI!$A:$D,1,FALSE),"")=C24,"SINAPI",IF(IFERROR(VLOOKUP(C24,SETOP!$A:$E,1,FALSE),"")=C24,"SETOP",IF(IFERROR(VLOOKUP(C24,SUDECAP!$A:$D,1,FALSE),"")=C24,"SUDECAP",IF(IFERROR(VLOOKUP(C24,SICRO!$A:$D,1,FALSE),"")=C24,"SICRO","COMPOSIÇÃO")))) -> COMPOSIÇÃO | C24: CPU-1767 | D24: =IFERROR(IFERROR(VLOOKUP(C24,SINAPI!$A:$D,2,FALSE),IFERROR(VLOOKUP(C24,SETOP!$A:$E,3,FALSE),IFERROR(VLOOKUP(C24,SETOP!$B:$E,2,FALSE),IFERROR(VLOOKUP(C24,SUDECAP!$A:$D,2,FALSE),IFERROR(VLOOKUP(C24,SICRO!$A:$D,2,FALSE),VLOOKUP(C24,CPUS!$B:$H,3,FALSE)))))),"") -> REMOÇÃO DE LETREIRO COM NOME DA CIDADE - COM REAPROVEITAMENTO | E24: =IFERROR(IFERROR(VLOOKUP(C24,SINAPI!$A:$D,3,FALSE),IFERROR(VLOOKUP(C24,SETOP!$A:$E,4,FALSE),IFERROR(VLOOKUP(C24,SETOP!$B:$E,3,FALSE),IFERROR(VLOOKUP(C24,SUDECAP!$A:$D,3,FALSE),IFERROR(VLOOKUP(C24,SICRO!$A:$D,3,FALSE),VLOOKUP(C24,CPUS!$B:$H,4,FALSE)))))),"") -> UND | F24: 1 | G24: Remoção do letreiro "BRUMADINHO"para posterior reaproveitamento
A25: 4.5 | B25: =IF(IFERROR(VLOOKUP(C25,SINAPI!$A:$D,1,FALSE),"")=C25,"SINAPI",IF(IFERROR(VLOOKUP(C25,SETOP!$A:$E,1,FALSE),"")=C25,"SETOP",IF(IFERROR(VLOOKUP(C25,SUDECAP!$A:$D,1,FALSE),"")=C25,"SUDECAP",IF(IFERROR(VLOOKUP(C25,SICRO!$A:$D,1,FALSE),"")=C25,"SICRO","COMPOSIÇÃO")))) -> SETOP | C25: ED-50699 | D25: =IFERROR(IFERROR(VLOOKUP(C25,SINAPI!$A:$D,2,FALSE),IFERROR(VLOOKUP(C25,SETOP!$A:$E,3,FALSE),IFERROR(VLOOKUP(C25,SETOP!$B:$E,2,FALSE),IFERROR(VLOOKUP(C25,SUDECAP!$A:$D,2,FALSE),IFERROR(VLOOKUP(C25,SICRO!$A:$D,2,FALSE),VLOOKUP(C25,CPUS!$B:$H,3,FALSE)))))),"") -> CORTE DE ÁRVORE COM MOTOSSERRA, DIÂMETRO DO TRONCO ACIMA DE TRINTA (30) CENTÍMETROS ATÉ CINQUENTA (50) CENTÍMETROS, EXCLUSIVE DESTOCAMENTO E AFASTAMENTO | E25: =IFERROR(IFERROR(VLOOKUP(C25,SINAPI!$A:$D,3,FALSE),IFERROR(VLOOKUP(C25,SETOP!$A:$E,4,FALSE),IFERROR(VLOOKUP(C25,SETOP!$B:$E,3,FALSE),IFERROR(VLOOKUP(C25,SUDECAP!$A:$D,3,FALSE),IFERROR(VLOOKUP(C25,SICRO!$A:$D,3,FALSE),VLOOKUP(C25,CPUS!$B:$H,4,FALSE)))))),"") -> UN | F25: 1 | G25: Corte da palmeira existente
A26: 4.6 | B26: =IF(IFERROR(VLOOKUP(C26,SINAPI!$A:$D,1,FALSE),"")=C26,"SINAPI",IF(IFERROR(VLOOKUP(C26,SETOP!$A:$E,1,FALSE),"")=C26,"SETOP",IF(IFERROR(VLOOKUP(C26,SUDECAP!$A:$D,1,FALSE),"")=C26,"SUDECAP",IF(IFERROR(VLOOKUP(C26,SICRO!$A:$D,1,FALSE),"")=C26,"SICRO","COMPOSIÇÃO")))) -> SETOP | C26: ED-28163 | D26: =IFERROR(IFERROR(VLOOKUP(C26,SINAPI!$A:$D,2,FALSE),IFERROR(VLOOKUP(C26,SETOP!$A:$E,3,FALSE),IFERROR(VLOOKUP(C26,SETOP!$B:$E,2,FALSE),IFERROR(VLOOKUP(C26,SUDECAP!$A:$D,2,FALSE),IFERROR(VLOOKUP(C26,SICRO!$A:$D,2,FALSE),VLOOKUP(C26,CPUS!$B:$H,3,FALSE)))))),"") -> DESTOCAMENTO E AFASTAMENTO DE REMANESCENTE ARBÓREO, INCLUSIVE TRANSPORTE E RETIRADA DO MATERIAL ESCAVADO (EM CAÇAMBA) | E26: =IFERROR(IFERROR(VLOOKUP(C26,SINAPI!$A:$D,3,FALSE),IFERROR(VLOOKUP(C26,SETOP!$A:$E,4,FALSE),IFERROR(VLOOKUP(C26,SETOP!$B:$E,3,FALSE),IFERROR(VLOOKUP(C26,SUDECAP!$A:$D,3,FALSE),IFERROR(VLOOKUP(C26,SICRO!$A:$D,3,FALSE),VLOOKUP(C26,CPUS!$B:$H,4,FALSE)))))),"") -> UN | F26: 1 | G26: Destocamento e afastamento após corte da palmeira existente
A27: 4.7 | B27: =IF(IFERROR(VLOOKUP(C27,SINAPI!$A:$D,1,FALSE),"")=C27,"SINAPI",IF(IFERROR(VLOOKUP(C27,SETOP!$A:$E,1,FALSE),"")=C27,"SETOP",IF(IFERROR(VLOOKUP(C27,SUDECAP!$A:$D,1,FALSE),"")=C27,"SUDECAP",IF(IFERROR(VLOOKUP(C27,SICRO!$A:$D,1,FALSE),"")=C27,"SICRO","COMPOSIÇÃO")))) -> SETOP | C27: ED-48445 | D27: =IFERROR(IFERROR(VLOOKUP(C27,SINAPI!$A:$D,2,FALSE),IFERROR(VLOOKUP(C27,SETOP!$A:$E,3,FALSE),IFERROR(VLOOKUP(C27,SETOP!$B:$E,2,FALSE),IFERROR(VLOOKUP(C27,SUDECAP!$A:$D,2,FALSE),IFERROR(VLOOKUP(C27,SICRO!$A:$D,2,FALSE),VLOOKUP(C27,CPUS!$B:$H,3,FALSE)))))),"") -> DEMOLIÇÃO MECANIZADA DE CONCRETO ARMADO, COM EQUIPAMENTO PNEUMÁTICO, INCLUSIVE AFASTAMENTO E EMPILHAMENTO, EXCLUSIVE TRANSPORTE E RETIRADA DO MATERIAL DEMOLIDO | E27: =IFERROR(IFERROR(VLOOKUP(C27,SINAPI!$A:$D,3,FALSE),IFERROR(VLOOKUP(C27,SETOP!$A:$E,4,FALSE),IFERROR(VLOOKUP(C27,SETOP!$B:$E,3,FALSE),IFERROR(VLOOKUP(C27,SUDECAP!$A:$D,3,FALSE),IFERROR(VLOOKUP(C27,SICRO!$A:$D,3,FALSE),VLOOKUP(C27,CPUS!$B:$H,4,FALSE)))))),"") -> M3 | F27: 2.11 | G27: Demolição mecanizada de concreto do suporte do letreiro "BRUMADINHO"
A28: 4.8 | B28: =IF(IFERROR(VLOOKUP(C28,SINAPI!$A:$D,1,FALSE),"")=C28,"SINAPI",IF(IFERROR(VLOOKUP(C28,SETOP!$A:$E,1,FALSE),"")=C28,"SETOP",IF(IFERROR(VLOOKUP(C28,SUDECAP!$A:$D,1,FALSE),"")=C28,"SUDECAP",IF(IFERROR(VLOOKUP(C28,SICRO!$A:$D,1,FALSE),"")=C28,"SICRO","COMPOSIÇÃO")))) -> SETOP | C28: RO-43014 | D28: =IFERROR(IFERROR(VLOOKUP(C28,SINAPI!$A:$D,2,FALSE),IFERROR(VLOOKUP(C28,SETOP!$A:$E,3,FALSE),IFERROR(VLOOKUP(C28,SETOP!$B:$E,2,FALSE),IFERROR(VLOOKUP(C28,SUDECAP!$A:$D,2,FALSE),IFERROR(VLOOKUP(C28,SICRO!$A:$D,2,FALSE),VLOOKUP(C28,CPUS!$B:$H,3,FALSE)))))),"") -> REMOÇÃO DE PLACAS | E28: =IFERROR(IFERROR(VLOOKUP(C28,SINAPI!$A:$D,3,FALSE),IFERROR(VLOOKUP(C28,SETOP!$A:$E,4,FALSE),IFERROR(VLOOKUP(C28,SETOP!$B:$E,3,FALSE),IFERROR(VLOOKUP(C28,SUDECAP!$A:$D,3,FALSE),IFERROR(VLOOKUP(C28,SICRO!$A:$D,3,FALSE),VLOOKUP(C28,CPUS!$B:$H,4,FALSE)))))),"") -> U | F28: 10 | G28: Remoção das placas de sinalização existentes
A29: 4.9 | B29: =IF(IFERROR(VLOOKUP(C29,SINAPI!$A:$D,1,FALSE),"")=C29,"SINAPI",IF(IFERROR(VLOOKUP(C29,SETOP!$A:$E,1,FALSE),"")=C29,"SETOP",IF(IFERROR(VLOOKUP(C29,SUDECAP!$A:$D,1,FALSE),"")=C29,"SUDECAP",IF(IFERROR(VLOOKUP(C29,SICRO!$A:$D,1,FALSE),"")=C29,"SICRO","COMPOSIÇÃO")))) -> SINAPI | C29: 95875 | D29: =IFERROR(IFERROR(VLOOKUP(C29,SINAPI!$A:$D,2,FALSE),IFERROR(VLOOKUP(C29,SETOP!$A:$E,3,FALSE),IFERROR(VLOOKUP(C29,SETOP!$B:$E,2,FALSE),IFERROR(VLOOKUP(C29,SUDECAP!$A:$D,2,FALSE),IFERROR(VLOOKUP(C29,SICRO!$A:$D,2,FALSE),VLOOKUP(C29,CPUS!$B:$H,3,FALSE)))))),"") -> TRANSPORTE COM CAMINHÃO BASCULANTE DE 10 M³, EM VIA URBANA PAVIMENTADA, DMT ATÉ 30 KM (UNIDADE: M3XKM). AF_07/2020 | E29: =IFERROR(IFERROR(VLOOKUP(C29,SINAPI!$A:$D,3,FALSE),IFERROR(VLOOKUP(C29,SETOP!$A:$E,4,FALSE),IFERROR(VLOOKUP(C29,SETOP!$B:$E,3,FALSE),IFERROR(VLOOKUP(C29,SUDECAP!$A:$D,3,FALSE),IFERROR(VLOOKUP(C29,SICRO!$A:$D,3,FALSE),VLOOKUP(C29,CPUS!$B:$H,4,FALSE)))))),"") -> M3XKM | F29: =(((F22+F27)*1.4)+(F21*1.3)+(F23*0.3*0.15*1.4))*15 -> 84218.907 | G29: Transporte do material demolido para bota fora. Para o concreto, para o revestimento asfáltico e para o meio fio foi considerado um empolamento de 1,4 para material demolido. Para o transporte da camada granular removida consideramos um empolamento de 1,3. O DMT utilizado foi de 15 km
A30: 5 | D30: TERRAPLENAGEM
A31: 5.1 | D31: CORTE
A32: 5.1.1 | B32: =IF(IFERROR(VLOOKUP(C32,SINAPI!$A:$D,1,FALSE),"")=C32,"SINAPI",IF(IFERROR(VLOOKUP(C32,SETOP!$A:$E,1,FALSE),"")=C32,"SETOP",IF(IFERROR(VLOOKUP(C32,SUDECAP!$A:$D,1,FALSE),"")=C32,"SUDECAP",IF(IFERROR(VLOOKUP(C32,SICRO!$A:$D,1,FALSE),"")=C32,"SICRO","COMPOSIÇÃO")))) -> SETOP | C32: RO-40148 | D32: =IFERROR(IFERROR(VLOOKUP(C32,SINAPI!$A:$D,2,FALSE),IFERROR(VLOOKUP(C32,SETOP!$A:$E,3,FALSE),IFERROR(VLOOKUP(C32,SETOP!$B:$E,2,FALSE),IFERROR(VLOOKUP(C32,SUDECAP!$A:$D,2,FALSE),IFERROR(VLOOKUP(C32,SICRO!$A:$D,2,FALSE),VLOOKUP(C32,CPUS!$B:$H,3,FALSE)))))),"") -> ESCAVAÇÃO, CARGA E TRANSPORTE DE MATERIAL DE 1ª CATEGORIA - EXECUTADO COM ESCAVADEIRA DE 1,40 M³ E CAMINHÃO BASCULANTE DE 12 M³ E COM CAMINHO DE SERVIÇO EM LEITO NATURAL - DMT DE 50 A 200 M | E32: =IFERROR(IFERROR(VLOOKUP(C32,SINAPI!$A:$D,3,FALSE),IFERROR(VLOOKUP(C32,SETOP!$A:$E,4,FALSE),IFERROR(VLOOKUP(C32,SETOP!$B:$E,3,FALSE),IFERROR(VLOOKUP(C32,SUDECAP!$A:$D,3,FALSE),IFERROR(VLOOKUP(C32,SICRO!$A:$D,3,FALSE),VLOOKUP(C32,CPUS!$B:$H,4,FALSE)))))),"") -> M3 | F32: 5696.03 | G32: Quantitativo retirado do projeto geométrico. Quantitativo de corte de material existente
A33: 5.1.2 | B33: =IF(IFERROR(VLOOKUP(C33,SINAPI!$A:$D,1,FALSE),"")=C33,"SINAPI",IF(IFERROR(VLOOKUP(C33,SETOP!$A:$E,1,FALSE),"")=C33,"SETOP",IF(IFERROR(VLOOKUP(C33,SUDECAP!$A:$D,1,FALSE),"")=C33,"SUDECAP",IF(IFERROR(VLOOKUP(C33,SICRO!$A:$D,1,FALSE),"")=C33,"SICRO","COMPOSIÇÃO")))) -> SINAPI | C33: 95875 | D33: =IFERROR(IFERROR(VLOOKUP(C33,SINAPI!$A:$D,2,FALSE),IFERROR(VLOOKUP(C33,SETOP!$A:$E,3,FALSE),IFERROR(VLOOKUP(C33,SETOP!$B:$E,2,FALSE),IFERROR(VLOOKUP(C33,SUDECAP!$A:$D,2,FALSE),IFERROR(VLOOKUP(C33,SICRO!$A:$D,2,FALSE),VLOOKUP(C33,CPUS!$B:$H,3,FALSE)))))),"") -> TRANSPORTE COM CAMINHÃO BASCULANTE DE 10 M³, EM VIA URBANA PAVIMENTADA, DMT ATÉ 30 KM (UNIDADE: M3XKM). AF_07/2020 | E33: =IFERROR(IFERROR(VLOOKUP(C33,SINAPI!$A:$D,3,FALSE),IFERROR(VLOOKUP(C33,SETOP!$A:$E,4,FALSE),IFERROR(VLOOKUP(C33,SETOP!$B:$E,3,FALSE),IFERROR(VLOOKUP(C33,SUDECAP!$A:$D,3,FALSE),IFERROR(VLOOKUP(C33,SICRO!$A:$D,3,FALSE),VLOOKUP(C33,CPUS!$B:$H,4,FALSE)))))),"") -> M3XKM | F33: =5517.98*1.3*15 -> 107600.61 | G33: Transporte do material de corte. Foi utilizado o volume de bota fora retirado de projeto. Empolamento de 30% e DMT de 15 km
A34: 5.1.3 | B34: =IF(IFERROR(VLOOKUP(C34,SINAPI!$A:$D,1,FALSE),"")=C34,"SINAPI",IF(IFERROR(VLOOKUP(C34,SETOP!$A:$E,1,FALSE),"")=C34,"SETOP",IF(IFERROR(VLOOKUP(C34,SUDECAP!$A:$D,1,FALSE),"")=C34,"SUDECAP",IF(IFERROR(VLOOKUP(C34,SICRO!$A:$D,1,FALSE),"")=C34,"SICRO","COMPOSIÇÃO")))) -> SETOP | C34: RO-40249 | D34: =IFERROR(IFERROR(VLOOKUP(C34,SINAPI!$A:$D,2,FALSE),IFERROR(VLOOKUP(C34,SETOP!$A:$E,3,FALSE),IFERROR(VLOOKUP(C34,SETOP!$B:$E,2,FALSE),IFERROR(VLOOKUP(C34,SUDECAP!$A:$D,2,FALSE),IFERROR(VLOOKUP(C34,SICRO!$A:$D,2,FALSE),VLOOKUP(C34,CPUS!$B:$H,3,FALSE)))))),"") -> COMPACTAÇÃO DE ATERROS A 95% DO PROCTOR NORMAL (INCLUI ESPALHAMENTO) | E34: =IFERROR(IFERROR(VLOOKUP(C34,SINAPI!$A:$D,3,FALSE),IFERROR(VLOOKUP(C34,SETOP!$A:$E,4,FALSE),IFERROR(VLOOKUP(C34,SETOP!$B:$E,3,FALSE),IFERROR(VLOOKUP(C34,SUDECAP!$A:$D,3,FALSE),IFERROR(VLOOKUP(C34,SICRO!$A:$D,3,FALSE),VLOOKUP(C34,CPUS!$B:$H,4,FALSE)))))),"") -> M3 | F34: 5517.98 | G34: Compactação do material no bota fora
A35: 5.2 | D35: ATERRO
A36: 5.2.1 | B36: =IF(IFERROR(VLOOKUP(C36,SINAPI!$A:$D,1,FALSE),"")=C36,"SINAPI",IF(IFERROR(VLOOKUP(C36,SETOP!$A:$E,1,FALSE),"")=C36,"SETOP",IF(IFERROR(VLOOKUP(C36,SUDECAP!$A:$D,1,FALSE),"")=C36,"SUDECAP",IF(IFERROR(VLOOKUP(C36,SICRO!$A:$D,1,FALSE),"")=C36,"SICRO","COMPOSIÇÃO")))) -> SETOP | C36: RO-40252 | D36: =IFERROR(IFERROR(VLOOKUP(C36,SINAPI!$A:$D,2,FALSE),IFERROR(VLOOKUP(C36,SETOP!$A:$E,3,FALSE),IFERROR(VLOOKUP(C36,SETOP!$B:$E,2,FALSE),IFERROR(VLOOKUP(C36,SUDECAP!$A:$D,2,FALSE),IFERROR(VLOOKUP(C36,SICRO!$A:$D,2,FALSE),VLOOKUP(C36,CPUS!$B:$H,3,FALSE)))))),"") -> COMPACTAÇÃO DE ATERROS A 100% DO PROCTOR INTERMEDIÁRIO (INCLUI ESPALHAMENTO) | E36: =IFERROR(IFERROR(VLOOKUP(C36,SINAPI!$A:$D,3,FALSE),IFERROR(VLOOKUP(C36,SETOP!$A:$E,4,FALSE),IFERROR(VLOOKUP(C36,SETOP!$B:$E,3,FALSE),IFERROR(VLOOKUP(C36,SUDECAP!$A:$D,3,FALSE),IFERROR(VLOOKUP(C36,SICRO!$A:$D,3,FALSE),VLOOKUP(C36,CPUS!$B:$H,4,FALSE)))))),"") -> M3 | F36: 178.05 | G36: Quantitativo retirado do projeto geométrico. O material para os aterros será aproveitado do material de corte
A37: 6 | D37: PAVIMENTAÇÃO
A38: 6.1 | B38: =IF(IFERROR(VLOOKUP(C38,SINAPI!$A:$D,1,FALSE),"")=C38,"SINAPI",IF(IFERROR(VLOOKUP(C38,SETOP!$A:$E,1,FALSE),"")=C38,"SETOP",IF(IFERROR(VLOOKUP(C38,SUDECAP!$A:$D,1,FALSE),"")=C38,"SUDECAP",IF(IFERROR(VLOOKUP(C38,SICRO!$A:$D,1,FALSE),"")=C38,"SICRO","COMPOSIÇÃO")))) -> SETOP | C38: RO-41083 | D38: =IFERROR(IFERROR(VLOOKUP(C38,SINAPI!$A:$D,2,FALSE),IFERROR(VLOOKUP(C38,SETOP!$A:$E,3,FALSE),IFERROR(VLOOKUP(C38,SETOP!$B:$E,2,FALSE),IFERROR(VLOOKUP(C38,SUDECAP!$A:$D,2,FALSE),IFERROR(VLOOKUP(C38,SICRO!$A:$D,2,FALSE),VLOOKUP(C38,CPUS!$B:$H,3,FALSE)))))),"") -> REGULARIZAÇÃO DO SUB-LEITO (PROCTOR INTERNORMAL) | E38: =IFERROR(IFERROR(VLOOKUP(C38,SINAPI!$A:$D,3,FALSE),IFERROR(VLOOKUP(C38,SETOP!$A:$E,4,FALSE),IFERROR(VLOOKUP(C38,SETOP!$B:$E,3,FALSE),IFERROR(VLOOKUP(C38,SUDECAP!$A:$D,3,FALSE),IFERROR(VLOOKUP(C38,SICRO!$A:$D,3,FALSE),VLOOKUP(C38,CPUS!$B:$H,4,FALSE)))))),"") -> M2 | F38: 8899.17 | G38: Quantitativo retirado do projeto de pavimentação. O subleito deverá ser regularizado para então receber o reforço do subleito
A39: 6.2 | B39: =IF(IFERROR(VLOOKUP(C39,SINAPI!$A:$D,1,FALSE),"")=C39,"SINAPI",IF(IFERROR(VLOOKUP(C39,SETOP!$A:$E,1,FALSE),"")=C39,"SETOP",IF(IFERROR(VLOOKUP(C39,SUDECAP!$A:$D,1,FALSE),"")=C39,"SUDECAP",IF(IFERROR(VLOOKUP(C39,SICRO!$A:$D,1,FALSE),"")=C39,"SICRO","COMPOSIÇÃO")))) -> SETOP | C39: RO-41093 | D39: =IFERROR(IFERROR(VLOOKUP(C39,SINAPI!$A:$D,2,FALSE),IFERROR(VLOOKUP(C39,SETOP!$A:$E,3,FALSE),IFERROR(VLOOKUP(C39,SETOP!$B:$E,2,FALSE),IFERROR(VLOOKUP(C39,SUDECAP!$A:$D,2,FALSE),IFERROR(VLOOKUP(C39,SICRO!$A:$D,2,FALSE),VLOOKUP(C39,CPUS!$B:$H,3,FALSE)))))),"") -> REFORÇO DO SUB-LEITO (EXECUÇÃO, INCLUINDO ESCAVAÇÃO, CARGA, DESCARGA, HOMOGENIZAÇÃO, UMIDECIMENTO, ESPALHAMENTO E COMPACTAÇÃO DO MATERIAL) | E39: =IFERROR(IFERROR(VLOOKUP(C39,SINAPI!$A:$D,3,FALSE),IFERROR(VLOOKUP(C39,SETOP!$A:$E,4,FALSE),IFERROR(VLOOKUP(C39,SETOP!$B:$E,3,FALSE),IFERROR(VLOOKUP(C39,SUDECAP!$A:$D,3,FALSE),IFERROR(VLOOKUP(C39,SICRO!$A:$D,3,FALSE),VLOOKUP(C39,CPUS!$B:$H,4,FALSE)))))),"") -> M3 | F39: 1779.84 | G39: Quantitativo retirado do projeto de pavimentação. O reforço do subleito deverá ser executado com material de local de empréstimo. O transporte do material é considerado a parte
A40: 6.3 | B40: =IF(IFERROR(VLOOKUP(C40,SINAPI!$A:$D,1,FALSE),"")=C40,"SINAPI",IF(IFERROR(VLOOKUP(C40,SETOP!$A:$E,1,FALSE),"")=C40,"SETOP",IF(IFERROR(VLOOKUP(C40,SUDECAP!$A:$D,1,FALSE),"")=C40,"SUDECAP",IF(IFERROR(VLOOKUP(C40,SICRO!$A:$D,1,FALSE),"")=C40,"SICRO","COMPOSIÇÃO")))) -> SINAPI | C40: 101767 | D40: =IFERROR(IFERROR(VLOOKUP(C40,SINAPI!$A:$D,2,FALSE),IFERROR(VLOOKUP(C40,SETOP!$A:$E,3,FALSE),IFERROR(VLOOKUP(C40,SETOP!$B:$E,2,FALSE),IFERROR(VLOOKUP(C40,SUDECAP!$A:$D,2,FALSE),IFERROR(VLOOKUP(C40,SICRO!$A:$D,2,FALSE),VLOOKUP(C40,CPUS!$B:$H,3,FALSE)))))),"") -> EXECUÇÃO E COMPACTAÇÃO DE BASE E OU SUB BASE PARA PAVIMENTAÇÃO DE SOLOS ESTABILIZADOS GRANULOMETRICAMENTE COM MISTURA DE SOLOS EM PISTA - EXCLUSIVE SOLO, ESCAVAÇÃO, CARGA E TRANSPORTE. AF_11/2019 | E40: =IFERROR(IFERROR(VLOOKUP(C40,SINAPI!$A:$D,3,FALSE),IFERROR(VLOOKUP(C40,SETOP!$A:$E,4,FALSE),IFERROR(VLOOKUP(C40,SETOP!$B:$E,3,FALSE),IFERROR(VLOOKUP(C40,SUDECAP!$A:$D,3,FALSE),IFERROR(VLOOKUP(C40,SICRO!$A:$D,3,FALSE),VLOOKUP(C40,CPUS!$B:$H,4,FALSE)))))),"") -> M3 | F40: 1654.31 | G40: Quantitativo retirado do projeto de pavimentação. A sub base deverá ser executada com solo proveniente de área de empréstimo. O transporte do material é considerado a parte
A41: 6.4 | B41: =IF(IFERROR(VLOOKUP(C41,SINAPI!$A:$D,1,FALSE),"")=C41,"SINAPI",IF(IFERROR(VLOOKUP(C41,SETOP!$A:$E,1,FALSE),"")=C41,"SETOP",IF(IFERROR(VLOOKUP(C41,SUDECAP!$A:$D,1,FALSE),"")=C41,"SUDECAP",IF(IFERROR(VLOOKUP(C41,SICRO!$A:$D,1,FALSE),"")=C41,"SICRO","COMPOSIÇÃO")))) -> SINAPI | C41: 96397 | D41: =IFERROR(IFERROR(VLOOKUP(C41,SINAPI!$A:$D,2,FALSE),IFERROR(VLOOKUP(C41,SETOP!$A:$E,3,FALSE),IFERROR(VLOOKUP(C41,SETOP!$B:$E,2,FALSE),IFERROR(VLOOKUP(C41,SUDECAP!$A:$D,2,FALSE),IFERROR(VLOOKUP(C41,SICRO!$A:$D,2,FALSE),VLOOKUP(C41,CPUS!$B:$H,3,FALSE)))))),"") -> EXECUÇÃO E COMPACTAÇÃO DE BASE E OU SUB BASE PARA PAVIMENTAÇÃO DE BRITA GRADUADA SIMPLES TRATADA COM CIMENTO - EXCLUSIVE CARGA E TRANSPORTE. AF_11/2019 | E41: =IFERROR(IFERROR(VLOOKUP(C41,SINAPI!$A:$D,3,FALSE),IFERROR(VLOOKUP(C41,SETOP!$A:$E,4,FALSE),IFERROR(VLOOKUP(C41,SETOP!$B:$E,3,FALSE),IFERROR(VLOOKUP(C41,SUDECAP!$A:$D,3,FALSE),IFERROR(VLOOKUP(C41,SICRO!$A:$D,3,FALSE),VLOOKUP(C41,CPUS!$B:$H,4,FALSE)))))),"") -> M3 | F41: 1528.06 | G41: Quantitativo retirado do projeto de pavimentação. A carga do material e o transporte são considerados a parte
A42: 6.5 | B42: =IF(IFERROR(VLOOKUP(C42,SINAPI!$A:$D,1,FALSE),"")=C42,"SINAPI",IF(IFERROR(VLOOKUP(C42,SETOP!$A:$E,1,FALSE),"")=C42,"SETOP",IF(IFERROR(VLOOKUP(C42,SUDECAP!$A:$D,1,FALSE),"")=C42,"SUDECAP",IF(IFERROR(VLOOKUP(C42,SICRO!$A:$D,1,FALSE),"")=C42,"SICRO","COMPOSIÇÃO")))) -> SETOP | C42: RO-51228 | D42: =IFERROR(IFERROR(VLOOKUP(C42,SINAPI!$A:$D,2,FALSE),IFERROR(VLOOKUP(C42,SETOP!$A:$E,3,FALSE),IFERROR(VLOOKUP(C42,SETOP!$B:$E,2,FALSE),IFERROR(VLOOKUP(C42,SUDECAP!$A:$D,2,FALSE),IFERROR(VLOOKUP(C42,SICRO!$A:$D,2,FALSE),VLOOKUP(C42,CPUS!$B:$H,3,FALSE)))))),"") -> IMPRIMAÇÃO (EXECUÇÃO E FORNECIMENTO DO MATERIAL BETUMINOSO, EXCLUSIVE TRANSPORTE DO MATERIAL BETUMINOSO) | E42: =IFERROR(IFERROR(VLOOKUP(C42,SINAPI!$A:$D,3,FALSE),IFERROR(VLOOKUP(C42,SETOP!$A:$E,4,FALSE),IFERROR(VLOOKUP(C42,SETOP!$B:$E,3,FALSE),IFERROR(VLOOKUP(C42,SUDECAP!$A:$D,3,FALSE),IFERROR(VLOOKUP(C42,SICRO!$A:$D,3,FALSE),VLOOKUP(C42,CPUS!$B:$H,4,FALSE)))))),"") -> M2 | F42: 6955.43 | G42: Quantitativo retirado do projeto de pavimentação. Imprimação em toda a área em que será aplicado o CBUQ
A43: 6.6 | B43: =IF(IFERROR(VLOOKUP(C43,SINAPI!$A:$D,1,FALSE),"")=C43,"SINAPI",IF(IFERROR(VLOOKUP(C43,SETOP!$A:$E,1,FALSE),"")=C43,"SETOP",IF(IFERROR(VLOOKUP(C43,SUDECAP!$A:$D,1,FALSE),"")=C43,"SUDECAP",IF(IFERROR(VLOOKUP(C43,SICRO!$A:$D,1,FALSE),"")=C43,"SICRO","COMPOSIÇÃO")))) -> SETOP | C43: RO-51229 | D43: =IFERROR(IFERROR(VLOOKUP(C43,SINAPI!$A:$D,2,FALSE),IFERROR(VLOOKUP(C43,SETOP!$A:$E,3,FALSE),IFERROR(VLOOKUP(C43,SETOP!$B:$E,2,FALSE),IFERROR(VLOOKUP(C43,SUDECAP!$A:$D,2,FALSE),IFERROR(VLOOKUP(C43,SICRO!$A:$D,2,FALSE),VLOOKUP(C43,CPUS!$B:$H,3,FALSE)))))),"") -> PINTURA DE LIGAÇÃO (EXECUÇÃO E FORNECIMENTO DO MATERIAL BETUMINOSO, EXCLUSIVE TRANSPORTE DO MATERIAL BETUMINOSO) | E43: =IFERROR(IFERROR(VLOOKUP(C43,SINAPI!$A:$D,3,FALSE),IFERROR(VLOOKUP(C43,SETOP!$A:$E,4,FALSE),IFERROR(VLOOKUP(C43,SETOP!$B:$E,3,FALSE),IFERROR(VLOOKUP(C43,SUDECAP!$A:$D,3,FALSE),IFERROR(VLOOKUP(C43,SICRO!$A:$D,3,FALSE),VLOOKUP(C43,CPUS!$B:$H,4,FALSE)))))),"") -> M2 | F43: 6955.43 | G43: Quantitativo retirado do projeto de pavimentação. Pintura de ligação em toda a área em que será aplicado o CBUQ
A44: 6.7 | B44: =IF(IFERROR(VLOOKUP(C44,SINAPI!$A:$D,1,FALSE),"")=C44,"SINAPI",IF(IFERROR(VLOOKUP(C44,SETOP!$A:$E,1,FALSE),"")=C44,"SETOP",IF(IFERROR(VLOOKUP(C44,SUDECAP!$A:$D,1,FALSE),"")=C44,"SUDECAP",IF(IFERROR(VLOOKUP(C44,SICRO!$A:$D,1,FALSE),"")=C44,"SICRO","COMPOSIÇÃO")))) -> SINAPI | C44: 95995 | D44: =IFERROR(IFERROR(VLOOKUP(C44,SINAPI!$A:$D,2,FALSE),IFERROR(VLOOKUP(C44,SETOP!$A:$E,3,FALSE),IFERROR(VLOOKUP(C44,SETOP!$B:$E,2,FALSE),IFERROR(VLOOKUP(C44,SUDECAP!$A:$D,2,FALSE),IFERROR(VLOOKUP(C44,SICRO!$A:$D,2,FALSE),VLOOKUP(C44,CPUS!$B:$H,3,FALSE)))))),"") -> EXECUÇÃO DE PAVIMENTO COM APLICAÇÃO DE CONCRETO ASFÁLTICO, CAMADA DE ROLAMENTO - EXCLUSIVE CARGA E TRANSPORTE. AF_11/2019 | E44: =IFERROR(IFERROR(VLOOKUP(C44,SINAPI!$A:$D,3,FALSE),IFERROR(VLOOKUP(C44,SETOP!$A:$E,4,FALSE),IFERROR(VLOOKUP(C44,SETOP!$B:$E,3,FALSE),IFERROR(VLOOKUP(C44,SUDECAP!$A:$D,3,FALSE),IFERROR(VLOOKUP(C44,SICRO!$A:$D,3,FALSE),VLOOKUP(C44,CPUS!$B:$H,4,FALSE)))))),"") -> M3 | F44: =486.88+27.46 -> 514.34 | G44: Quantitativo retirado do projeto de pavimentação e do projeto de sinalização (CBUQ para as faixas elevadas)
A45: 6.8 | B45: =IF(IFERROR(VLOOKUP(C45,SINAPI!$A:$D,1,FALSE),"")=C45,"SINAPI",IF(IFERROR(VLOOKUP(C45,SETOP!$A:$E,1,FALSE),"")=C45,"SETOP",IF(IFERROR(VLOOKUP(C45,SUDECAP!$A:$D,1,FALSE),"")=C45,"SUDECAP",IF(IFERROR(VLOOKUP(C45,SICRO!$A:$D,1,FALSE),"")=C45,"SICRO","COMPOSIÇÃO")))) -> SINAPI | C45: 102330 | D45: =IFERROR(IFERROR(VLOOKUP(C45,SINAPI!$A:$D,2,FALSE),IFERROR(VLOOKUP(C45,SETOP!$A:$E,3,FALSE),IFERROR(VLOOKUP(C45,SETOP!$B:$E,2,FALSE),IFERROR(VLOOKUP(C45,SUDECAP!$A:$D,2,FALSE),IFERROR(VLOOKUP(C45,SICRO!$A:$D,2,FALSE),VLOOKUP(C45,CPUS!$B:$H,3,FALSE)))))),"") -> TRANSPORTE COM CAMINHÃO TANQUE DE TRANSPORTE DE MATERIAL ASFÁLTICO DE 30000 L, EM VIA URBANA PAVIMENTADA, DMT ATÉ 30KM (UNIDADE: TXKM). AF_07/2020 | E45: =IFERROR(IFERROR(VLOOKUP(C45,SINAPI!$A:$D,3,FALSE),IFERROR(VLOOKUP(C45,SETOP!$A:$E,4,FALSE),IFERROR(VLOOKUP(C45,SETOP!$B:$E,3,FALSE),IFERROR(VLOOKUP(C45,SUDECAP!$A:$D,3,FALSE),IFERROR(VLOOKUP(C45,SICRO!$A:$D,3,FALSE),VLOOKUP(C45,CPUS!$B:$H,4,FALSE)))))),"") -> TXKM | F45: =(F43*0.0005*21.5)+(F42*0.0012*21.5) -> 254.22097 | G45: Transporte com caminhão tanque dos materiais para realização da pintura de ligação e da imprimação O local de aquisição é a DISBRAL, em Sarzedo, a 21,5 km da obra O consumo da pintura de ligação é de 0,0005 t/m² de RR-2C O consumo da imprimação é de 0,0012 t/m² de emulsão asfáltica de petróleo
A46: 6.9 | B46: =IF(IFERROR(VLOOKUP(C46,SINAPI!$A:$D,1,FALSE),"")=C46,"SINAPI",IF(IFERROR(VLOOKUP(C46,SETOP!$A:$E,1,FALSE),"")=C46,"SETOP",IF(IFERROR(VLOOKUP(C46,SUDECAP!$A:$D,1,FALSE),"")=C46,"SUDECAP",IF(IFERROR(VLOOKUP(C46,SICRO!$A:$D,1,FALSE),"")=C46,"SICRO","COMPOSIÇÃO")))) -> SINAPI | C46: 100978 | D46: =IFERROR(IFERROR(VLOOKUP(C46,SINAPI!$A:$D,2,FALSE),IFERROR(VLOOKUP(C46,SETOP!$A:$E,3,FALSE),IFERROR(VLOOKUP(C46,SETOP!$B:$E,2,FALSE),IFERROR(VLOOKUP(C46,SUDECAP!$A:$D,2,FALSE),IFERROR(VLOOKUP(C46,SICRO!$A:$D,2,FALSE),VLOOKUP(C46,CPUS!$B:$H,3,FALSE)))))),"") -> CARGA, MANOBRA E DESCARGA DE SOLOS E MATERIAIS GRANULARES EM CAMINHÃO BASCULANTE 10 M³ - CARGA COM ESCAVADEIRA HIDRÁULICA (CAÇAMBA DE 1,20 M³ / 155 HP) E DESCARGA LIVRE (UNIDADE: M3). AF_07/2020 | E46: =IFERROR(IFERROR(VLOOKUP(C46,SINAPI!$A:$D,3,FALSE),IFERROR(VLOOKUP(C46,SETOP!$A:$E,4,FALSE),IFERROR(VLOOKUP(C46,SETOP!$B:$E,3,FALSE),IFERROR(VLOOKUP(C46,SUDECAP!$A:$D,3,FALSE),IFERROR(VLOOKUP(C46,SICRO!$A:$D,3,FALSE),VLOOKUP(C46,CPUS!$B:$H,4,FALSE)))))),"") -> M3 | F46: =(3434.15)+(2151.52) -> 5585.67 | G46: Carga e descarga de solo e materiais granulares. Esse serviço contempla o solo para o reforço do subleito, o solo para a sub base e os materiais granulares para base São 3434,15 m³ de solo, somando reforço do subleito e sub base. Brita 2 - 1528,06 m³ de base com coeficiente de brita 2 de 0,0733. Total de 112,01 m³ Brita 0 - 1528,06 m³ de base com coeficiente de brita 0 de 0,6967. Total de 1064,60 m³ Brita 1 - 1528,06 m³ de base com coeficiente de brita 1 de 0,1467. Total de 224,17 m³ Pó de Pedra - 1528,06 m³ de base com coeficiente de pó de pedra de 0,4913. Total de 750,74 m³ Total de 2151,52 m³ de materiais granulares da base
A47: 6.10 | B47: =IF(IFERROR(VLOOKUP(C47,SINAPI!$A:$D,1,FALSE),"")=C47,"SINAPI",IF(IFERROR(VLOOKUP(C47,SETOP!$A:$E,1,FALSE),"")=C47,"SETOP",IF(IFERROR(VLOOKUP(C47,SUDECAP!$A:$D,1,FALSE),"")=C47,"SUDECAP",IF(IFERROR(VLOOKUP(C47,SICRO!$A:$D,1,FALSE),"")=C47,"SICRO","COMPOSIÇÃO")))) -> SINAPI | C47: 101002 | D47: =IFERROR(IFERROR(VLOOKUP(C47,SINAPI!$A:$D,2,FALSE),IFERROR(VLOOKUP(C47,SETOP!$A:$E,3,FALSE),IFERROR(VLOOKUP(C47,SETOP!$B:$E,2,FALSE),IFERROR(VLOOKUP(C47,SUDECAP!$A:$D,2,FALSE),IFERROR(VLOOKUP(C47,SICRO!$A:$D,2,FALSE),VLOOKUP(C47,CPUS!$B:$H,3,FALSE)))))),"") -> CARGA DE MISTURA ASFÁLTICA EM CAMINHÃO BASCULANTE 10 M³ (UNIDADE: T). AF_07/2020 | E47: =IFERROR(IFERROR(VLOOKUP(C47,SINAPI!$A:$D,3,FALSE),IFERROR(VLOOKUP(C47,SETOP!$A:$E,4,FALSE),IFERROR(VLOOKUP(C47,SETOP!$B:$E,3,FALSE),IFERROR(VLOOKUP(C47,SUDECAP!$A:$D,3,FALSE),IFERROR(VLOOKUP(C47,SICRO!$A:$D,3,FALSE),VLOOKUP(C47,CPUS!$B:$H,4,FALSE)))))),"") -> T | F47: =F44*2.4 -> 1234.416 | G47: Carga da mistura asfáltica em caminhão. Densidade de 2,4 para o CBUQ
A48: 6.11 | B48: =IF(IFERROR(VLOOKUP(C48,SINAPI!$A:$D,1,FALSE),"")=C48,"SINAPI",IF(IFERROR(VLOOKUP(C48,SETOP!$A:$E,1,FALSE),"")=C48,"SETOP",IF(IFERROR(VLOOKUP(C48,SUDECAP!$A:$D,1,FALSE),"")=C48,"SUDECAP",IF(IFERROR(VLOOKUP(C48,SICRO!$A:$D,1,FALSE),"")=C48,"SICRO","COMPOSIÇÃO")))) -> SINAPI | C48: 95878 | D48: =IFERROR(IFERROR(VLOOKUP(C48,SINAPI!$A:$D,2,FALSE),IFERROR(VLOOKUP(C48,SETOP!$A:$E,3,FALSE),IFERROR(VLOOKUP(C48,SETOP!$B:$E,2,FALSE),IFERROR(VLOOKUP(C48,SUDECAP!$A:$D,2,FALSE),IFERROR(VLOOKUP(C48,SICRO!$A:$D,2,FALSE),VLOOKUP(C48,CPUS!$B:$H,3,FALSE)))))),"") -> TRANSPORTE COM CAMINHÃO BASCULANTE DE 10 M³, EM VIA URBANA PAVIMENTADA, DMT ATÉ 30 KM (UNIDADE: TXKM). AF_07/2020 | E48: =IFERROR(IFERROR(VLOOKUP(C48,SINAPI!$A:$D,3,FALSE),IFERROR(VLOOKUP(C48,SETOP!$A:$E,4,FALSE),IFERROR(VLOOKUP(C48,SETOP!$B:$E,3,FALSE),IFERROR(VLOOKUP(C48,SUDECAP!$A:$D,3,FALSE),IFERROR(VLOOKUP(C48,SICRO!$A:$D,3,FALSE),VLOOKUP(C48,CPUS!$B:$H,4,FALSE)))))),"") -> TXKM | F48: =(514.34*2.4*30)+(2151.52*1.5*27.5) -> 125782.68 | G48: Transporte de 514,34 m³ de CBUQ por 30 km. Índice de 2,4 para o CBUQ Transporte de 2151,52 m³ de materiais granulares para execução da base utilizando densidade de 1,5 e DMT de 27,5 km
A49: 6.12 | B49: =IF(IFERROR(VLOOKUP(C49,SINAPI!$A:$D,1,FALSE),"")=C49,"SINAPI",IF(IFERROR(VLOOKUP(C49,SETOP!$A:$E,1,FALSE),"")=C49,"SETOP",IF(IFERROR(VLOOKUP(C49,SUDECAP!$A:$D,1,FALSE),"")=C49,"SUDECAP",IF(IFERROR(VLOOKUP(C49,SICRO!$A:$D,1,FALSE),"")=C49,"SICRO","COMPOSIÇÃO")))) -> SINAPI | C49: 93596 | D49: =IFERROR(IFERROR(VLOOKUP(C49,SINAPI!$A:$D,2,FALSE),IFERROR(VLOOKUP(C49,SETOP!$A:$E,3,FALSE),IFERROR(VLOOKUP(C49,SETOP!$B:$E,2,FALSE),IFERROR(VLOOKUP(C49,SUDECAP!$A:$D,2,FALSE),IFERROR(VLOOKUP(C49,SICRO!$A:$D,2,FALSE),VLOOKUP(C49,CPUS!$B:$H,3,FALSE)))))),"") -> TRANSPORTE COM CAMINHÃO BASCULANTE DE 10 M³, EM VIA URBANA PAVIMENTADA, ADICIONAL PARA DMT EXCEDENTE A 30 KM (UNIDADE: TXKM). AF_07/2020 | E49: =IFERROR(IFERROR(VLOOKUP(C49,SINAPI!$A:$D,3,FALSE),IFERROR(VLOOKUP(C49,SETOP!$A:$E,4,FALSE),IFERROR(VLOOKUP(C49,SETOP!$B:$E,3,FALSE),IFERROR(VLOOKUP(C49,SUDECAP!$A:$D,3,FALSE),IFERROR(VLOOKUP(C49,SICRO!$A:$D,3,FALSE),VLOOKUP(C49,CPUS!$B:$H,4,FALSE)))))),"") -> TXKM | F49: =514.34*2.4*18.5 -> 22836.696 | G49: Transporte de 514,34 m³ de CBUQ por 18,5 km. Índice de 2,4 para o CBUQ
A50: 6.13 | B50: =IF(IFERROR(VLOOKUP(C50,SINAPI!$A:$D,1,FALSE),"")=C50,"SINAPI",IF(IFERROR(VLOOKUP(C50,SETOP!$A:$E,1,FALSE),"")=C50,"SETOP",IF(IFERROR(VLOOKUP(C50,SUDECAP!$A:$D,1,FALSE),"")=C50,"SUDECAP",IF(IFERROR(VLOOKUP(C50,SICRO!$A:$D,1,FALSE),"")=C50,"SICRO","COMPOSIÇÃO")))) -> SINAPI | C50: 95875 | D50: =IFERROR(IFERROR(VLOOKUP(C50,SINAPI!$A:$D,2,FALSE),IFERROR(VLOOKUP(C50,SETOP!$A:$E,3,FALSE),IFERROR(VLOOKUP(C50,SETOP!$B:$E,2,FALSE),IFERROR(VLOOKUP(C50,SUDECAP!$A:$D,2,FALSE),IFERROR(VLOOKUP(C50,SICRO!$A:$D,2,FALSE),VLOOKUP(C50,CPUS!$B:$H,3,FALSE)))))),"") -> TRANSPORTE COM CAMINHÃO BASCULANTE DE 10 M³, EM VIA URBANA PAVIMENTADA, DMT ATÉ 30 KM (UNIDADE: M3XKM). AF_07/2020 | E50: =IFERROR(IFERROR(VLOOKUP(C50,SINAPI!$A:$D,3,FALSE),IFERROR(VLOOKUP(C50,SETOP!$A:$E,4,FALSE),IFERROR(VLOOKUP(C50,SETOP!$B:$E,3,FALSE),IFERROR(VLOOKUP(C50,SUDECAP!$A:$D,3,FALSE),IFERROR(VLOOKUP(C50,SICRO!$A:$D,3,FALSE),VLOOKUP(C50,CPUS!$B:$H,4,FALSE)))))),"") -> M3XKM | F50: =(3434.15*1.3*15) -> 66965.925 | G50: Transporte dos materiais necessários para execução da obra, com DMT até 30 km, em rodovia pavimentada Transporte do solo para reforço do subleito. 3434,15 x 1,3 = 4464,40 m³. DMT de 15 km para solo
A51: 7 | D51: SARJETA, MEIO FIO E PASSEIO
A52: 7.1 | B52: =IF(IFERROR(VLOOKUP(C52,SINAPI!$A:$D,1,FALSE),"")=C52,"SINAPI",IF(IFERROR(VLOOKUP(C52,SETOP!$A:$E,1,FALSE),"")=C52,"SETOP",IF(IFERROR(VLOOKUP(C52,SUDECAP!$A:$D,1,FALSE),"")=C52,"SUDECAP",IF(IFERROR(VLOOKUP(C52,SICRO!$A:$D,1,FALSE),"")=C52,"SICRO","COMPOSIÇÃO")))) -> SETOP | C52: ED-51141 | D52: =IFERROR(IFERROR(VLOOKUP(C52,SINAPI!$A:$D,2,FALSE),IFERROR(VLOOKUP(C52,SETOP!$A:$E,3,FALSE),IFERROR(VLOOKUP(C52,SETOP!$B:$E,2,FALSE),IFERROR(VLOOKUP(C52,SUDECAP!$A:$D,2,FALSE),IFERROR(VLOOKUP(C52,SICRO!$A:$D,2,FALSE),VLOOKUP(C52,CPUS!$B:$H,3,FALSE)))))),"") -> GUIA DE MEIO-FIO, EM CONCRETO COM FCK 15MPA, MOLDADA IN-LOCO, SEÇÃO 15X45CM, FORMA EM MADEIRA, EXCLUSIVE SARJETA, INCLUSIVE ESCAVAÇÃO, APILOAMENTO E TRANSPORTE COM RETIRADA DO MATERIAL ESCAVADO (EM CAÇAMBA) | E52: =IFERROR(IFERROR(VLOOKUP(C52,SINAPI!$A:$D,3,FALSE),IFERROR(VLOOKUP(C52,SETOP!$A:$E,4,FALSE),IFERROR(VLOOKUP(C52,SETOP!$B:$E,3,FALSE),IFERROR(VLOOKUP(C52,SUDECAP!$A:$D,3,FALSE),IFERROR(VLOOKUP(C52,SICRO!$A:$D,3,FALSE),VLOOKUP(C52,CPUS!$B:$H,4,FALSE)))))),"") -> M | F52: 1294.13 | G52: Quantitativo retirado do projeto de pavimentação
A53: 7.2 | B53: =IF(IFERROR(VLOOKUP(C53,SINAPI!$A:$D,1,FALSE),"")=C53,"SINAPI",IF(IFERROR(VLOOKUP(C53,SETOP!$A:$E,1,FALSE),"")=C53,"SETOP",IF(IFERROR(VLOOKUP(C53,SUDECAP!$A:$D,1,FALSE),"")=C53,"SUDECAP",IF(IFERROR(VLOOKUP(C53,SICRO!$A:$D,1,FALSE),"")=C53,"SICRO","COMPOSIÇÃO")))) -> SETOP | C53: ED-14763 | D53: =IFERROR(IFERROR(VLOOKUP(C53,SINAPI!$A:$D,2,FALSE),IFERROR(VLOOKUP(C53,SETOP!$A:$E,3,FALSE),IFERROR(VLOOKUP(C53,SETOP!$B:$E,2,FALSE),IFERROR(VLOOKUP(C53,SUDECAP!$A:$D,2,FALSE),IFERROR(VLOOKUP(C53,SICRO!$A:$D,2,FALSE),VLOOKUP(C53,CPUS!$B:$H,3,FALSE)))))),"") -> SARJETA DE CONCRETO URBANO (SCU), TIPO 2, COM FCK 15 MPA, LARGURA DE 50CM COM INCLINAÇÃO DE 15%, ESP. 7CM, PADRÃO DER-MG, EXCLUSIVE MEIO-FIO, INCLUSIVE ESCAVAÇÃO, APILAOMENTO E TRANSPORTE COM RETIRADA DO MATERIAL ESCAVADO (EM CAÇAMBA) | E53: =IFERROR(IFERROR(VLOOKUP(C53,SINAPI!$A:$D,3,FALSE),IFERROR(VLOOKUP(C53,SETOP!$A:$E,4,FALSE),IFERROR(VLOOKUP(C53,SETOP!$B:$E,3,FALSE),IFERROR(VLOOKUP(C53,SUDECAP!$A:$D,3,FALSE),IFERROR(VLOOKUP(C53,SICRO!$A:$D,3,FALSE),VLOOKUP(C53,CPUS!$B:$H,4,FALSE)))))),"") -> M | F53: 1294.13 | G53: Quantitativo retirado do projeto de pavimentação
A54: 7.3 | B54: =IF(IFERROR(VLOOKUP(C54,SINAPI!$A:$D,1,FALSE),"")=C54,"SINAPI",IF(IFERROR(VLOOKUP(C54,SETOP!$A:$E,1,FALSE),"")=C54,"SETOP",IF(IFERROR(VLOOKUP(C54,SUDECAP!$A:$D,1,FALSE),"")=C54,"SUDECAP",IF(IFERROR(VLOOKUP(C54,SICRO!$A:$D,1,FALSE),"")=C54,"SICRO","COMPOSIÇÃO")))) -> SETOP | C54: ED-51144 | D54: =IFERROR(IFERROR(VLOOKUP(C54,SINAPI!$A:$D,2,FALSE),IFERROR(VLOOKUP(C54,SETOP!$A:$E,3,FALSE),IFERROR(VLOOKUP(C54,SETOP!$B:$E,2,FALSE),IFERROR(VLOOKUP(C54,SUDECAP!$A:$D,2,FALSE),IFERROR(VLOOKUP(C54,SICRO!$A:$D,2,FALSE),VLOOKUP(C54,CPUS!$B:$H,3,FALSE)))))),"") -> PASSEIOS DE CONCRETO E = 8 CM, FCK = 15 MPA PADRÃO PREFEITURA | E54: =IFERROR(IFERROR(VLOOKUP(C54,SINAPI!$A:$D,3,FALSE),IFERROR(VLOOKUP(C54,SETOP!$A:$E,4,FALSE),IFERROR(VLOOKUP(C54,SETOP!$B:$E,3,FALSE),IFERROR(VLOOKUP(C54,SUDECAP!$A:$D,3,FALSE),IFERROR(VLOOKUP(C54,SICRO!$A:$D,3,FALSE),VLOOKUP(C54,CPUS!$B:$H,4,FALSE)))))),"") -> M2 | F54: 1676.72 | G54: Quantitativo retirado do projeto de pavimentação
A55: 8 | D55: SINALIZAÇÃO
A56: 8.1 | D56: SINALIZAÇÃO VERTICAL
A57: 8.1.1 | B57: =IF(IFERROR(VLOOKUP(C57,SINAPI!$A:$D,1,FALSE),"")=C57,"SINAPI",IF(IFERROR(VLOOKUP(C57,SETOP!$A:$E,1,FALSE),"")=C57,"SETOP",IF(IFERROR(VLOOKUP(C57,SUDECAP!$A:$D,1,FALSE),"")=C57,"SUDECAP",IF(IFERROR(VLOOKUP(C57,SICRO!$A:$D,1,FALSE),"")=C57,"SICRO","COMPOSIÇÃO")))) -> SICRO | C57: 5213440 | D57: =IFERROR(IFERROR(VLOOKUP(C57,SINAPI!$A:$D,2,FALSE),IFERROR(VLOOKUP(C57,SETOP!$A:$E,3,FALSE),IFERROR(VLOOKUP(C57,SETOP!$B:$E,2,FALSE),IFERROR(VLOOKUP(C57,SUDECAP!$A:$D,2,FALSE),IFERROR(VLOOKUP(C57,SICRO!$A:$D,2,FALSE),VLOOKUP(C57,CPUS!$B:$H,3,FALSE)))))),"") -> PLACA DE REGULAMENTAÇÃO EM AÇO D = 0,60 M - PELÍCULA RETRORREFLETIVA TIPO I + SI - FORNECIMENTO E IMPLANTAÇÃO | E57: =IFERROR(IFERROR(VLOOKUP(C57,SINAPI!$A:$D,3,FALSE),IFERROR(VLOOKUP(C57,SETOP!$A:$E,4,FALSE),IFERROR(VLOOKUP(C57,SETOP!$B:$E,3,FALSE),IFERROR(VLOOKUP(C57,SUDECAP!$A:$D,3,FALSE),IFERROR(VLOOKUP(C57,SICRO!$A:$D,3,FALSE),VLOOKUP(C57,CPUS!$B:$H,4,FALSE)))))),"") -> UN | F57: 3 | G57: Quantitativo retirado do projeto de sinalização
A58: 8.1.2 | B58: =IF(IFERROR(VLOOKUP(C58,SINAPI!$A:$D,1,FALSE),"")=C58,"SINAPI",IF(IFERROR(VLOOKUP(C58,SETOP!$A:$E,1,FALSE),"")=C58,"SETOP",IF(IFERROR(VLOOKUP(C58,SUDECAP!$A:$D,1,FALSE),"")=C58,"SUDECAP",IF(IFERROR(VLOOKUP(C58,SICRO!$A:$D,1,FALSE),"")=C58,"SICRO","COMPOSIÇÃO")))) -> SICRO | C58: 5213477 | D58: =IFERROR(IFERROR(VLOOKUP(C58,SINAPI!$A:$D,2,FALSE),IFERROR(VLOOKUP(C58,SETOP!$A:$E,3,FALSE),IFERROR(VLOOKUP(C58,SETOP!$B:$E,2,FALSE),IFERROR(VLOOKUP(C58,SUDECAP!$A:$D,2,FALSE),IFERROR(VLOOKUP(C58,SICRO!$A:$D,2,FALSE),VLOOKUP(C58,CPUS!$B:$H,3,FALSE)))))),"") -> PLACA DELINEADOR EM AÇO - 0,30 X 0,90 M - PELÍCULA RETRORREFLETIVA TIPO I + IV - FORNECIMENTO E IMPLANTAÇÃO | E58: =IFERROR(IFERROR(VLOOKUP(C58,SINAPI!$A:$D,3,FALSE),IFERROR(VLOOKUP(C58,SETOP!$A:$E,4,FALSE),IFERROR(VLOOKUP(C58,SETOP!$B:$E,3,FALSE),IFERROR(VLOOKUP(C58,SUDECAP!$A:$D,3,FALSE),IFERROR(VLOOKUP(C58,SICRO!$A:$D,3,FALSE),VLOOKUP(C58,CPUS!$B:$H,4,FALSE)))))),"") -> UN | F58: 3 | G58: Quantitativo retirado do projeto de sinalização
A59: 8.1.3 | B59: =IF(IFERROR(VLOOKUP(C59,SINAPI!$A:$D,1,FALSE),"")=C59,"SINAPI",IF(IFERROR(VLOOKUP(C59,SETOP!$A:$E,1,FALSE),"")=C59,"SETOP",IF(IFERROR(VLOOKUP(C59,SUDECAP!$A:$D,1,FALSE),"")=C59,"SUDECAP",IF(IFERROR(VLOOKUP(C59,SICRO!$A:$D,1,FALSE),"")=C59,"SICRO","COMPOSIÇÃO")))) -> SICRO | C59: 5213462 | D59: =IFERROR(IFERROR(VLOOKUP(C59,SINAPI!$A:$D,2,FALSE),IFERROR(VLOOKUP(C59,SETOP!$A:$E,3,FALSE),IFERROR(VLOOKUP(C59,SETOP!$B:$E,2,FALSE),IFERROR(VLOOKUP(C59,SUDECAP!$A:$D,2,FALSE),IFERROR(VLOOKUP(C59,SICRO!$A:$D,2,FALSE),VLOOKUP(C59,CPUS!$B:$H,3,FALSE)))))),"") -> PLACA DE REGULAMENTAÇÃO EM FIBRA, R2 LADO 1,00 M - PELÍCULA RETRORREFLETIVA TIPO I + SI - FORNECIMENTO E IMPLANTAÇÃO | E59: =IFERROR(IFERROR(VLOOKUP(C59,SINAPI!$A:$D,3,FALSE),IFERROR(VLOOKUP(C59,SETOP!$A:$E,4,FALSE),IFERROR(VLOOKUP(C59,SETOP!$B:$E,3,FALSE),IFERROR(VLOOKUP(C59,SUDECAP!$A:$D,3,FALSE),IFERROR(VLOOKUP(C59,SICRO!$A:$D,3,FALSE),VLOOKUP(C59,CPUS!$B:$H,4,FALSE)))))),"") -> UN | F59: 3 | G59: Quantitativo retirado do projeto de sinalização
A60: 8.1.4 | B60: =IF(IFERROR(VLOOKUP(C60,SINAPI!$A:$D,1,FALSE),"")=C60,"SINAPI",IF(IFERROR(VLOOKUP(C60,SETOP!$A:$E,1,FALSE),"")=C60,"SETOP",IF(IFERROR(VLOOKUP(C60,SUDECAP!$A:$D,1,FALSE),"")=C60,"SUDECAP",IF(IFERROR(VLOOKUP(C60,SICRO!$A:$D,1,FALSE),"")=C60,"SICRO","COMPOSIÇÃO")))) -> SICRO | C60: 5216111 | D60: =IFERROR(IFERROR(VLOOKUP(C60,SINAPI!$A:$D,2,FALSE),IFERROR(VLOOKUP(C60,SETOP!$A:$E,3,FALSE),IFERROR(VLOOKUP(C60,SETOP!$B:$E,2,FALSE),IFERROR(VLOOKUP(C60,SUDECAP!$A:$D,2,FALSE),IFERROR(VLOOKUP(C60,SICRO!$A:$D,2,FALSE),VLOOKUP(C60,CPUS!$B:$H,3,FALSE)))))),"") -> SUPORTE PARA PLACA DE SINALIZAÇÃO EM MADEIRA DE LEI TRATADA 8 X 8 CM - FORNECIMENTO E IMPLANTAÇÃO | E60: =IFERROR(IFERROR(VLOOKUP(C60,SINAPI!$A:$D,3,FALSE),IFERROR(VLOOKUP(C60,SETOP!$A:$E,4,FALSE),IFERROR(VLOOKUP(C60,SETOP!$B:$E,3,FALSE),IFERROR(VLOOKUP(C60,SUDECAP!$A:$D,3,FALSE),IFERROR(VLOOKUP(C60,SICRO!$A:$D,3,FALSE),VLOOKUP(C60,CPUS!$B:$H,4,FALSE)))))),"") -> UN | F60: 6 | G60: Serão 6 suportes para as placas pois são 3 placas instaladas de forma individual e as outras 6 placas serão instaladas em pares
A61: 8.2 | D61: SINALIZAÇÃO HORIZONTAL
A62: 8.2.1 | B62: =IF(IFERROR(VLOOKUP(C62,SINAPI!$A:$D,1,FALSE),"")=C62,"SINAPI",IF(IFERROR(VLOOKUP(C62,SETOP!$A:$E,1,FALSE),"")=C62,"SETOP",IF(IFERROR(VLOOKUP(C62,SUDECAP!$A:$D,1,FALSE),"")=C62,"SUDECAP",IF(IFERROR(VLOOKUP(C62,SICRO!$A:$D,1,FALSE),"")=C62,"SICRO","COMPOSIÇÃO")))) -> SETOP | C62: RO-41237 | D62: =IFERROR(IFERROR(VLOOKUP(C62,SINAPI!$A:$D,2,FALSE),IFERROR(VLOOKUP(C62,SETOP!$A:$E,3,FALSE),IFERROR(VLOOKUP(C62,SETOP!$B:$E,2,FALSE),IFERROR(VLOOKUP(C62,SUDECAP!$A:$D,2,FALSE),IFERROR(VLOOKUP(C62,SICRO!$A:$D,2,FALSE),VLOOKUP(C62,CPUS!$B:$H,3,FALSE)))))),"") -> LINHAS DE RESINA ACRILICA DE 0,6MM DE ESPESSURA E LARGURA = 0,10M (EXECUÇÃO, INCLUINDO PRÉ-MARCAÇÃO, FORNECIMENTO E TRANSPORTE DE TODOS OS MATERIAIS) | E62: =IFERROR(IFERROR(VLOOKUP(C62,SINAPI!$A:$D,3,FALSE),IFERROR(VLOOKUP(C62,SETOP!$A:$E,4,FALSE),IFERROR(VLOOKUP(C62,SETOP!$B:$E,3,FALSE),IFERROR(VLOOKUP(C62,SUDECAP!$A:$D,3,FALSE),IFERROR(VLOOKUP(C62,SICRO!$A:$D,3,FALSE),VLOOKUP(C62,CPUS!$B:$H,4,FALSE)))))),"") -> M | F62: 2448.43 | G62: Quantitativo retirado do projeto de sinalização
A63: 8.2.2 | B63: =IF(IFERROR(VLOOKUP(C63,SINAPI!$A:$D,1,FALSE),"")=C63,"SINAPI",IF(IFERROR(VLOOKUP(C63,SETOP!$A:$E,1,FALSE),"")=C63,"SETOP",IF(IFERROR(VLOOKUP(C63,SUDECAP!$A:$D,1,FALSE),"")=C63,"SUDECAP",IF(IFERROR(VLOOKUP(C63,SICRO!$A:$D,1,FALSE),"")=C63,"SICRO","COMPOSIÇÃO")))) -> SETOP | C63: RO-41240 | D63: =IFERROR(IFERROR(VLOOKUP(C63,SINAPI!$A:$D,2,FALSE),IFERROR(VLOOKUP(C63,SETOP!$A:$E,3,FALSE),IFERROR(VLOOKUP(C63,SETOP!$B:$E,2,FALSE),IFERROR(VLOOKUP(C63,SUDECAP!$A:$D,2,FALSE),IFERROR(VLOOKUP(C63,SICRO!$A:$D,2,FALSE),VLOOKUP(C63,CPUS!$B:$H,3,FALSE)))))),"") -> LINHAS DE RESINA ACRILICA 0,6MM DE ESPESSURA E LARGURA = 0,30M (EXECUÇÃO, INCLUSIVE PRÉ-MARCAÇÃO, FORNECIMENTO E TRANSPORTE DE TODOS OS MATERIAIS) | E63: =IFERROR(IFERROR(VLOOKUP(C63,SINAPI!$A:$D,3,FALSE),IFERROR(VLOOKUP(C63,SETOP!$A:$E,4,FALSE),IFERROR(VLOOKUP(C63,SETOP!$B:$E,3,FALSE),IFERROR(VLOOKUP(C63,SUDECAP!$A:$D,3,FALSE),IFERROR(VLOOKUP(C63,SICRO!$A:$D,3,FALSE),VLOOKUP(C63,CPUS!$B:$H,4,FALSE)))))),"") -> M | F63: 170.25 | G63: Quantitativo retirado do projeto de sinalização
A64: 8.2.3 | B64: =IF(IFERROR(VLOOKUP(C64,SINAPI!$A:$D,1,FALSE),"")=C64,"SINAPI",IF(IFERROR(VLOOKUP(C64,SETOP!$A:$E,1,FALSE),"")=C64,"SETOP",IF(IFERROR(VLOOKUP(C64,SUDECAP!$A:$D,1,FALSE),"")=C64,"SUDECAP",IF(IFERROR(VLOOKUP(C64,SICRO!$A:$D,1,FALSE),"")=C64,"SICRO","COMPOSIÇÃO")))) -> SETOP | C64: RO-41239 | D64: =IFERROR(IFERROR(VLOOKUP(C64,SINAPI!$A:$D,2,FALSE),IFERROR(VLOOKUP(C64,SETOP!$A:$E,3,FALSE),IFERROR(VLOOKUP(C64,SETOP!$B:$E,2,FALSE),IFERROR(VLOOKUP(C64,SUDECAP!$A:$D,2,FALSE),IFERROR(VLOOKUP(C64,SICRO!$A:$D,2,FALSE),VLOOKUP(C64,CPUS!$B:$H,3,FALSE)))))),"") -> LINHAS DE RESINA ACRILICA 0,6MM DE ESPESSURA E LARGURA = 0,20M (EXECUÇÃO, INCLUSIVE PRÉ-MARCAÇÃO, FORNECIMENTO E TRANSPORTE DE TODOS OS MATERIAIS) | E64: =IFERROR(IFERROR(VLOOKUP(C64,SINAPI!$A:$D,3,FALSE),IFERROR(VLOOKUP(C64,SETOP!$A:$E,4,FALSE),IFERROR(VLOOKUP(C64,SETOP!$B:$E,3,FALSE),IFERROR(VLOOKUP(C64,SUDECAP!$A:$D,3,FALSE),IFERROR(VLOOKUP(C64,SICRO!$A:$D,3,FALSE),VLOOKUP(C64,CPUS!$B:$H,4,FALSE)))))),"") -> M | F64: 295.1 | G64: Quantitativo retirado do projeto de sinalização
A65: 8.2.4 | B65: =IF(IFERROR(VLOOKUP(C65,SINAPI!$A:$D,1,FALSE),"")=C65,"SINAPI",IF(IFERROR(VLOOKUP(C65,SETOP!$A:$E,1,FALSE),"")=C65,"SETOP",IF(IFERROR(VLOOKUP(C65,SUDECAP!$A:$D,1,FALSE),"")=C65,"SUDECAP",IF(IFERROR(VLOOKUP(C65,SICRO!$A:$D,1,FALSE),"")=C65,"SICRO","COMPOSIÇÃO")))) -> SETOP | C65: RO-41779 | D65: =IFERROR(IFERROR(VLOOKUP(C65,SINAPI!$A:$D,2,FALSE),IFERROR(VLOOKUP(C65,SETOP!$A:$E,3,FALSE),IFERROR(VLOOKUP(C65,SETOP!$B:$E,2,FALSE),IFERROR(VLOOKUP(C65,SUDECAP!$A:$D,2,FALSE),IFERROR(VLOOKUP(C65,SICRO!$A:$D,2,FALSE),VLOOKUP(C65,CPUS!$B:$H,3,FALSE)))))),"") -> SETAS, SIMBOLOS E DIZERES DE RESINA ACRÍLICA 0,6MM DE ESPESSURA (EXECUÇÃO, INCLUINDO PRÉ-MARCAÇÃO, FORNECIMENTO E TRANSPORTE DE TODOS OS MATERIAIS) | E65: =IFERROR(IFERROR(VLOOKUP(C65,SINAPI!$A:$D,3,FALSE),IFERROR(VLOOKUP(C65,SETOP!$A:$E,4,FALSE),IFERROR(VLOOKUP(C65,SETOP!$B:$E,3,FALSE),IFERROR(VLOOKUP(C65,SUDECAP!$A:$D,3,FALSE),IFERROR(VLOOKUP(C65,SICRO!$A:$D,3,FALSE),VLOOKUP(C65,CPUS!$B:$H,4,FALSE)))))),"") -> M2 | F65: =11.88+116.82 -> 128.7 | G65: Quantitativo retirado do projeto de sinalização
A66: 8.2.5 | B66: =IF(IFERROR(VLOOKUP(C66,SINAPI!$A:$D,1,FALSE),"")=C66,"SINAPI",IF(IFERROR(VLOOKUP(C66,SETOP!$A:$E,1,FALSE),"")=C66,"SETOP",IF(IFERROR(VLOOKUP(C66,SUDECAP!$A:$D,1,FALSE),"")=C66,"SUDECAP",IF(IFERROR(VLOOKUP(C66,SICRO!$A:$D,1,FALSE),"")=C66,"SICRO","COMPOSIÇÃO")))) -> SETOP | C66: RO-41228 | D66: =IFERROR(IFERROR(VLOOKUP(C66,SINAPI!$A:$D,2,FALSE),IFERROR(VLOOKUP(C66,SETOP!$A:$E,3,FALSE),IFERROR(VLOOKUP(C66,SETOP!$B:$E,2,FALSE),IFERROR(VLOOKUP(C66,SUDECAP!$A:$D,2,FALSE),IFERROR(VLOOKUP(C66,SICRO!$A:$D,2,FALSE),VLOOKUP(C66,CPUS!$B:$H,3,FALSE)))))),"") -> TACHÃO REFLETIVO TIPO SHTRG, COM CATADIÓPTRICO NAS DUAS FACES (EXECUÇÃO, INCLUINDO FORNECIMENTO, COLOCAÇÃO E TRANSPORTE DE TODOS OS MATERIAIS) | E66: =IFERROR(IFERROR(VLOOKUP(C66,SINAPI!$A:$D,3,FALSE),IFERROR(VLOOKUP(C66,SETOP!$A:$E,4,FALSE),IFERROR(VLOOKUP(C66,SETOP!$B:$E,3,FALSE),IFERROR(VLOOKUP(C66,SUDECAP!$A:$D,3,FALSE),IFERROR(VLOOKUP(C66,SICRO!$A:$D,3,FALSE),VLOOKUP(C66,CPUS!$B:$H,4,FALSE)))))),"") -> U | F66: 127 | G66: Quantitativo retirado do projeto de sinalização
A67: 9 | D67: PAISAGISMO
A68: 9.1 | B68: =IF(IFERROR(VLOOKUP(C68,SINAPI!$A:$D,1,FALSE),"")=C68,"SINAPI",IF(IFERROR(VLOOKUP(C68,SETOP!$A:$E,1,FALSE),"")=C68,"SETOP",IF(IFERROR(VLOOKUP(C68,SUDECAP!$A:$D,1,FALSE),"")=C68,"SUDECAP",IF(IFERROR(VLOOKUP(C68,SICRO!$A:$D,1,FALSE),"")=C68,"SICRO","COMPOSIÇÃO")))) -> SINAPI | C68: 98505 | D68: =IFERROR(IFERROR(VLOOKUP(C68,SINAPI!$A:$D,2,FALSE),IFERROR(VLOOKUP(C68,SETOP!$A:$E,3,FALSE),IFERROR(VLOOKUP(C68,SETOP!$B:$E,2,FALSE),IFERROR(VLOOKUP(C68,SUDECAP!$A:$D,2,FALSE),IFERROR(VLOOKUP(C68,SICRO!$A:$D,2,FALSE),VLOOKUP(C68,CPUS!$B:$H,3,FALSE)))))),"") -> PLANTIO DE FORRAÇÃO. AF_05/2018 | E68: =IFERROR(IFERROR(VLOOKUP(C68,SINAPI!$A:$D,3,FALSE),IFERROR(VLOOKUP(C68,SETOP!$A:$E,4,FALSE),IFERROR(VLOOKUP(C68,SETOP!$B:$E,3,FALSE),IFERROR(VLOOKUP(C68,SUDECAP!$A:$D,3,FALSE),IFERROR(VLOOKUP(C68,SICRO!$A:$D,3,FALSE),VLOOKUP(C68,CPUS!$B:$H,4,FALSE)))))),"") -> M2 | F68: =270.62+208.97 -> 479.59 | G68: Quantitativo retirado do projeto de paisagismo
A69: 9.2 | B69: =IF(IFERROR(VLOOKUP(C69,SINAPI!$A:$D,1,FALSE),"")=C69,"SINAPI",IF(IFERROR(VLOOKUP(C69,SETOP!$A:$E,1,FALSE),"")=C69,"SETOP",IF(IFERROR(VLOOKUP(C69,SUDECAP!$A:$D,1,FALSE),"")=C69,"SUDECAP",IF(IFERROR(VLOOKUP(C69,SICRO!$A:$D,1,FALSE),"")=C69,"SICRO","COMPOSIÇÃO")))) -> SINAPI | C69: 98509 | D69: =IFERROR(IFERROR(VLOOKUP(C69,SINAPI!$A:$D,2,FALSE),IFERROR(VLOOKUP(C69,SETOP!$A:$E,3,FALSE),IFERROR(VLOOKUP(C69,SETOP!$B:$E,2,FALSE),IFERROR(VLOOKUP(C69,SUDECAP!$A:$D,2,FALSE),IFERROR(VLOOKUP(C69,SICRO!$A:$D,2,FALSE),VLOOKUP(C69,CPUS!$B:$H,3,FALSE)))))),"") -> PLANTIO DE ARBUSTO OU CERCA VIVA. AF_05/2018 | E69: =IFERROR(IFERROR(VLOOKUP(C69,SINAPI!$A:$D,3,FALSE),IFERROR(VLOOKUP(C69,SETOP!$A:$E,4,FALSE),IFERROR(VLOOKUP(C69,SETOP!$B:$E,3,FALSE),IFERROR(VLOOKUP(C69,SUDECAP!$A:$D,3,FALSE),IFERROR(VLOOKUP(C69,SICRO!$A:$D,3,FALSE),VLOOKUP(C69,CPUS!$B:$H,4,FALSE)))))),"") -> UN | F69: 3 | G69: Quantitativo retirado do projeto de paisagismo
A70: 9.3 | B70: =IF(IFERROR(VLOOKUP(C70,SINAPI!$A:$D,1,FALSE),"")=C70,"SINAPI",IF(IFERROR(VLOOKUP(C70,SETOP!$A:$E,1,FALSE),"")=C70,"SETOP",IF(IFERROR(VLOOKUP(C70,SUDECAP!$A:$D,1,FALSE),"")=C70,"SUDECAP",IF(IFERROR(VLOOKUP(C70,SICRO!$A:$D,1,FALSE),"")=C70,"SICRO","COMPOSIÇÃO")))) -> SINAPI | C70: 103946 | D70: =IFERROR(IFERROR(VLOOKUP(C70,SINAPI!$A:$D,2,FALSE),IFERROR(VLOOKUP(C70,SETOP!$A:$E,3,FALSE),IFERROR(VLOOKUP(C70,SETOP!$B:$E,2,FALSE),IFERROR(VLOOKUP(C70,SUDECAP!$A:$D,2,FALSE),IFERROR(VLOOKUP(C70,SICRO!$A:$D,2,FALSE),VLOOKUP(C70,CPUS!$B:$H,3,FALSE)))))),"") -> PLANTIO DE GRAMA ESMERALDA OU SÃO CARLOS OU CURITIBANA, EM PLACAS. AF_05/2022 | E70: =IFERROR(IFERROR(VLOOKUP(C70,SINAPI!$A:$D,3,FALSE),IFERROR(VLOOKUP(C70,SETOP!$A:$E,4,FALSE),IFERROR(VLOOKUP(C70,SETOP!$B:$E,3,FALSE),IFERROR(VLOOKUP(C70,SUDECAP!$A:$D,3,FALSE),IFERROR(VLOOKUP(C70,SICRO!$A:$D,3,FALSE),VLOOKUP(C70,CPUS!$B:$H,4,FALSE)))))),"") -> M2 | F70: 76.41 | G70: Quantitativo retirado do projeto de paisagismo | H70: =TRUNC(F70*G70,2) -> #VALUE! | I70: =TRUNC(G70*(1+$H$3),2) -> #VALUE! | J70: =TRUNC(I70*F70,2) -> #VALUE!
A71: 9.4 | B71: =IF(IFERROR(VLOOKUP(C71,SINAPI!$A:$D,1,FALSE),"")=C71,"SINAPI",IF(IFERROR(VLOOKUP(C71,SETOP!$A:$E,1,FALSE),"")=C71,"SETOP",IF(IFERROR(VLOOKUP(C71,SUDECAP!$A:$D,1,FALSE),"")=C71,"SUDECAP",IF(IFERROR(VLOOKUP(C71,SICRO!$A:$D,1,FALSE),"")=C71,"SICRO","COMPOSIÇÃO")))) -> SINAPI | C71: 98516 | D71: =IFERROR(IFERROR(VLOOKUP(C71,SINAPI!$A:$D,2,FALSE),IFERROR(VLOOKUP(C71,SETOP!$A:$E,3,FALSE),IFERROR(VLOOKUP(C71,SETOP!$B:$E,2,FALSE),IFERROR(VLOOKUP(C71,SUDECAP!$A:$D,2,FALSE),IFERROR(VLOOKUP(C71,SICRO!$A:$D,2,FALSE),VLOOKUP(C71,CPUS!$B:$H,3,FALSE)))))),"") -> PLANTIO DE PALMEIRA COM ALTURA DE MUDA MENOR OU IGUAL A 2,00 M. AF_05/2018 | E71: =IFERROR(IFERROR(VLOOKUP(C71,SINAPI!$A:$D,3,FALSE),IFERROR(VLOOKUP(C71,SETOP!$A:$E,4,FALSE),IFERROR(VLOOKUP(C71,SETOP!$B:$E,3,FALSE),IFERROR(VLOOKUP(C71,SUDECAP!$A:$D,3,FALSE),IFERROR(VLOOKUP(C71,SICRO!$A:$D,3,FALSE),VLOOKUP(C71,CPUS!$B:$H,4,FALSE)))))),"") -> UN | F71: 4 | G71: Quantitativo retirado do projeto de paisagismo
A72: 9.5 | B72: =IF(IFERROR(VLOOKUP(C72,SINAPI!$A:$D,1,FALSE),"")=C72,"SINAPI",IF(IFERROR(VLOOKUP(C72,SETOP!$A:$E,1,FALSE),"")=C72,"SETOP",IF(IFERROR(VLOOKUP(C72,SUDECAP!$A:$D,1,FALSE),"")=C72,"SUDECAP",IF(IFERROR(VLOOKUP(C72,SICRO!$A:$D,1,FALSE),"")=C72,"SICRO","COMPOSIÇÃO")))) -> SETOP | C72: ED-50432 | D72: =IFERROR(IFERROR(VLOOKUP(C72,SINAPI!$A:$D,2,FALSE),IFERROR(VLOOKUP(C72,SETOP!$A:$E,3,FALSE),IFERROR(VLOOKUP(C72,SETOP!$B:$E,2,FALSE),IFERROR(VLOOKUP(C72,SUDECAP!$A:$D,2,FALSE),IFERROR(VLOOKUP(C72,SICRO!$A:$D,2,FALSE),VLOOKUP(C72,CPUS!$B:$H,3,FALSE)))))),"") -> PLANTIO E PREPARO DE COVAS PARA ÁRVORES COM ALTURA MÉDIA DE 2,00M, DIMENSÕES (60X60X60)CM , EXCLUSIVE FORNECIMENTO DAS MUDAS | E72: =IFERROR(IFERROR(VLOOKUP(C72,SINAPI!$A:$D,3,FALSE),IFERROR(VLOOKUP(C72,SETOP!$A:$E,4,FALSE),IFERROR(VLOOKUP(C72,SETOP!$B:$E,3,FALSE),IFERROR(VLOOKUP(C72,SUDECAP!$A:$D,3,FALSE),IFERROR(VLOOKUP(C72,SICRO!$A:$D,3,FALSE),VLOOKUP(C72,CPUS!$B:$H,4,FALSE)))))),"") -> UN | F72: 4 | G72: Quantitativo referente às covas para plantio das palmeiras
A73: 9.6 | B73: =IF(IFERROR(VLOOKUP(C73,SINAPI!$A:$D,1,FALSE),"")=C73,"SINAPI",IF(IFERROR(VLOOKUP(C73,SETOP!$A:$E,1,FALSE),"")=C73,"SETOP",IF(IFERROR(VLOOKUP(C73,SUDECAP!$A:$D,1,FALSE),"")=C73,"SUDECAP",IF(IFERROR(VLOOKUP(C73,SICRO!$A:$D,1,FALSE),"")=C73,"SICRO","COMPOSIÇÃO")))) -> SETOP | C73: ED-31453 | D73: =IFERROR(IFERROR(VLOOKUP(C73,SINAPI!$A:$D,2,FALSE),IFERROR(VLOOKUP(C73,SETOP!$A:$E,3,FALSE),IFERROR(VLOOKUP(C73,SETOP!$B:$E,2,FALSE),IFERROR(VLOOKUP(C73,SUDECAP!$A:$D,2,FALSE),IFERROR(VLOOKUP(C73,SICRO!$A:$D,2,FALSE),VLOOKUP(C73,CPUS!$B:$H,3,FALSE)))))),"") -> TUTOR DE MADEIRA DE EUCALIPTO TRATADO PARA PLANTIO DE MUDAS | E73: =IFERROR(IFERROR(VLOOKUP(C73,SINAPI!$A:$D,3,FALSE),IFERROR(VLOOKUP(C73,SETOP!$A:$E,4,FALSE),IFERROR(VLOOKUP(C73,SETOP!$B:$E,3,FALSE),IFERROR(VLOOKUP(C73,SUDECAP!$A:$D,3,FALSE),IFERROR(VLOOKUP(C73,SICRO!$A:$D,3,FALSE),VLOOKUP(C73,CPUS!$B:$H,4,FALSE)))))),"") -> UN | F73: 4 | G73: Quantitativo referente às mudas de palmeira
A74: 9.7 | B74: =IF(IFERROR(VLOOKUP(C74,SINAPI!$A:$D,1,FALSE),"")=C74,"SINAPI",IF(IFERROR(VLOOKUP(C74,SETOP!$A:$E,1,FALSE),"")=C74,"SETOP",IF(IFERROR(VLOOKUP(C74,SUDECAP!$A:$D,1,FALSE),"")=C74,"SUDECAP",IF(IFERROR(VLOOKUP(C74,SICRO!$A:$D,1,FALSE),"")=C74,"SICRO","COMPOSIÇÃO")))) -> COMPOSIÇÃO | C74: CPU-1765 | D74: =IFERROR(IFERROR(VLOOKUP(C74,SINAPI!$A:$D,2,FALSE),IFERROR(VLOOKUP(C74,SETOP!$A:$E,3,FALSE),IFERROR(VLOOKUP(C74,SETOP!$B:$E,2,FALSE),IFERROR(VLOOKUP(C74,SUDECAP!$A:$D,2,FALSE),IFERROR(VLOOKUP(C74,SICRO!$A:$D,2,FALSE),VLOOKUP(C74,CPUS!$B:$H,3,FALSE)))))),"") -> FORNECIMENTO E IMPLANTAÇÃO DE TERRA VEGETAL PARA PAISAGISMO | E74: =IFERROR(IFERROR(VLOOKUP(C74,SINAPI!$A:$D,3,FALSE),IFERROR(VLOOKUP(C74,SETOP!$A:$E,4,FALSE),IFERROR(VLOOKUP(C74,SETOP!$B:$E,3,FALSE),IFERROR(VLOOKUP(C74,SUDECAP!$A:$D,3,FALSE),IFERROR(VLOOKUP(C74,SICRO!$A:$D,3,FALSE),VLOOKUP(C74,CPUS!$B:$H,4,FALSE)))))),"") -> M3 | F74: 0.58 | G74: Quantitativo de terra vegetal a ser implantado nas covas das palmeiras. Área de 60 x 60 cm. Altura de 40 cm
A75: 9.8 | B75: =IF(IFERROR(VLOOKUP(C75,SINAPI!$A:$D,1,FALSE),"")=C75,"SINAPI",IF(IFERROR(VLOOKUP(C75,SETOP!$A:$E,1,FALSE),"")=C75,"SETOP",IF(IFERROR(VLOOKUP(C75,SUDECAP!$A:$D,1,FALSE),"")=C75,"SUDECAP",IF(IFERROR(VLOOKUP(C75,SICRO!$A:$D,1,FALSE),"")=C75,"SICRO","COMPOSIÇÃO")))) -> SINAPI | C75: 98520 | D75: =IFERROR(IFERROR(VLOOKUP(C75,SINAPI!$A:$D,2,FALSE),IFERROR(VLOOKUP(C75,SETOP!$A:$E,3,FALSE),IFERROR(VLOOKUP(C75,SETOP!$B:$E,2,FALSE),IFERROR(VLOOKUP(C75,SUDECAP!$A:$D,2,FALSE),IFERROR(VLOOKUP(C75,SICRO!$A:$D,2,FALSE),VLOOKUP(C75,CPUS!$B:$H,3,FALSE)))))),"") -> APLICAÇÃO DE ADUBO EM SOLO. AF_05/2018 | E75: =IFERROR(IFERROR(VLOOKUP(C75,SINAPI!$A:$D,3,FALSE),IFERROR(VLOOKUP(C75,SETOP!$A:$E,4,FALSE),IFERROR(VLOOKUP(C75,SETOP!$B:$E,3,FALSE),IFERROR(VLOOKUP(C75,SUDECAP!$A:$D,3,FALSE),IFERROR(VLOOKUP(C75,SICRO!$A:$D,3,FALSE),VLOOKUP(C75,CPUS!$B:$H,4,FALSE)))))),"") -> M2 | F75: 567.73 | G75: Aplicação de adubo em todos os jardins. Áreas retiradas do projeto de paisagismo 524,16 m², 22,27 m², 17,03 m² e 4,27 m²
A76: 9.9 | B76: =IF(IFERROR(VLOOKUP(C76,SINAPI!$A:$D,1,FALSE),"")=C76,"SINAPI",IF(IFERROR(VLOOKUP(C76,SETOP!$A:$E,1,FALSE),"")=C76,"SETOP",IF(IFERROR(VLOOKUP(C76,SUDECAP!$A:$D,1,FALSE),"")=C76,"SUDECAP",IF(IFERROR(VLOOKUP(C76,SICRO!$A:$D,1,FALSE),"")=C76,"SICRO","COMPOSIÇÃO")))) -> COMPOSIÇÃO | C76: CPU-1770 | D76: =IFERROR(IFERROR(VLOOKUP(C76,SINAPI!$A:$D,2,FALSE),IFERROR(VLOOKUP(C76,SETOP!$A:$E,3,FALSE),IFERROR(VLOOKUP(C76,SETOP!$B:$E,2,FALSE),IFERROR(VLOOKUP(C76,SUDECAP!$A:$D,2,FALSE),IFERROR(VLOOKUP(C76,SICRO!$A:$D,2,FALSE),VLOOKUP(C76,CPUS!$B:$H,3,FALSE)))))),"") -> LASTRO DE AREIA COM PÓ DE PEDRA PARA PAISAGISMO | E76: =IFERROR(IFERROR(VLOOKUP(C76,SINAPI!$A:$D,3,FALSE),IFERROR(VLOOKUP(C76,SETOP!$A:$E,4,FALSE),IFERROR(VLOOKUP(C76,SETOP!$B:$E,3,FALSE),IFERROR(VLOOKUP(C76,SUDECAP!$A:$D,3,FALSE),IFERROR(VLOOKUP(C76,SICRO!$A:$D,3,FALSE),VLOOKUP(C76,CPUS!$B:$H,4,FALSE)))))),"") -> M3 | F76: 0.3 | G76: Quantitativo de terra vegetal a ser implantado nas covas das palmeiras. Área de 60 x 60 cm. Altura de 20 cm
A77: 9.10 | B77: =IF(IFERROR(VLOOKUP(C77,SINAPI!$A:$D,1,FALSE),"")=C77,"SINAPI",IF(IFERROR(VLOOKUP(C77,SETOP!$A:$E,1,FALSE),"")=C77,"SETOP",IF(IFERROR(VLOOKUP(C77,SUDECAP!$A:$D,1,FALSE),"")=C77,"SUDECAP",IF(IFERROR(VLOOKUP(C77,SICRO!$A:$D,1,FALSE),"")=C77,"SICRO","COMPOSIÇÃO")))) -> SETOP | C77: ED-49813 | D77: =IFERROR(IFERROR(VLOOKUP(C77,SINAPI!$A:$D,2,FALSE),IFERROR(VLOOKUP(C77,SETOP!$A:$E,3,FALSE),IFERROR(VLOOKUP(C77,SETOP!$B:$E,2,FALSE),IFERROR(VLOOKUP(C77,SUDECAP!$A:$D,2,FALSE),IFERROR(VLOOKUP(C77,SICRO!$A:$D,2,FALSE),VLOOKUP(C77,CPUS!$B:$H,3,FALSE)))))),"") -> LASTRO DE BRITA COM PEDRA BRITADA NÚMERO 2 E 3, INCLUSIVE ADENSAMENTO E APILOAMENTO MANUAL | E77: =IFERROR(IFERROR(VLOOKUP(C77,SINAPI!$A:$D,3,FALSE),IFERROR(VLOOKUP(C77,SETOP!$A:$E,4,FALSE),IFERROR(VLOOKUP(C77,SETOP!$B:$E,3,FALSE),IFERROR(VLOOKUP(C77,SUDECAP!$A:$D,3,FALSE),IFERROR(VLOOKUP(C77,SICRO!$A:$D,3,FALSE),VLOOKUP(C77,CPUS!$B:$H,4,FALSE)))))),"") -> M3 | F77: 0.5 | G77: Quantitativo de terra vegetal a ser implantado nas covas das palmeiras. Área de 60 x 60 cm. Altura de 35 cm
A78: 9.11 | B78: =IF(IFERROR(VLOOKUP(C78,SINAPI!$A:$D,1,FALSE),"")=C78,"SINAPI",IF(IFERROR(VLOOKUP(C78,SETOP!$A:$E,1,FALSE),"")=C78,"SETOP",IF(IFERROR(VLOOKUP(C78,SUDECAP!$A:$D,1,FALSE),"")=C78,"SUDECAP",IF(IFERROR(VLOOKUP(C78,SICRO!$A:$D,1,FALSE),"")=C78,"SICRO","COMPOSIÇÃO")))) -> SETOP | C78: ED-51135 | D78: =IFERROR(IFERROR(VLOOKUP(C78,SINAPI!$A:$D,2,FALSE),IFERROR(VLOOKUP(C78,SETOP!$A:$E,3,FALSE),IFERROR(VLOOKUP(C78,SETOP!$B:$E,2,FALSE),IFERROR(VLOOKUP(C78,SUDECAP!$A:$D,2,FALSE),IFERROR(VLOOKUP(C78,SICRO!$A:$D,2,FALSE),VLOOKUP(C78,CPUS!$B:$H,3,FALSE)))))),"") -> GUIA DE CORDÃO BOLEADO, EM CONCRETO COM FCK 20MPA, PRÉ-MOLDADA, 10X10CM (ALTURA X LARGURA), INCLUSIVE UMA (1) FIADA DE BLOCO DE CONCRETO, ESP. 9CM, ESCAVAÇÃO, APILOAMENTO E TRANSPORTE COM RETIRADA DO MATERIAL ESCAVADO (EM CAÇAMBA) | E78: =IFERROR(IFERROR(VLOOKUP(C78,SINAPI!$A:$D,3,FALSE),IFERROR(VLOOKUP(C78,SETOP!$A:$E,4,FALSE),IFERROR(VLOOKUP(C78,SETOP!$B:$E,3,FALSE),IFERROR(VLOOKUP(C78,SUDECAP!$A:$D,3,FALSE),IFERROR(VLOOKUP(C78,SICRO!$A:$D,3,FALSE),VLOOKUP(C78,CPUS!$B:$H,4,FALSE)))))),"") -> M | F78: 123.38 | G78: Separador físico de jardim. Quantitativo retirado do projeto de paisagismo
A79: 9.12 | B79: =IF(IFERROR(VLOOKUP(C79,SINAPI!$A:$D,1,FALSE),"")=C79,"SINAPI",IF(IFERROR(VLOOKUP(C79,SETOP!$A:$E,1,FALSE),"")=C79,"SETOP",IF(IFERROR(VLOOKUP(C79,SUDECAP!$A:$D,1,FALSE),"")=C79,"SUDECAP",IF(IFERROR(VLOOKUP(C79,SICRO!$A:$D,1,FALSE),"")=C79,"SICRO","COMPOSIÇÃO")))) -> COMPOSIÇÃO | C79: CPU-1771 | D79: =IFERROR(IFERROR(VLOOKUP(C79,SINAPI!$A:$D,2,FALSE),IFERROR(VLOOKUP(C79,SETOP!$A:$E,3,FALSE),IFERROR(VLOOKUP(C79,SETOP!$B:$E,2,FALSE),IFERROR(VLOOKUP(C79,SUDECAP!$A:$D,2,FALSE),IFERROR(VLOOKUP(C79,SICRO!$A:$D,2,FALSE),VLOOKUP(C79,CPUS!$B:$H,3,FALSE)))))),"") -> INSTALAÇÃO DE LETREIRO (REAPROVEITAMENTO DAS LETRAS) EM BASE DE CONCRETO | E79: =IFERROR(IFERROR(VLOOKUP(C79,SINAPI!$A:$D,3,FALSE),IFERROR(VLOOKUP(C79,SETOP!$A:$E,4,FALSE),IFERROR(VLOOKUP(C79,SETOP!$B:$E,3,FALSE),IFERROR(VLOOKUP(C79,SUDECAP!$A:$D,3,FALSE),IFERROR(VLOOKUP(C79,SICRO!$A:$D,3,FALSE),VLOOKUP(C79,CPUS!$B:$H,4,FALSE)))))),"") -> UND | F79: 1 | G79: Reinstalação do letreiro com o nome da cidade de Brumadinho. Esse serviço compreende concreto, aço e fôrma para construção de uma base | H79: =TRUNC(F79*G79,2) -> #VALUE! | I79: =TRUNC(G79*(1+$H$3),2) -> #VALUE! | J79: =TRUNC(I79*F79,2) -> #VALUE!
A80: =PLANILHA!A80 -> 10 | D80: =PLANILHA!D80 -> DRENAGEM
A81: =PLANILHA!A81 -> 10.1 | B81: =PLANILHA!B81 -> SINAPI | C81: =PLANILHA!C81 -> 92219 | D81: =PLANILHA!D81 -> TUBO DE CONCRETO PARA REDES COLETORAS DE ÁGUAS PLUVIAIS, DIÂMETRO DE 400 MM, JUNTA RÍGIDA, INSTALADO EM LOCAL COM ALTO NÍVEL DE INTERFERÊNCIAS - FORNECIMENTO E ASSENTAMENTO. AF_12/2015 | E81: =PLANILHA!E81 -> M | F81: =PLANILHA!F81 -> 101 | G81: Quantitativo disponível em lista de materiais presente na prancha 01/03 do projeto de drenagem.
A82: =PLANILHA!A82 -> 10.2 | B82: =PLANILHA!B82 -> SICRO | C82: =PLANILHA!C82 -> 2003873 | D82: =PLANILHA!D82 -> TUBO DE CONCRETO PA1 PRODUZIDO NA OBRA PARA DRENAGEM - D = 0,60 M - AREIA EXTRAÍDA E BRITA PRODUZIDA - FORNECIMENTO E INSTALAÇÃO | E82: =PLANILHA!E82 -> M | F82: =PLANILHA!F82 -> 131 | G82: Quantitativo disponível em lista de materiais presente na prancha 01/03 do projeto de drenagem.
A83: =PLANILHA!A83 -> 10.3 | B83: =PLANILHA!B83 -> SICRO | C83: =PLANILHA!C83 -> 2003680 | D83: =PLANILHA!D83 -> POÇO DE VISITA - PVI 02 - AREIA E BRITA COMERCIAIS | E83: =PLANILHA!E83 -> UN | F83: =PLANILHA!F83 -> 5 | G83: Quantitativo disponível em lista de materiais presente na prancha 01/03 do projeto de drenagem.
A84: =PLANILHA!A84 -> 10.4 | B84: =PLANILHA!B84 -> SINAPI | C84: =PLANILHA!C84 -> 102276 | D84: =PLANILHA!D84 -> ESCAVAÇÃO MECANIZADA DE VALA COM PROF. ATÉ 1,5 M (MÉDIA MONTANTE E JUSANTE/UMA COMPOSIÇÃO POR TRECHO), ESCAVADEIRA (0,8 M3), LARG. MENOR QUE 1,5 M, EM SOLO DE 1A CATEGORIA, EM LOCAIS COM ALTO NÍVEL DE INTERFERÊNCIA. AF_02/2021 | E84: =PLANILHA!E84 -> M3 | F84: =PLANILHA!F84 -> 286.63 | G84: Quantitativo disponível em lista de materiais presente na prancha 01/03 do projeto de drenagem. Total = 64,77 + 221,86 = 286,63 m3
A85: =PLANILHA!A85 -> 10.5 | B85: =PLANILHA!B85 -> SINAPI | C85: =PLANILHA!C85 -> 90084 | D85: =PLANILHA!D85 -> ESCAVAÇÃO MECANIZADA DE VALA COM PROF. MAIOR QUE 1,5 M ATÉ 3,0 M (MÉDIA MONTANTE E JUSANTE/UMA COMPOSIÇÃO POR TRECHO), ESCAVADEIRA (0,8 M3), LARGURA ATÉ 1,5 M, EM SOLO DE 1A CATEGORIA, EM LOCAIS COM ALTO NÍVEL DE INTERFERÊNCIA. AF_02/2021 | E85: =PLANILHA!E85 -> M3 | F85: =PLANILHA!F85 -> 26.04 | G85: Quantitativo disponível em lista de materiais presente na prancha 01/03 do projeto de drenagem.
A86: =PLANILHA!A86 -> 10.6 | B86: =PLANILHA!B86 -> SICRO | C86: =PLANILHA!C86 -> 2003850 | D86: =PLANILHA!D86 -> LASTRO DE BRITA COMERCIAL COMPACTADO COM SOQUETE VIBRATÓRIO - ESPALHAMENTO MANUAL | E86: =PLANILHA!E86 -> M³ | F86: =PLANILHA!F86 -> 28.61 | G86: Quantitativo disponível em lista de materiais presente na prancha 01/03 do projeto de drenagem. Total = 7,48 + 21,13 = 28,61 m3
A87: =PLANILHA!A87 -> 10.7 | B87: =PLANILHA!B87 -> SICRO | C87: =PLANILHA!C87 -> 4805755 | D87: =PLANILHA!D87 -> APILOAMENTO MANUAL | E87: =PLANILHA!E87 -> M³ | F87: =PLANILHA!F87 -> 205.9 | G87: Quantitativo disponível em lista de materiais presente na prancha 01/03 do projeto de drenagem. Total =53,94 + 151,96 = 205,90 m3
A88: =PLANILHA!A88 -> 10.8 | B88: =PLANILHA!B88 -> SINAPI | C88: =PLANILHA!C88 -> 93382 | D88: =PLANILHA!D88 -> REATERRO MANUAL DE VALAS, COM COMPACTADOR DE SOLOS DE PERCUSSÃO. AF_08/2023 | E88: =PLANILHA!E88 -> M3 | F88: =PLANILHA!F88 -> 114.62 | G88: Quantitativo disponível em lista de materiais presente na prancha 01/03 do projeto de drenagem. Total = 23,31 + 80,53 + 10,78 = 114,62 m3
A89: =PLANILHA!A89 -> 10.9 | B89: =PLANILHA!B89 -> SINAPI | C89: =PLANILHA!C89 -> 93378 | D89: =PLANILHA!D89 -> REATERRO MECANIZADO DE VALA COM RETROESCAVADEIRA (CAPACIDADE DA CAÇAMBA DA RETRO: 0,26 M³/POTÊNCIA: 88 HP), LARGURA ATÉ 0,8 M, PROFUNDIDADE ATÉ 1,5 M, COM SOLO (SEM SUBSTITUIÇÃO) DE 1ª CATEGORIA, COM COMPACTADOR DE SOLOS DE PERCUSSÃO. AF_08/2023 | E89: =PLANILHA!E89 -> M3 | F89: =PLANILHA!F89 -> 83.99 | G89: Quantitativo disponível em lista de materiais presente na prancha 01/03 do projeto de drenagem. Total = 23,21 + 60,78 = 83,99 m3
A90: =PLANILHA!A90 -> 10.10 | B90: =PLANILHA!B90 -> SINAPI | C90: =PLANILHA!C90 -> 101576 | D90: =PLANILHA!D90 -> ESCORAMENTO DE VALA, TIPO DESCONTÍNUO, COM PROFUNDIDADE DE 0 A 1,5 M, LARGURA MENOR QUE 1,5 M. AF_08/2020 | E90: =PLANILHA!E90 -> M2 | F90: =PLANILHA!F90 -> 454.32 | G90: Quantitativo disponível em lista de materiais presente na prancha 01/03 do projeto de drenagem.
A91: =PLANILHA!A91 -> 10.11 | B91: =PLANILHA!B91 -> SICRO | C91: =PLANILHA!C91 -> 2003714 | D91: =PLANILHA!D91 -> CHAMINÉ DOS POÇOS DE VISITA - CPV 01 - AREIA E BRITA COMERCIAIS | E91: =PLANILHA!E91 -> UN | F91: =PLANILHA!F91 -> 3 | G91: Quantitativo disponível em lista de materiais presente na prancha 01/03 do projeto de drenagem.
A92: =PLANILHA!A92 -> 10.12 | B92: =PLANILHA!B92 -> SICRO | C92: =PLANILHA!C92 -> 2003716 | D92: =PLANILHA!D92 -> CHAMINÉ DOS POÇOS DE VISITA - CPV 02 - AREIA E BRITA COMERCIAIS | E92: =PLANILHA!E92 -> UN | F92: =PLANILHA!F92 -> 2 | G92: Quantitativo disponível em lista de materiais presente na prancha 01/03 do projeto de drenagem.
... A96: =PLANILHA!A96 -> 10.16 | B96: =PLANILHA!B96 -> SICRO | C96: =PLANILHA!C96 -> 804377 | D96: =PLANILHA!D96 -> BOCA DE BSTC D = 0,60 M - ESCONSIDADE 0° - AREIA E BRITA COMERCIAIS - ALAS ESCONSAS | E96: =PLANILHA!E96 -> UN | F96: =PLANILHA!F96 -> 1 | G96: Quantitativo disponível em lista de materiais presente na prancha 01/03 do projeto de drenagem.
A97: =PLANILHA!A97 -> 11 | D97: =PLANILHA!D97 -> INSTALAÇÕES ELÉTRICAS
A98: =PLANILHA!A98 -> 11.1 | B98: =PLANILHA!B98 -> SINAPI | C98: =PLANILHA!C98 -> 91927 | D98: =PLANILHA!D98 -> CABO DE COBRE FLEXÍVEL ISOLADO, 2,5 MM², ANTI-CHAMA 0,6/1,0 KV, PARA CIRCUITOS TERMINAIS - FORNECIMENTO E INSTALAÇÃO. AF_03/2023 | E98: =PLANILHA!E98 -> M | F98: =PLANILHA!F98 -> 277.68 | G98: Quantitativo extraído da lista de materiais fornecida pelo projetista responsável pelo projeto de instalações elétricas.
A99: =PLANILHA!A99 -> 11.2 | B99: =PLANILHA!B99 -> SETOP | C99: =PLANILHA!C99 -> ED-49168 | D99: =PLANILHA!D99 -> CAIXA DE PASSAGEM EM ALVENARIA E TAMPA DE CONCRETO, FUNDO DE BRITA, TIPO 1, 30 X 30 X 40 CM, INCLUSIVE ESCAVAÇÃO, REATERRO E BOTA-FORA | E99: =PLANILHA!E99 -> UN | F99: =PLANILHA!F99 -> 8 | G99: Quantitativo extraído da lista de materiais fornecida pelo projetista responsável pelo projeto de instalações elétricas.
A100: =PLANILHA!A100 -> 11.3 | B100: =PLANILHA!B100 -> SETOP | C100: =PLANILHA!C100 -> ED-49205 | D100: =PLANILHA!D100 -> CAIXA PARA MEDIÇÃO, TIPO CM-14, COM VISOR DO LEITOR PARA VIA PÚBLICA (LVP), DIMENSÕES CONFORME PADRÃO CEMIG, EXCLUSIVE DISJUNTOR, INCLUSIVE INSTALAÇÃO | E100: =PLANILHA!E100 -> UN | F100: =PLANILHA!F100 -> 1 | G100: Quantitativo extraído da lista de materiais fornecida pelo projetista responsável pelo projeto de instalações elétricas.
A101: =PLANILHA!A101 -> 11.4 | B101: =PLANILHA!B101 -> SINAPI | C101: =PLANILHA!C101 -> 91941 | D101: =PLANILHA!D101 -> CAIXA RETANGULAR 4" X 2" BAIXA (0,30 M DO PISO), PVC, INSTALADA EM PAREDE - FORNECIMENTO E INSTALAÇÃO. AF_03/2023 | E101: =PLANILHA!E101 -> UN | F101: =PLANILHA!F101 -> 3 | G101: Quantitativo extraído da lista de materiais fornecida pelo projetista responsável pelo projeto de instalações elétricas.
A102: =PLANILHA!A102 -> 11.5 | B102: =PLANILHA!B102 -> SINAPI | C102: =PLANILHA!C102 -> 93660 | D102: =PLANILHA!D102 -> DISJUNTOR BIPOLAR TIPO DIN, CORRENTE NOMINAL DE 10A - FORNECIMENTO E INSTALAÇÃO. AF_10/2020 | E102: =PLANILHA!E102 -> UN | F102: =PLANILHA!F102 -> 1 | G102: Quantitativo extraído da lista de materiais fornecida pelo projetista responsável pelo projeto de instalações elétricas.
A103: =PLANILHA!A103 -> 11.6 | B103: =PLANILHA!B103 -> SINAPI | C103: =PLANILHA!C103 -> 93661 | D103: =PLANILHA!D103 -> DISJUNTOR BIPOLAR TIPO DIN, CORRENTE NOMINAL DE 16A - FORNECIMENTO E INSTALAÇÃO. AF_10/2020 | E103: =PLANILHA!E103 -> UN | F103: =PLANILHA!F103 -> 1 | G103: Quantitativo extraído da lista de materiais fornecida pelo projetista responsável pelo projeto de instalações elétricas.
...

Sheet CRONOGRAMA
A1: CRONOGRAMA FÍSICO-FINANCEIRO | K1: =PLANILHA!I1 -> DATA: 15/03/2024
A2: =PLANILHA!A2 -> CLIENTE: | B2: =PLANILHA!C2 -> PREFEITURA MUNICIPAL DE BRUMADINHO | I2: (X) ONERADO ( ) DESONERADO | K2: BASES ORÇAMENTÁRIAS:
A3: =PLANILHA!A3 -> OBRA: | B3: =PLANILHA!C3 -> TREVO DE ENTRADA DA CIDADE | I3: =PLANILHA!G3 -> BDI: | J3: =PLANILHA!H3 -> 0.2338 | K3: =PLANILHA!I3 -> AGOSTO/2023 - SETOP (CENTRAL); DEZEMBRO/2023 - SINAPI; OUTUBRO/2023 - SICRO.
A4: =PLANILHA!A4 -> ENDEREÇO: | B4: =PLANILHA!C4 -> RODOVIA MG-040 COM ESTRADA PARA ALBERTO FLORES - CEP: 35460-000 | I4: =PLANILHA!G4 -> PRAZO OBRA: | J4: =PLANILHA!H4 -> 7 MESES
A5: ITEM | B5: DESCRIÇÃO | C5: VALOR | E5: 1 MÊS | F5: 2 MÊS | G5: 3 MÊS | H5: 4 MÊS | I5: 5 MÊS | J5: 6 MÊS | K5: 7 MÊS | L5: TOTAL
A6: 1 | B6: =VLOOKUP(A6,PLANILHA!$A:$J,4,) -> ADMINISTRATIVO | C6: =VLOOKUP(A6,PLANILHA!$A:$J,10,) -> 257099.61 | D6: % | E6: 0.08 | F6: 0.05 | G6: 0.17 | H6: 0.18 | I6: 0.36 | J6: 0.12 | K6: 0.04 | L6: =SUM(E6:K6) -> 1
D8: R$ | E8: =IF(E6=0,"",$C$6*E6) -> 20567.969 | F8: =IF(F6=0,"",$C$6*F6) -> 12854.98 | G8: =IF(G6=0,"",$C$6*G6) -> 43706.934 | H8: =IF(H6=0,"",$C$6*H6) -> 46277.93 | I8: =IF(I6=0,"",$C$6*I6) -> 92555.86 | J8: =IF(J6=0,"",$C$6*J6) -> 30851.953 | K8: =IF(K6=0,"",$C$6*K6) -> 10283.984 | L8: =IF(L6=0,"",$C$6*L6) -> 257099.61
A9: 2 | B9: =VLOOKUP(A9,PLANILHA!$A:$J,4,) -> IMPLANTAÇÃO | C9: =VLOOKUP(A9,PLANILHA!$A:$J,10,) -> 36272.2 | D9: % | E9: 0.35 | F9: 0.1 | G9: 0.1 | H9: 0.1 | I9: 0.1 | J9: 0.1 | K9: 0.15 | L9: =SUM(E9:K9) -> 1
D11: R$ | E11: =IF(E9=0,"",$C$9*E9) -> 12695.27 | F11: =IF(F9=0,"",$C$9*F9) -> 3627.22 | G11: =IF(G9=0,"",$C$9*G9) -> 3627.22 | H11: =IF(H9=0,"",$C$9*H9) -> 3627.22 | I11: =IF(I9=0,"",$C$9*I9) -> 3627.22 | J11: =IF(J9=0,"",$C$9*J9) -> 3627.22 | K11: =IF(K9=0,"",$C$9*K9) -> 5440.83 | L11: =IF(L9=0,"",$C$9*L9) -> 36272.2
A12: 3 | B12: =VLOOKUP(A12,PLANILHA!$A:$J,4,) -> MOBILIZAÇÃO E DESMOBILIZAÇÃO | C12: =VLOOKUP(A12,PLANILHA!$A:$J,10,) -> 7810.34 | D12: % | E12: 0.5 | K12: 0.5 | L12: =SUM(E12:K12) -> 1
D14: R$ | E14: =IF(E12=0,"",$C$12*E12) -> 3905.17 | F14: =IF(F12=0,"",$C$12*F12) | G14: =IF(G12=0,"",$C$12*G12) | H14: =IF(H12=0,"",$C$12*H12) | I14: =IF(I12=0,"",$C$12*I12) | J14: =IF(J12=0,"",$C$12*J12) | K14: =IF(K12=0,"",$C$12*K12) -> 3905.17 | L14: =IF(L12=0,"",$C$12*L12) -> 7810.34
A15: 4 | B15: =VLOOKUP(A15,PLANILHA!$A:$J,4,) -> REMOÇÕES E DEMOLIÇÕES | C15: =VLOOKUP(A15,PLANILHA!$A:$J,10,) -> 307209.72 | D15: % | E15: 1 | L15: =SUM(E15:K15) -> 1
D17: R$ | E17: =IF(E15=0,"",$C$15*E15) -> 307209.72 | F17: =IF(F15=0,"",$C$15*F15) | G17: =IF(G15=0,"",$C$15*G15) | H17: =IF(H15=0,"",$C$15*H15) | I17: =IF(I15=0,"",$C$15*I15) | J17: =IF(J15=0,"",$C$15*J15) | K17: =IF(K15=0,"",$C$15*K15) | L17: =IF(L15=0,"",$C$15*L15) -> 307209.72
A18: 5 | B18: =VLOOKUP(A18,PLANILHA!$A:$J,4,) -> TERRAPLENAGEM | C18: =VLOOKUP(A18,PLANILHA!$A:$J,10,) -> 401684.78 | D18: % | F18: 0.5 | G18: 0.5 | L18: =SUM(E18:K18) -> 1
G19: =SUM(H9:H17)+SUM(H21:H79)+SUM(H81:H96)+SUM(H98:H112)+SUM(H114:H127) -> 3552884
D20: R$ | E20: =IF(E18=0,"",$C$18*E18) | F20: =IF(F18=0,"",$C$18*F18) -> 200842.39 | G20: =IF(G18=0,"",$C$18*G18) -> 200842.39 | H20: =IF(H18=0,"",$C$18*H18) | I20: =IF(I18=0,"",$C$18*I18) | J20: =IF(J18=0,"",$C$18*J18) | K20: =IF(K18=0,"",$C$18*K18) | L20: =IF(L18=0,"",$C$18*L18) -> 401684.78
A21: 6 | B21: =VLOOKUP(A21,PLANILHA!$A:$J,4,) -> PAVIMENTAÇÃO | C21: =VLOOKUP(A21,PLANILHA!$A:$J,10,) -> 2399605.6 | D21: % | G21: 0.2 | H21: 0.3 | I21: 0.5 | L21: =SUM(E21:K21) -> 1
D23: R$ | E23: =IF(E21=0,"",$C$21*E21) | F23: =IF(F21=0,"",$C$21*F21) | G23: =IF(G21=0,"",$C$21*G21) -> 479921.11 | H23: =IF(H21=0,"",$C$21*H21) -> 719881.67 | I23: =IF(I21=0,"",$C$21*I21) -> 1199802.8 | J23: =IF(J21=0,"",$C$21*J21) | K23: =IF(K21=0,"",$C$21*K21) | L23: =IF(L21=0,"",$C$21*L21) -> 2399605.6
A24: 7 | B24: =VLOOKUP(A24,PLANILHA!$A:$J,4,) -> SARJETA, MEIO FIO E PASSEIO | C24: =VLOOKUP(A24,PLANILHA!$A:$J,10,) -> 400179.26 | D24: % | I24: 0.5 | J24: 0.5 | L24: =SUM(E24:K24) -> 1
D26: R$ | E26: =IF(E24=0,"",$C$24*E24) | F26: =IF(F24=0,"",$C$24*F24) | G26: =IF(G24=0,"",$C$24*G24) | H26: =IF(H24=0,"",$C$24*H24) | I26: =IF(I24=0,"",$C$24*I24) -> 200089.63 | J26: =IF(J24=0,"",$C$24*J24) -> 200089.63 | K26: =IF(K24=0,"",$C$24*K24) | L26: =IF(L24=0,"",$C$24*L24) -> 400179.26
A27: 8 | B27: =VLOOKUP(A27,PLANILHA!$A:$J,4,) -> SINALIZAÇÃO | C27: =VLOOKUP(A27,PLANILHA!$A:$J,10,) -> 31963.47 | D27: % | J27: 1 | L27: =SUM(E27:K27) -> 1
D29: R$ | E29: =IF(E27=0,"",$C$27*E27) | F29: =IF(F27=0,"",$C$27*F27) | G29: =IF(G27=0,"",$C$27*G27) | H29: =IF(H27=0,"",$C$27*H27) | I29: =IF(I27=0,"",$C$27*I27) | J29: =IF(J27=0,"",$C$27*J27) -> 31963.47 | K29: =IF(K27=0,"",$C$27*K27) | L29: =IF(L27=0,"",$C$27*L27) -> 31963.47
A30: 9 | B30: =VLOOKUP(A30,PLANILHA!$A:$J,4,) -> PAISAGISMO | C30: =VLOOKUP(A30,PLANILHA!$A:$J,10,) -> 74166.26 | D30: % | J30: 0.5 | K30: 0.5 | L30: =SUM(E30:K30) -> 1
D32: R$ | E32: =IF(E30=0,"",$C$30*E30) | F32: =IF(F30=0,"",$C$30*F30) | G32: =IF(G30=0,"",$C$30*G30) | H32: =IF(H30=0,"",$C$30*H30) | I32: =IF(I30=0,"",$C$30*I30) | J32: =IF(J30=0,"",$C$30*J30) -> 37083.13 | K32: =IF(K30=0,"",$C$30*K30) -> 37083.13 | L32: =IF(L30=0,"",$C$30*L30) -> 74166.26
A33: 10 | B33: =VLOOKUP(A33,PLANILHA!$A:$J,4,) -> DRENAGEM | C33: =VLOOKUP(A33,PLANILHA!$A:$J,10,) -> 174453.63 | D33: % | J33: 0.75 | K33: 0.25 | L33: =SUM(E33:K33) -> 1
D35: R$ | E35: =IF(E33=0,"",$C$33*E33) | F35: =IF(F33=0,"",$C$33*F33) | G35: =IF(G33=0,"",$C$33*G33) | H35: =IF(H33=0,"",$C$33*H33) | I35: =IF(I33=0,"",$C$33*I33) | J35: =IF(J33=0,"",$C$33*J33) -> 130840.22 | K35: =IF(K33=0,"",$C$33*K33) -> 43613.408 | L35: =IF(L33=0,"",$C$30*L33) -> 74166.26
A36: 11 | B36: =VLOOKUP(A36,PLANILHA!$A:$J,4,) -> INSTALAÇÕES ELÉTRICAS | C36: =VLOOKUP(A36,PLANILHA!$A:$J,10,) -> 11645.9 | D36: % | J36: 1 | L36: =SUM(E36:K36) -> 1
D38: R$ | E38: =IF(E36=0,"",$C$36*E36) | F38: =IF(F36=0,"",$C$36*F36) | G38: =IF(G36=0,"",$C$36*G36) | H38: =IF(H36=0,"",$C$36*H36) | I38: =IF(I36=0,"",$C$36*I36) | J38: =IF(J36=0,"",$C$36*J36) -> 11645.9 | K38: =IF(K36=0,"",$C$36*K36) | L38: =IF(L36=0,"",$C$30*L36) -> 74166.26
A39: 12 | B39: =VLOOKUP(A39,PLANILHA!$A:$J,4,) -> PISO DA PRAÇA, BANCOS E BASE PARA MONUMENTO | C39: =VLOOKUP(A39,PLANILHA!$A:$J,10,) -> 66019.38 | D39: % | K39: 1 | L39: =SUM(E39:K39) -> 1
D41: R$ | E41: =IF(E39=0,"",$C$39*E39) | F41: =IF(F39=0,"",$C$39*F39) | G41: =IF(G39=0,"",$C$39*G39) | H41: =IF(H39=0,"",$C$39*H39) | I41: =IF(I39=0,"",$C$39*I39) | J41: =IF(J39=0,"",$C$39*J39) | K41: =IF(K39=0,"",$C$39*K39) -> 66019.38 | L41: =IF(L39=0,"",$C$30*L39) -> 74166.26
B42: TOTAL GERAL DA PLANILHA | C42: =SUM(C6:C41) -> 4168110.1
B43: TOTAL MENSAL | D43: R$ | E43: =SUMIF($D$6:$D$41,$D$8,E6:E41) -> 344378.13 | F43: =SUMIF($D$6:$D$41,$D$8,F6:F41) -> 217324.59 | G43: =SUMIF($D$6:$D$41,$D$8,G6:G41) -> 728097.66 | H43: =SUMIF($D$6:$D$41,$D$8,H6:H41) -> 769786.82 | I43: =SUMIF($D$6:$D$41,$D$8,I6:I41) -> 1496075.5 | J43: =SUMIF($D$6:$D$41,$D$8,J6:J41) -> 446101.53 | K43: =SUMIF($D$6:$D$41,$D$8,K6:K41) -> 166345.9 | L43: =SUM(E43:K43) -> 4168110.1
B44: PERCENTUAL MENSAL | D44: % | E44: =E43/$C$42 -> 0.082622128 | F44: =F43/$C$42 -> 0.052139839 | G44: =G43/$C$42 -> 0.17468292 | H44: =H43/$C$42 -> 0.18468486 | I44: =I43/$C$42 -> 0.35893377 | J44: =J43/$C$42 -> 0.10702729 | K44: =K43/$C$42 -> 0.039909191 | L44: =L43/$C$42 -> 1
B45: TOTAL ACUMULADO | D45: R$ | E45: =E43 -> 344378.13 | F45: =E45+F43 -> 561702.72 | G45: =F45+G43 -> 1289800.4 | H45: =G45+H43 -> 2059587.2 | I45: =H45+I43 -> 3555662.7 | J45: =I45+J43 -> 4001764.2 | K45: =J45+K43 -> 4168110.1
B46: PERCENTUAL ACUMULADO | D46: % | E46: =E45/$C$42 -> 0.082622128 | F46: =F45/$C$42 -> 0.13476197 | G46: =G45/$C$42 -> 0.30944489 | H46: =H45/$C$42 -> 0.49412975 | I46: =I45/$C$42 -> 0.85306352 | J46: =J45/$C$42 -> 0.96009081 | K46: =K45/$C$42 -> 1
A47: =PLANILHA!A130 -> José Henrique R. Baesse Engenheiro Civil CREA/MG: 053341/D | G47: =PLANILHA!E130 -> Bruna Andrade Coutinho Lima Engenheira Civil CREA/MG: 211373/D
A48: =PLANILHA!A131 -> R.T. DO ORÇAMENTO | G48: =PLANILHA!E131 -> AUTORIA DO ORÇAMENTO

Sheet BDI
A1: COMPOSIÇÃO DE BDI
A2: ACÓRDÃO 2622/2013 - TCU
A3: CÁLCULO DO BDI
A4: Cliente
A5: =PLANILHA!C2 -> PREFEITURA MUNICIPAL DE BRUMADINHO
A6: Obra
A7: =PLANILHA!C3 -> TREVO DE ENTRADA DA CIDADE
A8: Endereço
A9: =PLANILHA!C4 -> RODOVIA MG-040 COM ESTRADA PARA ALBERTO FLORES - CEP: 35460-000
A10: Município | I10: UF
A11: BRUMADINHO | I11: MG
A12: Parâmetros para cálculo do BDI
A13: Itens Admissíveis | B13: Intervalos admissíveis sem justificativa | H13: Índices adotados
A14: Administração Central (AC) | B14: De | C14: 0.038 | E14: até | F14: 0.0467 | H14: Administração Central (AC) | I14: 0.038
A15: Seguro e Garantia (S+G) | B15: De | C15: 0.0032 | E15: até | F15: 0.0074 | H15: Seguro e Garantia (S+G) | I15: 0.0032
A16: Risco (R) | B16: De | C16: 0.005 | E16: até | F16: 0.0097 | H16: Risco (R) | I16: 0.005
A17: Despesas financeiras (DF) | B17: De | C17: 0.0102 | E17: até | F17: 0.0121 | H17: Despesas financeiras (DF) | I17: 0.0102
A18: Lucro (L) | B18: De | C18: 0.0664 | E18: até | F18: 0.0869 | H18: Lucro (L) | I18: 0.0664
A19: Tributos (T) | B19: De | C19: =SUM(C20:D22) -> 0.0365 | E19: até | F19: =SUM(F20:G22) -> 0.0865 | H19: Tributos (T) | I19: =SUM(I20:I22) -> 0.0865
A20: Tributo - ISS | B20: De | C20: 0 | E20: até | F20: 0.05 | H20: Tributo - ISS | I20: 0.05
A21: Tributo - PIS | B21: De | C21: 0.0065 | E21: até | F21: 0.0065 | H21: Tributo - PIS | I21: 0.0065
A22: Tributo - COFINS | B22: De | C22: 0.03 | E22: até | F22: 0.03 | H22: Tributo - COFINS | I22: 0.03
A23: CPRB | B23: De | C23: 0 | E23: até | F23: 0.045 | H23: CPRB | I23: 0
A24: Controle
A25: Administração Central (AC) | B25: =IF(I14>F14,"Incidência maior que a permitida",IF(I14<C14,"Incidência menor que a permitida","ok")) -> ok
A26: Seguro e Garantia (S+G) | B26: =IF(I15>F15,"Incidência maior que a permitida",IF(I15<C15,"Incidência menor que a permitida","ok")) -> ok
A27: Risco (R) | B27: =IF(I16>F16,"Incidência maior que a permitida",IF(I16<C16,"Incidência menor que a permitida","ok")) -> ok
A28: Despesas financeiras (DF) | B28: =IF(I17>F17,"Incidência maior que a permitida",IF(I17<C17,"Incidência menor que a permitida","ok")) -> ok
A29: Lucro (L) | B29: =IF(I18>F18,"Incidência maior que a permitida",IF(I18<C18,"Incidência menor que a permitida","ok")) -> ok
A30: Tributos (T) | B30: =IF(I19>F19,"Incidência maior que a permitida",IF(I19<C19,"Incidência menor que a permitida","ok")) -> ok
A31: CPRB | B31: =IF(I23>F23,"Incidência maior que a permitida",IF(I23<C23,"Incidência menor que a permitida","ok")) -> ok
A32: BDI CALCULADO ----> | B32: BDI = (1+AC+S+R+G)*(1+DF)*(1+L)/(1-(T+E)) | I32: =ROUND(((1+I14+I15+I16)*(1+I17)*(1+I18)/(1-(I19+I23))-1),4) -> 0.2338
A33: =PLANILHA!A130 -> José Henrique R. Baesse Engenheiro Civil CREA/MG: 053341/D | F33: =PLANILHA!E130 -> Bruna Andrade Coutinho Lima Engenheira Civil CREA/MG: 211373/D
A34: =PLANILHA!A131 -> R.T. DO ORÇAMENTO | F34: =PLANILHA!E131 -> AUTORIA DO ORÇAMENTO

Sheet CRONOGRAMA (2)
A1: CRONOGRAMA FÍSICO-FINANCEIRO
A2: PRAZO DA OBRA: | D2: =PLANILHA!H4 -> 7 MESES
A3: CLIENTE: | B3: =PLANILHA!C2 -> PREFEITURA MUNICIPAL DE BRUMADINHO
